Workbook
Name _1: '0100'!$A$11
Name _1: '0571'!$A$11
Name _1: '1461'!$A$11
Name _1: '1571'!$A$11
Name _1: '2521'!$A$11
Name _1: '2531'!$A$11
Name _1: '2791'!$A$11
Name _1: '2801'!$A$11
Name _1: '2911'!$A$11
Name _1: '2941'!$A$11
Name _1: '3083'!$A$11
Name _1: '3345'!$A$11
Name _1: '3362'!$A$11
Name _1: '3381'!$A$11
Name _1: '3382'!$A$11
Name _1: '3391'!$A$11
Name _1: '3394'!$A$11
Name _1: '3395'!$A$11
Name _1: '3396'!$A$11
Name _1: '3398'!$A$11
Name _1: '3400'!$A$11
Name _1: '3401'!$A$11
Name _1: '3413'!$A$11
Name _1: '3421'!$A$11
Name _1: '3431'!$A$11
Name _1: '3441'!$A$11
Name _1: '3924'!$A$11
Name _1: '3941'!$A$11
Name _1: '3961'!$A$11
Name _1: '3971'!$A$11
Name _1: '4001'!$A$11
Name _1: '4002'!$A$11
Name _1: '4012'!$A$11
Name _1: '4013'!$A$11
Name _1: '4020'!$A$11
Name _1: '4030'!$A$11
Name _1: '4031'!$A$11
Name _1: '4041'!$A$11
Name _1: '4050'!$A$11
Name _1: '4051'!$A$11
Name _1: '4061'!$A$11
Name _1: '4080'!$A$11
Name _1: '4081'!$A$11
Name _1: '4090'!$A$11
Name _1: '4091'!$A$11
Name _1: '4100'!$A$11
Name _1: '4102'!$A$11
Name _1: '4103'!$A$11
Name _1: '4111'!$A$11
Name _1: '4131'!$A$11
Name _1: '4141'!$A$11
Name _1: '0040'!$A$11
Name _1.__2009_10_FEFP_State_and_Local_Funding: '0100'!$A$5
Name _1.__2009_10_FEFP_State_and_Local_Funding: '0571'!$A$5
Name _1.__2009_10_FEFP_State_and_Local_Funding: '1461'!$A$5
Name _1.__2009_10_FEFP_State_and_Local_Funding: '1571'!$A$5
Name _1.__2009_10_FEFP_State_and_Local_Funding: '2521'!$A$5
Name _1.__2009_10_FEFP_State_and_Local_Funding: '2531'!$A$5
Name _1.__2009_10_FEFP_State_and_Local_Funding: '2791'!$A$5
Name _1.__2009_10_FEFP_State_and_Local_Funding: '2801'!$A$5

Sheet Surveys
C3: Survey 2 | G3: Survey 3 | K3: Final
C4: FLDOE Report | D4: ESE Guar | E4: Transp | G4: FLDOE Report | H4: ESE Guar | I4: Transp | K4: Final Calculation
A7: FY 2016
A8: Release date | C8: 42342 | G8: 42459 | K8: 42629
A9: 1st month used | C9: 42339 | G9: 42491 | K9: 42675
A12: FY 2017
A13: Release date | C13: 42702 | G13: 42817 | K13: 42997
A14: 1st month used | C14: 42705 | G14: 42826 | K14: 43040
A17: FY 2018
A18: Release date | C18: 43046 | G18: 43218 | K18: 43343
A19: Received | K19: 43647
A20: 1st month used | C20: 43070 | G20: 43221 | K20: 43708
C21: Preliminary
A23: Release date | C23: 43102 | G23: --- | K23: ---
A24: 1st month used | C24: 43132 | G24: --- | K24: ---
C25: Final | G25: --- | K25: ---
A28: FY 2019
A29: Release date | C29: 43468 | D29: --- | G29: 43538 | H29: --- | K29: 43713
A30: Received | C30: 43476 | G30: 43595 | H30: 43726 | I30: 43648 | K30: 43773
A31: 1st month used | C31: 43497 | D31: 43525 | G31: 43617 | H31: 43770 | I31: 43656 | K31: 43770
H32: SR-0067373 | I32: SR-0067374
A34: FY 2020
A35: Release/Requested date | C35: 43775
A36: Received | C36: 43788
A37: 1st month used | C37: 43830
C38: Preliminary
A40: Release/Requested date | C40: 43833 | D40: 43853 | E40: 43853 | G40: 43895 | H40: 43906 | I40: 43906 | K40: 44028
A41: Received | C41: 43859 | D41: 43858 | E41: 43858 | G41: 43906 | H41: 43950 | I41: 43950 | K41: 44075
A42: 1st month used | C42: 43889 | D42: 43889 | E42: 43889 | G42: 43951 | H42: 43982 | I42: 43982 | K42: 44166
A43: Service Request # | C43: Final | D43: SR-0085635 | E43: SR0085639 | H43: SR-0089096 | I43: SR-0089100
A46: FY 2021
A48: Release/Requested date | C48: 44147 | D48: 44314 | E48: 44314 | G48: 44307 | H48: 44314 | I48: 44314 | K48: 44875
A49: Received | C49: 44151 | D49: 44316 | E49: 44316 | G49: 44314 | H49: 44319 | I49: 44319 | K49: 44565
A50: 1st month used | C50: 44317 | D50: 44347 | E50: 44347 | G50: 44347 | H50: 44347 | I50: 44347 | K50: 44613
A51: Service Request # | D51: SR-0125077 | E51: SR-0125081 | H51: SR-0125054 | I51: SR-0125055
A54: FY 2022
A56: Release/Requested date | C56: 44518 | D56: 01/07/2022, 08:49:15 | E56: 01/07/2022, 09:18:46 | G56: 44630 | H56: 05/03/2022, 12:14:36 | I56: 05/03/2022, 12:16:24 | K56: 44834
A57: Received | C57: 44565 | D57: 44580 | E57: 44580 | G57: 44684 | H57: 44691 | I57: 44691 | K57: 44893
A58: 1st month used | C58: 44562 | D58: 44620 | E58: 44620 | G58: 44712 | H58: 44742 | I58: 44742 | K58: 44926
A59: Service Request # | C59: --- | D59: SR-0156328 | E59: SR-0125081 | G59: --- | H59: SR-0171396 | I59: SR-0171397 | K59: ---
C60: Preliminary
A62: Release date | C62: 44574
A63: Received | C63: 44579
A64: 1st month used | C64: 44620
C65: Final
A67: FY 2023
A69: Release/Requested date | C69: 44874 | D69: 12/20/22, 09:31:04 | E69: 12/20/22, 09:37:14 | G69: 45008 | H69: 04/06/23, 07:25:38 | I69: 04/06/23, 07:27:58 | K69: 45199
A70: Received | C70: 44896 | D70: 44938 | E70: 44938 | G70: 45020 | H70: 45027 | I70: 45027 | K70: 45258
A71: 1st month used | C71: 44957 | D71: 44980 | E71: 44980 | G71: 45039 | H71: 45077 | I71: 45077 | K71: 45261
A72: Service Request # | C72: --- | D72: SR-0199712 | E72: SR-0199714 | G72: --- | H72: SR-0210986 | I72: SR-0210987
A75: FY 2024
A77: Release/Requested date | C77: 45239 | D77: 45295 | E77: 45295 | G77: Monday, 03/11/24 | H77: 45384 | I77: 45384 | K77: 45586
A78: Received | C78: 45261 | D78: 45302 | E78: 45302 | G78: Tue, 04/02/24 | H78: 45435 | I78: 45435 | K78: 45589
A79: 1st month used | C79: 45292 | D79: Feb 2026 | E79: Feb 2026 | G79: Apr 2024 | H79: June 2024 | I79: June 2024 | K79: 45597
A80: Service Request # | C80: --- | D80: SR-0243113 | E80: SR-0243112 | G80: --- | H80: SR-0251464 | I80: SR-0251467
A83: FY 2025
A85: Release/Requested date | C85: 45602 | D85: Friday, 01/04/25 | E85: Friday, 01/04/25 | G85: Not Received | H85: Not Received | I85: Thursday, 07/31/25 | K85: Tues, 09/30/2025
A86: Received | C86: 45614 | D86: 45674 | E86: 45674 | I86: 45866 | K86: 45932
A87: 1st month used | C87: December | D87: February | E87: February | I87: 45870 | K87: 46001
A88: Service Request # | C88: --- | D88: SR-0283904 | E88: SR-0284903 | I88: NA | K88: NA
A91: FY 2026
A93: Release/Requested date | C93: 46019 | D93: 46019 | E93: 46019 | G93: 46141 | H93: Not Received
A94: Received | C94: 46019 | D94: 46019 | E94: 46019 | G94: 46142 | I94: 46184
A95: 1st month used | C95: 46063 | D95: 46063 | E95: 46063 | G95: 46152 | I95: 46213
A96: Service Request #
A99: FY 2027
A101: Release/Requested date | C101: 2nd Calc | D101: Not Received | H101: Not Received
A102: Received | C102: 46223 | E102: 46184
A103: 1st month used | C103: 46244 | E103: 46213
A104: Service Request # | D104: SR-0037923
D105: Ticket closed but no report sent.

Sheet Net Payment
B1: =TEXT(I1,"mmm")&" 2026 - FY 2027 Charter School FTE Payment" -> Sep 2026 - FY 2027 Charter School FTE Payment | I1: =Consolidated!H4 -> 46266
B2: =Consolidated!A3 -> Based on the 2026-27 Second Calculation Worksheet
B4: School # | C4: School Name | D4: Description | E4: FTE | F4: Adjustments | G4: Net | I4: NOTES TO ALL CHARTER SCHOOLS | K4: AP Template
A5: 1 | B5: 0040 | C5: Palm Beach Preparatory Middle School | D5: FTE Sep 2026 | E5: ='0040'!$J$124 -> 0 | G5: =SUBTOTAL(109,E5:F7) -> 0 | K5: =IF(E5>0,E5,F5) -> 0
D6: PY Final FEFP | K6: =IF(G6>0,G6,F6) -> 0
I7: Please go to the bottom of the page. | K7: =IF(G7>0,G7,F7) -> 0
A8: 2 | B8: 0571 | C8: Palmetto Park | D8: =D5 -> FTE Sep 2026 | E8: ='0571'!$J$124 -> 83079.76 | G8: =SUBTOTAL(109,E8:F8) -> 83079.76 | K8: =IF(E8>0,E8,F8) -> 83079.76
K9: =IF(E9>0,E9,F9) -> 0
A10: 3 | B10: 0100 | C10: The Learning Center High School | D10: =D5 -> FTE Sep 2026 | E10: ='0100'!$J$124 -> 73194.29 | G10: =SUBTOTAL(109,E10:F12) -> 73194.29 | K10: =IF(E10>0,E10,F10) -> 73194.29
D11: PY Final FEFP | K11: =IF(E11>0,E11,F11) -> 0
K12: =IF(E12>0,E12,F12) -> 0
K13: =IF(E13>0,E13,F13) -> 0
A14: 4 | B14: 1461 | C14: Inlet Grove Community High School | D14: =D5 -> FTE Sep 2026 | E14: ='1461'!$J$124 -> 629061.48 | G14: =SUBTOTAL(109,E14:F28) -> 555732.08 | J14: 1461 | K14: =IF(E14>0,E14,F14) -> 629061.48
D15: PY Final FEFP | I15: Please go to the bottom of the page. | K15: =IF(E15>0,E15,F15) -> 0
D16: Sep Teacher Supplies Retract | K16: =IF(E16>0,E16,F16) -> 0
D17: PY Digital C/R | K17: =IF(E17>0,E17,F17) -> 0
D18: PY Dig C/R A/R | K18: =IF(E18>0,E18,F18) -> 0
D19: PY Class Size Cat. | K19: =IF(E19>0,E19,F19) -> 0
D20: Class Size Cat. | K20: =IF(E20>0,E20,F20) -> 0
D21: Transportation | F21: =-J28 -> -57792.7 | J21: Trans Contract | K21: =IF(E21>0,E21,F21) -> -57792.7
D22: School Police | F22: -14300 | J22: $1445/FTE | K22: =IF(E22>0,E22,F22) -> -14300
D23: AT&T | F23: -264.72 | J23: 1445 | K23: =IF(E23>0,E23,F23) -> -264.72
D24: Avaya Maintenance | F24: -94.48 | J24: 507.5 | K24: =IF(E24>0,E24,F24) -> -94.48
D25: LAN & Internet | F25: -90 | J25: =J23*J24 -> 733337.5 | K25: =IF(E25>0,E25,F25) -> -90
D26: WPB-320387 | F26: -412.5 | I26: Jul deduction | J26: -97617.78 | K26: =IF(E26>0,E26,F26) -> -412.5
D27: WPB-320388 | F27: -75 | J27: =+J25+J26 -> 635719.72 | K27: =IF(E27>0,E27,F27) -> -75
D28: WPB-320389 | F28: -300 | J28: =ROUND(J27/11,2) -> 57792.7 | K28: =IF(E28>0,E28,F28) -> -300
A29: =1+A14 -> 5 | B29: 1571 | C29: South Tech Charter Academy | D29: =$D$14 -> FTE Sep 2026 | E29: ='1571'!$J$124 -> 864367.77 | G29: =SUBTOTAL(109,E29:F46) -> 849601.21 | I29: Aug-Jun (11 mos) | J29: =ROUND(J27/11,2) -> 57792.7 | K29: =IF(E29>0,E29,F29) -> 864367.77
D30: PY Final FEFP | K30: =IF(E30>0,E30,F30) -> 0
D31: Sep Teacher Supplies Retract | K31: =IF(E31>0,E31,F31) -> 0
D32: FY21 CSTAG Training | K32: =IF(E32>0,E32,F32) -> 0
D33: PY Digital C/R | K33: =IF(E33>0,E33,F33) -> 0 | L33: 44630
D34: PY Dig C/R A/R | K34: =IF(E34>0,E34,F34) -> 0 | L34: =L33-60 -> 44570
D35: PY Class Size Cat. | K35: =IF(E35>0,E35,F35) -> 0
D36: Class Size Cat. | K36: =IF(E36>0,E36,F36) -> 0
D37: School Police | F37: =F22 -> -14300 | K37: =IF(E37>0,E37,F37) -> -14300
D38: AT&T | F38: -282.08 | K38: =IF(E38>0,E38,F38) -> -282.08
D39: Avaya Maintenance | F39: -94.48 | K39: =IF(E39>0,E39,F39) -> -94.48
D40: LAN & Internet | F40: -90 | K40: =IF(E40>0,E40,F40) -> -90
D41: FEFP Adj | F41: 0 | K41: =IF(E41>0,E41,F41) -> 0
D42: WPB-322377 | F42: 0 | K42: =IF(E42>0,E42,F42) -> 0
D43: WPB-322378 | F43: 0 | K43: =IF(E43>0,E43,F43) -> 0
D44: WPB- | K44: =IF(E44>0,E44,F44) -> 0
D45: WPB- | K45: =IF(E45>0,E45,F45) -> 0
D46: WPB- | K46: =IF(E46>0,E46,F46) -> 0
A47: =1+A29 -> 6 | B47: 2521 | C47: Ed Venture | D47: =$D$14 -> FTE Sep 2026 | E47: ='2521'!$J$124 -> 110758.87 | G47: =SUBTOTAL(109,E47:F53) -> 110758.87 | K47: =IF(E47>0,E47,F47) -> 110758.87
D48: PY Final FEFP | K48: =IF(E48>0,E48,F48) -> 0
D49: PY Digital C/R | K49: =IF(E49>0,E49,F49) -> 0
D50: PY Dig C/R A/R | K50: =IF(E50>0,E50,F50) -> 0
D51: PY Class Size Cat. | K51: =IF(E51>0,E51,F51) -> 0
D52: Class Size Cat. | K52: =IF(E52>0,E52,F52) -> 0
D53: WPB- | K53: =IF(E53>0,E53,F53) -> 0
A54: =1+A47 -> 7 | B54: 2531 | C54: Bodwell Academy | D54: =$D$14 -> FTE Sep 2026 | E54: ='2531'!$J$124 -> 120376.14 | G54: =SUBTOTAL(109,E54:F65) -> 120376.14 | K54: =IF(E54>0,E54,F54) -> 120376.14
D55: PY Final FEFP | K55: =IF(E55>0,E55,F55) -> 0
D56: PY Final FEFP | K56: =IF(E56>0,E56,F56) -> 0
D57: Unused FY21 TSIA Funds | K57: =IF(E57>0,E57,F57) -> 0
D58: FY21 CSTAG Training | K58: =IF(E58>0,E58,F58) -> 0
D59: PY Digital C/R | K59: =IF(E59>0,E59,F59) -> 0
D60: PY Dig C/R A/R | K60: =IF(E60>0,E60,F60) -> 0
D61: PY Class Size Cat. | K61: =IF(E61>0,E61,F61) -> 0
D62: Class Size Cat. | K62: =IF(E62>0,E62,F62) -> 0
D63: FL AG - FY18 | K63: =IF(E63>0,E63,F63) -> 0
D64: FY21 TSIA | K64: =IF(E64>0,E64,F64) -> 0
D65: WPB- | K65: =IF(E65>0,E65,F65) -> 0
A66: =1+A54 -> 8 | B66: 2791 | C66: The Learning Center at The Els Center of Excellence | D66: =$D$14 -> FTE Sep 2026 | E66: ='2791'!$J$124 -> 488761.33 | G66: =SUBTOTAL(109,E66:F73) -> 488761.33 | K66: =IF(E66>0,E66,F66) -> 488761.33
D67: PY Final FEFP | K67: =IF(E67>0,E67,F67) -> 0
D68: Sep Teacher Supplies Retract | K68: =IF(E68>0,E68,F68) -> 0
D69: PY Digital C/R | K69: =IF(E69>0,E69,F69) -> 0
D70: PY Dig C/R A/R | K70: =IF(E70>0,E70,F70) -> 0
K71: =IF(E71>0,E71,F71) -> 0
D72: Class Size Cat. | K72: =IF(E72>0,E72,F72) -> 0
D73: WPB- | K73: =IF(E73>0,E73,F73) -> 0
A74: =A66+1 -> 9 | B74: 2801 | C74: Palm Beach Maritime Academy Elementary | D74: =$D$14 -> FTE Sep 2026 | E74: ='2801'!$J$124 -> 426595.58 | G74: =SUBTOTAL(109,E74:F83) -> 426595.58 | K74: =IF(E74>0,E74,F74) -> 426595.58
D75: PY Final FEFP | K75: =IF(E75>0,E75,F75) -> 0
D76: Sep Teacher Supplies Retract | K76: =IF(E76>0,E76,F76) -> 0
D77: PY Digital C/R | K77: =IF(E77>0,E77,F77) -> 0
D78: PY Safe Schl Alloc | K78: =IF(E78>0,E78,F78) -> 0
D79: PY Class Size Cat. | K79: =IF(E79>0,E79,F79) -> 0
D80: Class Size Cat. | K80: =IF(E80>0,E80,F80) -> 0
D81: MS Course Recovery | K81: =IF(E81>0,E81,F81) -> 0
D82: FL AG - FY18 | K82: =IF(E82>0,E82,F82) -> 0
D83: WPB-255421 | K83: =IF(E83>0,E83,F83) -> 0
A84: =A74+1 -> 10 | B84: 2911 | C84: Western Academy Charter School | D84: =$D$14 -> FTE Sep 2026 | E84: ='2911'!$J$124 -> 577409.68 | G84: =SUBTOTAL(109,E84:F94) -> 577409.68 | K84: =IF(E84>0,E84,F84) -> 577409.68
D85: PY Final FEFP | K85: =IF(E85>0,E85,F85) -> 0
D86: FY21 CSTAG Training | K86: =IF(E86>0,E86,F86) -> 0
D87: PY Digital C/R | K87: =IF(E87>0,E87,F87) -> 0
D88: PY Dig C/R A/R | K88: =IF(E88>0,E88,F88) -> 0
D89: PY Class Size Cat. | K89: =IF(E89>0,E89,F89) -> 0
D90: Class Size Cat. | K90: =IF(E90>0,E90,F90) -> 0
D91: MS Course Recovery | K91: =IF(E91>0,E91,F91) -> 0
D92: WPB-292889 | K92: =IF(E92>0,E92,F92) -> 0
D93: WPB- | K93: =IF(E93>0,E93,F93) -> 0
K94: =IF(E94>0,E94,F94) -> 0
A95: =A84+1 -> 11 | B95: 2941 | C95: Palm Beach School for Autism | D95: =$D$14 -> FTE Sep 2026 | E95: ='2941'!$J$124 -> 932786.67 | G95: =SUBTOTAL(109,E95:F103) -> 932786.67 | K95: =IF(E95>0,E95,F95) -> 932786.67
D96: PY Final FEFP | K96: =IF(E96>0,E96,F96) -> 0
D97: Sep Teacher Supplies Retract | K97: =IF(E97>0,E97,F97) -> 0
D98: PY Digital C/R | K98: =IF(E98>0,E98,F98) -> 0
D99: PY Dig C/R A/R | K99: =IF(E99>0,E99,F99) -> 0
D100: PY Class Size Cat. | K100: =IF(E100>0,E100,F100) -> 0
D101: SIS Fee Reduction | K101: =IF(E101>0,E101,F101) -> 0
...

Sheet Annual Rev & Fees
E4: 0.75 | F4: Admin | G4: Fee % | I4: Annual | M4: Current | P4: ESE Guar | T4: Sec 1 Rev/Fee per FTE | X4: Net Rev Per Sec 1 FTE
D5: H/P | E5: ESE | F5: Fee % | G5: W/O TSIA | I5: Revenue | J5: Rev - TSIA | K5: Admin Fee | L5: Net Revenue | M5: Mth's Pmt | O5: Sec 1 FTE | P5: Sec 2 FTE | Q5: ESE % | R5: Trans FTE | T5: Rev | U5: Fee | V5: Net Rev | X5: H/P | Y5: 75% ESE | Z5: Other
A6: 1 | B6: 0040 | C6: Palm Beach Preparatory Middle School | D6: =IF(COUNTIF('Surv2-3'!P:P,'Annual Rev & Fees'!B6)>0,"H","") | F6: =-K6/I6 -> #DIV/0! | G6: =-K6/J6 -> #DIV/0! | I6: ='0040'!$J$107 -> 0 | J6: ='0040'!$J$109 -> 0 | K6: ='0040'!$J$114 -> 0 | L6: ='0040'!$J$116 -> 0 | M6: ='0040'!$J$124 -> 0 | O6: ='0040'!E28 -> 0 | P6: ='0040'!E50 -> 0 | Q6: =(-SUMIFS('Surv2-3'!J:J,'Surv2-3'!H:H,$B6,'Surv2-3'!I:I,"<=103")-SUMIFS('Surv2-3'!C:C,'Surv2-3'!A:A,$B6,'Surv2-3'!B:B,"<=103")-SUMIFS('Surv2-3'!J:J,'Surv2-3'!H:H,$B6,'Surv2-3'!I:I,130)-SUMIFS('Surv2-3'!C:C,'Surv2-3'!A:A,$B6,'Surv2-3'!B:B,130))/O6+1 -> #DIV/0! | R6: ='0040'!E97 -> 0 | T6: =I6/O6 -> #DIV/0! | U6: =K6/O6 -> #DIV/0! | V6: =L6/O6 -> #DIV/0! | X6: =IF(D6="H",V6,0) -> 0 | Y6: =ROUND(IF(E6=1,V6,0),2) -> 0 | Z6: =IF(AND(X6=0,Y6=0),V6,) -> #DIV/0!
A7: 2 | B7: 0571 | C7: Palmetto Park | D7: =IF(COUNTIF('Surv2-3'!P:P,'Annual Rev & Fees'!B7)>0,"H","") | F7: =-K7/I7 -> 0.047330678 | G7: =-K7/J7 -> 0.049999996 | I7: ='0571'!$J$107 -> 1061220.2 | J7: ='0571'!$J$109 -> 1004565.5 | K7: ='0571'!$J$114 -> -50228.27 | L7: ='0571'!$J$116 -> 1010991.9 | M7: ='0571'!$J$124 -> 83079.76 | O7: ='0571'!E28 -> 125.54 | P7: ='0571'!E50 -> 31.01 | Q7: =(-SUMIFS('Surv2-3'!J:J,'Surv2-3'!H:H,$B7,'Surv2-3'!I:I,"<=103")-SUMIFS('Surv2-3'!C:C,'Surv2-3'!A:A,$B7,'Surv2-3'!B:B,"<=103")-SUMIFS('Surv2-3'!J:J,'Surv2-3'!H:H,$B7,'Surv2-3'!I:I,130)-SUMIFS('Surv2-3'!C:C,'Surv2-3'!A:A,$B7,'Surv2-3'!B:B,130))/O7+1 -> 0.25306675 | R7: ='0571'!E97 -> 30 | T7: =I7/O7 -> 8453.2433 | U7: =K7/O7 -> -400.09774 | V7: =L7/O7 -> 8053.1456 | X7: =IF(D7="H",V7,0) -> 0 | Y7: =ROUND(IF(E7=1,V7,0),2) -> 0 | Z7: =IF(AND(X7=0,Y7=0),V7,) -> 8053.1456
A8: 3 | B8: 0100 | C8: The Learning Center High School | D8: =IF(COUNTIF('Surv2-3'!P:P,'Annual Rev & Fees'!B8)>0,"H","") | E8: 1 | F8: =-K8/I8 -> 0.0096412432 | G8: =-K8/J8 -> 0.010234472 | I8: ='0100'!$J$107 -> 888046.26 | J8: ='0100'!$J$109 -> 836571.72 | K8: ='0100'!$J$114 -> -8561.87 | L8: ='0100'!$J$116 -> 879484.39 | M8: ='0100'!$J$124 -> 73194.29 | O8: ='0100'!E28 -> 27 | P8: ='0100'!E50 -> 1 | Q8: =(-SUMIFS('Surv2-3'!J:J,'Surv2-3'!H:H,$B8,'Surv2-3'!I:I,"<=103")-SUMIFS('Surv2-3'!C:C,'Surv2-3'!A:A,$B8,'Surv2-3'!B:B,"<=103")-SUMIFS('Surv2-3'!J:J,'Surv2-3'!H:H,$B8,'Surv2-3'!I:I,130)-SUMIFS('Surv2-3'!C:C,'Surv2-3'!A:A,$B8,'Surv2-3'!B:B,130))/O8+1 -> 1 | R8: ='0100'!E97 -> 0 | T8: =I8/O8 -> 32890.602 | U8: =K8/O8 -> -317.1063 | V8: =L8/O8 -> 32573.496 | X8: =IF(D8="H",V8,0) -> 0 | Y8: =ROUND(IF(E8=1,V8,0),2) -> 32573.5 | Z8: =IF(AND(X8=0,Y8=0),V8,) -> 0
A9: 4 | B9: 1461 | C9: Inlet Grove Community High School | D9: =IF(COUNTIF('Surv2-3'!P:P,'Annual Rev & Fees'!B9)>0,"H","") -> H | F9: =-K9/I9 -> 0.00573301 | G9: =-K9/J9 -> 0.0060362416 | I9: ='1461'!$J$107 -> 7622495 | J9: ='1461'!$J$109 -> 7239577.7 | K9: ='1461'!$J$114 -> -43699.84 | L9: ='1461'!$J$116 -> 7578795.2 | M9: ='1461'!$J$124 -> 629061.48 | O9: ='1461'!E28 -> 828.33 | P9: ='1461'!E50 -> 87.27 | Q9: =(-SUMIFS('Surv2-3'!J:J,'Surv2-3'!H:H,$B9,'Surv2-3'!I:I,"<=103")-SUMIFS('Surv2-3'!C:C,'Surv2-3'!A:A,$B9,'Surv2-3'!B:B,"<=103")-SUMIFS('Surv2-3'!J:J,'Surv2-3'!H:H,$B9,'Surv2-3'!I:I,130)-SUMIFS('Surv2-3'!C:C,'Surv2-3'!A:A,$B9,'Surv2-3'!B:B,130))/O9+1 -> 0.30784832 | R9: ='1461'!E97 -> 507.5 | T9: =I9/O9 -> 9202.2443 | U9: =K9/O9 -> -52.756558 | V9: =L9/O9 -> 9149.4878 | X9: =IF(D9="H",V9,0) -> 9149.4878 | Y9: =ROUND(IF(E9=1,V9,0),2) -> 0 | Z9: =IF(AND(X9=0,Y9=0),V9,) -> 0
A10: 5 | B10: 1571 | C10: South Tech Charter Academy | D10: =IF(COUNTIF('Surv2-3'!P:P,'Annual Rev & Fees'!B10)>0,"H","") -> H | F10: =-K10/I10 -> 0.00433521 | G10: =-K10/J10 -> 0.0045525727 | I10: ='1571'!$J$107 -> 10553500 | J10: ='1571'!$J$109 -> 10049623 | K10: ='1571'!$J$114 -> -45751.64 | L10: ='1571'!$J$116 -> 10507749 | M10: ='1571'!$J$124 -> 864367.77 | O10: ='1571'!E28 -> 1098.28 | P10: ='1571'!E50 -> 282.41 | Q10: =(-SUMIFS('Surv2-3'!J:J,'Surv2-3'!H:H,$B10,'Surv2-3'!I:I,"<=103")-SUMIFS('Surv2-3'!C:C,'Surv2-3'!A:A,$B10,'Surv2-3'!B:B,"<=103")-SUMIFS('Surv2-3'!J:J,'Surv2-3'!H:H,$B10,'Surv2-3'!I:I,130)-SUMIFS('Surv2-3'!C:C,'Surv2-3'!A:A,$B10,'Surv2-3'!B:B,130))/O10+1 -> 0.48781731 | R10: ='1571'!E97 -> 783 | T10: =I10/O10 -> 9609.1163 | U10: =K10/O10 -> -41.657537 | V10: =L10/O10 -> 9567.4587 | X10: =IF(D10="H",V10,0) -> 9567.4587 | Y10: =ROUND(IF(E10=1,V10,0),2) -> 0 | Z10: =IF(AND(X10=0,Y10=0),V10,) -> 0
A11: 6 | B11: 2521 | C11: Ed Venture | D11: =IF(COUNTIF('Surv2-3'!P:P,'Annual Rev & Fees'!B11)>0,"H","") | E11: 1 | F11: =-K11/I11 -> 0.02154875 | G11: =-K11/J11 -> 0.022454711 | I11: ='2521'!$J$107 -> 1358834.3 | J11: ='2521'!$J$109 -> 1304010.5 | K11: ='2521'!$J$114 -> -29281.18 | L11: ='2521'!$J$116 -> 1329553.1 | M11: ='2521'!$J$124 -> 110758.87 | O11: ='2521'!E28 -> 73.69 | P11: ='2521'!E50 -> 54.98 | Q11: =(-SUMIFS('Surv2-3'!J:J,'Surv2-3'!H:H,$B11,'Surv2-3'!I:I,"<=103")-SUMIFS('Surv2-3'!C:C,'Surv2-3'!A:A,$B11,'Surv2-3'!B:B,"<=103")-SUMIFS('Surv2-3'!J:J,'Surv2-3'!H:H,$B11,'Surv2-3'!I:I,130)-SUMIFS('Surv2-3'!C:C,'Surv2-3'!A:A,$B11,'Surv2-3'!B:B,130))/O11+1 -> 1 | R11: ='2521'!E97 -> 48 | T11: =I11/O11 -> 18439.874 | U11: =K11/O11 -> -397.35622 | V11: =L11/O11 -> 18042.517 | X11: =IF(D11="H",V11,0) -> 0 | Y11: =ROUND(IF(E11=1,V11,0),2) -> 18042.52 | Z11: =IF(AND(X11=0,Y11=0),V11,) -> 0
A12: 7 | B12: 2531 | C12: Bodwell Academy | D12: =IF(COUNTIF('Surv2-3'!P:P,'Annual Rev & Fees'!B12)>0,"H","") | E12: 1 | F12: =-K12/I12 -> 0.01167435 | G12: =-K12/J12 -> 0.012304499 | I12: ='2531'!$J$107 -> 1462609.9 | J12: ='2531'!$J$109 -> 1387705.4 | K12: ='2531'!$J$114 -> -17075.02 | L12: ='2531'!$J$116 -> 1445534.9 | M12: ='2531'!$J$124 -> 120376.14 | O12: ='2531'!E28 -> 48.54 | P12: ='2531'!E50 -> 22.98 | Q12: =(-SUMIFS('Surv2-3'!J:J,'Surv2-3'!H:H,$B12,'Surv2-3'!I:I,"<=103")-SUMIFS('Surv2-3'!C:C,'Surv2-3'!A:A,$B12,'Surv2-3'!B:B,"<=103")-SUMIFS('Surv2-3'!J:J,'Surv2-3'!H:H,$B12,'Surv2-3'!I:I,130)-SUMIFS('Surv2-3'!C:C,'Surv2-3'!A:A,$B12,'Surv2-3'!B:B,130))/O12+1 -> 1 | R12: ='2531'!E97 -> 27 | T12: =I12/O12 -> 30132.055 | U12: =K12/O12 -> -351.77215 | V12: =L12/O12 -> 29780.283 | X12: =IF(D12="H",V12,0) -> 0 | Y12: =ROUND(IF(E12=1,V12,0),2) -> 29780.28 | Z12: =IF(AND(X12=0,Y12=0),V12,) -> 0
A13: 8 | B13: 2791 | C13: The Learning Center @ The Els Center of Excl | D13: =IF(COUNTIF('Surv2-3'!P:P,'Annual Rev & Fees'!B13)>0,"H","") | E13: 1 | F13: =-K13/I13 -> 0.0092115771 | G13: =-K13/J13 -> 0.00977379 | I13: ='2791'!$J$107 -> 5922230.2 | J13: ='2791'!$J$109 -> 5581568.7 | K13: ='2791'!$J$114 -> -54553.08 | L13: ='2791'!$J$116 -> 5867677.1 | M13: ='2791'!$J$124 -> 488761.33 | O13: ='2791'!E28 -> 173.06 | P13: ='2791'!E50 -> 5.04 | Q13: =(-SUMIFS('Surv2-3'!J:J,'Surv2-3'!H:H,$B13,'Surv2-3'!I:I,"<=103")-SUMIFS('Surv2-3'!C:C,'Surv2-3'!A:A,$B13,'Surv2-3'!B:B,"<=103")-SUMIFS('Surv2-3'!J:J,'Surv2-3'!H:H,$B13,'Surv2-3'!I:I,130)-SUMIFS('Surv2-3'!C:C,'Surv2-3'!A:A,$B13,'Surv2-3'!B:B,130))/O13+1 -> 1 | R13: ='2791'!E97 -> 0 | T13: =I13/O13 -> 34220.676 | U13: =K13/O13 -> -315.2264 | V13: =L13/O13 -> 33905.449 | X13: =IF(D13="H",V13,0) -> 0 | Y13: =ROUND(IF(E13=1,V13,0),2) -> 33905.45 | Z13: =IF(AND(X13=0,Y13=0),V13,) -> 0
A14: 9 | B14: 2801 | C14: Palm Beach Maritime Academy Elementary | D14: =IF(COUNTIF('Surv2-3'!P:P,'Annual Rev & Fees'!B14)>0,"H","") | F14: =-K14/I14 -> 0.021303008 | G14: =-K14/J14 -> 0.022507518 | I14: ='2801'!$J$107 -> 5229326.3 | J14: ='2801'!$J$109 -> 4949474.1 | K14: ='2801'!$J$114 -> -111400.38 | L14: ='2801'!$J$116 -> 5117925.9 | M14: ='2801'!$J$124 -> 426595.58 | O14: ='2801'!E28 -> 555.37 | P14: ='2801'!E50 -> 83.49 | Q14: =(-SUMIFS('Surv2-3'!J:J,'Surv2-3'!H:H,$B14,'Surv2-3'!I:I,"<=103")-SUMIFS('Surv2-3'!C:C,'Surv2-3'!A:A,$B14,'Surv2-3'!B:B,"<=103")-SUMIFS('Surv2-3'!J:J,'Surv2-3'!H:H,$B14,'Surv2-3'!I:I,130)-SUMIFS('Surv2-3'!C:C,'Surv2-3'!A:A,$B14,'Surv2-3'!B:B,130))/O14+1 -> 0.15033221 | R14: ='2801'!E97 -> 223 | T14: =I14/O14 -> 9415.9323 | U14: =K14/O14 -> -200.58768 | V14: =L14/O14 -> 9215.3446 | X14: =IF(D14="H",V14,0) -> 0 | Y14: =ROUND(IF(E14=1,V14,0),2) -> 0 | Z14: =IF(AND(X14=0,Y14=0),V14,) -> 9215.3446
A15: 10 | B15: 2911 | C15: Western Academy Charter School | D15: =IF(COUNTIF('Surv2-3'!P:P,'Annual Rev & Fees'!B15)>0,"H","") -> H | F15: =-K15/I15 -> 0.0060715682 | G15: =-K15/J15 -> 0.0064174963 | I15: ='2911'!$J$107 -> 6978900.4 | J15: ='2911'!$J$109 -> 6602710.5 | K15: ='2911'!$J$114 -> -42372.87 | L15: ='2911'!$J$116 -> 6936527.6 | M15: ='2911'!$J$124 -> 577409.68 | O15: ='2911'!E28 -> 779.12 | P15: ='2911'!E50 -> 169.31 | Q15: =(-SUMIFS('Surv2-3'!J:J,'Surv2-3'!H:H,$B15,'Surv2-3'!I:I,"<=103")-SUMIFS('Surv2-3'!C:C,'Surv2-3'!A:A,$B15,'Surv2-3'!B:B,"<=103")-SUMIFS('Surv2-3'!J:J,'Surv2-3'!H:H,$B15,'Surv2-3'!I:I,130)-SUMIFS('Surv2-3'!C:C,'Surv2-3'!A:A,$B15,'Surv2-3'!B:B,130))/O15+1 -> 0.21730927 | R15: ='2911'!E97 -> 0 | T15: =I15/O15 -> 8957.414 | U15: =K15/O15 -> -54.38555 | V15: =L15/O15 -> 8903.0285 | X15: =IF(D15="H",V15,0) -> 8903.0285 | Y15: =ROUND(IF(E15=1,V15,0),2) -> 0 | Z15: =IF(AND(X15=0,Y15=0),V15,) -> 0
A16: 11 | B16: 2941 | C16: Palm Beach School for Autism | D16: =IF(COUNTIF('Surv2-3'!P:P,'Annual Rev & Fees'!B16)>0,"H","") | E16: 1 | F16: =-K16/I16 -> 0.0073477953 | G16: =-K16/J16 -> 0.0077764751 | I16: ='2941'!$J$107 -> 11273534 | J16: ='2941'!$J$109 -> 10652078 | K16: ='2941'!$J$114 -> -82835.62 | L16: ='2941'!$J$116 -> 11190698 | M16: ='2941'!$J$124 -> 932786.67 | O16: ='2941'!E28 -> 380.07 | P16: ='2941'!E50 -> 81.08 | Q16: =(-SUMIFS('Surv2-3'!J:J,'Surv2-3'!H:H,$B16,'Surv2-3'!I:I,"<=103")-SUMIFS('Surv2-3'!C:C,'Surv2-3'!A:A,$B16,'Surv2-3'!B:B,"<=103")-SUMIFS('Surv2-3'!J:J,'Surv2-3'!H:H,$B16,'Surv2-3'!I:I,130)-SUMIFS('Surv2-3'!C:C,'Surv2-3'!A:A,$B16,'Surv2-3'!B:B,130))/O16+1 -> 0.99868445 | R16: ='2941'!E97 -> 0 | T16: =I16/O16 -> 29661.731 | U16: =K16/O16 -> -217.94833 | V16: =L16/O16 -> 29443.782 | X16: =IF(D16="H",V16,0) -> 0 | Y16: =ROUND(IF(E16=1,V16,0),2) -> 29443.78 | Z16: =IF(AND(X16=0,Y16=0),V16,) -> 0
A17: 12 | B17: 3083 | C17: The Learning Academy @ The Els Center of Excl | D17: =IF(COUNTIF('Surv2-3'!P:P,'Annual Rev & Fees'!B17)>0,"H","") | E17: 1 | F17: =-K17/I17 -> 0.0082079824 | G17: =-K17/J17 -> 0.0087069382 | I17: ='3083'!$J$107 -> 6691008.5 | J17: ='3083'!$J$109 -> 6307576.7 | K17: ='3083'!$J$114 -> -54919.68 | L17: ='3083'!$J$116 -> 6636088.8 | M17: ='3083'!$J$124 -> 552656 | O17: ='3083'!E28 -> 179.4 | P17: ='3083'!E50 -> 11.96 | Q17: =(-SUMIFS('Surv2-3'!J:J,'Surv2-3'!H:H,$B17,'Surv2-3'!I:I,"<=103")-SUMIFS('Surv2-3'!C:C,'Surv2-3'!A:A,$B17,'Surv2-3'!B:B,"<=103")-SUMIFS('Surv2-3'!J:J,'Surv2-3'!H:H,$B17,'Surv2-3'!I:I,130)-SUMIFS('Surv2-3'!C:C,'Surv2-3'!A:A,$B17,'Surv2-3'!B:B,130))/O17+1 -> 1 | R17: ='3083'!E97 -> 1 | T17: =I17/O17 -> 37296.592 | U17: =K17/O17 -> -306.12977 | V17: =L17/O17 -> 36990.462 | X17: =IF(D17="H",V17,0) -> 0 | Y17: =ROUND(IF(E17=1,V17,0),2) -> 36990.46 | Z17: =IF(AND(X17=0,Y17=0),V17,) -> 0
A18: 13 | B18: 3345 | C18: Career Academy of the Palm Beaches | D18: =IF(COUNTIF('Surv2-3'!P:P,'Annual Rev & Fees'!B18)>0,"H","") | E18: 1 | F18: =-K18/I18 -> 0.029581151 | G18: =-K18/J18 -> 0.030597415 | I18: ='3345'!$J$107 -> 1165783.9 | J18: ='3345'!$J$109 -> 1127063.5 | K18: ='3345'!$J$114 -> -34485.23 | L18: ='3345'!$J$116 -> 1131298.7 | M18: ='3345'!$J$124 -> 93448.16 | O18: ='3345'!E28 -> 83 | P18: ='3345'!E50 -> 81.5 | Q18: =(-SUMIFS('Surv2-3'!J:J,'Surv2-3'!H:H,$B18,'Surv2-3'!I:I,"<=103")-SUMIFS('Surv2-3'!C:C,'Surv2-3'!A:A,$B18,'Surv2-3'!B:B,"<=103")-SUMIFS('Surv2-3'!J:J,'Surv2-3'!H:H,$B18,'Surv2-3'!I:I,130)-SUMIFS('Surv2-3'!C:C,'Surv2-3'!A:A,$B18,'Surv2-3'!B:B,130))/O18+1 -> 1 | R18: ='3345'!E97 -> 75 | T18: =I18/O18 -> 14045.589 | U18: =K18/O18 -> -415.4847 | V18: =L18/O18 -> 13630.104 | X18: =IF(D18="H",V18,0) -> 0 | Y18: =ROUND(IF(E18=1,V18,0),2) -> 13630.1 | Z18: =IF(AND(X18=0,Y18=0),V18,) -> 0
A19: 14 | B19: 3362 | C19: Somerset Avenir | D19: =IF(COUNTIF('Surv2-3'!P:P,'Annual Rev & Fees'!B19)>0,"H","") | F19: =-K19/I19 -> 0.047283718 | G19: =-K19/J19 -> 0.050000001 | I19: ='3362'!$J$107 -> 1490204.3 | J19: ='3362'!$J$109 -> 1409248 | K19: ='3362'!$J$114 -> -70462.4 | L19: ='3362'!$J$116 -> 1419741.9 | M19: ='3362'!$J$124 -> 118496.38 | O19: ='3362'!E28 -> 161.11 | P19: ='3362'!E50 -> 22.53 | Q19: =(-SUMIFS('Surv2-3'!J:J,'Surv2-3'!H:H,$B19,'Surv2-3'!I:I,"<=103")-SUMIFS('Surv2-3'!C:C,'Surv2-3'!A:A,$B19,'Surv2-3'!B:B,"<=103")-SUMIFS('Surv2-3'!J:J,'Surv2-3'!H:H,$B19,'Surv2-3'!I:I,130)-SUMIFS('Surv2-3'!C:C,'Surv2-3'!A:A,$B19,'Surv2-3'!B:B,130))/O19+1 -> 0.13984234 | R19: ='3362'!E97 -> 0 | T19: =I19/O19 -> 9249.6077 | U19: =K19/O19 -> -437.35584 | V19: =L19/O19 -> 8812.2519 | X19: =IF(D19="H",V19,0) -> 0 | Y19: =ROUND(IF(E19=1,V19,0),2) -> 0 | Z19: =IF(AND(X19=0,Y19=0),V19,) -> 8812.2519
A20: 15 | B20: 3381 | C20: Imagine Schools - Chancellor Campus | D20: =IF(COUNTIF('Surv2-3'!P:P,'Annual Rev & Fees'!B20)>0,"H","") | F20: =-K20/I20 -> 0.0045070593 | G20: =-K20/J20 -> 0.0047650359 | I20: ='3381'!$J$107 -> 9400400 | J20: ='3381'!$J$109 -> 8891467.2 | K20: ='3381'!$J$114 -> -42368.16 | L20: ='3381'!$J$116 -> 9358031.8 | M20: ='3381'!$J$124 -> 778883.11 | O20: ='3381'!E28 -> 1049.31 | P20: ='3381'!E50 -> 185.09 | Q20: =(-SUMIFS('Surv2-3'!J:J,'Surv2-3'!H:H,$B20,'Surv2-3'!I:I,"<=103")-SUMIFS('Surv2-3'!C:C,'Surv2-3'!A:A,$B20,'Surv2-3'!B:B,"<=103")-SUMIFS('Surv2-3'!J:J,'Surv2-3'!H:H,$B20,'Surv2-3'!I:I,130)-SUMIFS('Surv2-3'!C:C,'Surv2-3'!A:A,$B20,'Surv2-3'!B:B,130))/O20+1 -> 0.17639211 | R20: ='3381'!E97 -> 111 | T20: =I20/O20 -> 8958.649 | U20: =K20/O20 -> -40.377162 | V20: =L20/O20 -> 8918.2718 | X20: =IF(D20="H",V20,0) -> 0 | Y20: =ROUND(IF(E20=1,V20,0),2) -> 0 | Z20: =IF(AND(X20=0,Y20=0),V20,) -> 8918.2718
A21: 16 | B21: 3382 | C21: Glades Academy | D21: =IF(COUNTIF('Surv2-3'!P:P,'Annual Rev & Fees'!B21)>0,"H","") | F21: =-K21/I21 -> 0.045300533 | G21: =-K21/J21 -> 0.047748193 | I21: ='3382'!$J$107 -> 2457969.8 | J21: ='3382'!$J$109 -> 2331969.7 | K21: ='3382'!$J$114 -> -111347.34 | L21: ='3382'!$J$116 -> 2346622.4 | M21: ='3382'!$J$124 -> 195261.53 | O21: ='3382'!E28 -> 261.79 | P21: ='3382'!E50 -> 52.02 | Q21: =(-SUMIFS('Surv2-3'!J:J,'Surv2-3'!H:H,$B21,'Surv2-3'!I:I,"<=103")-SUMIFS('Surv2-3'!C:C,'Surv2-3'!A:A,$B21,'Surv2-3'!B:B,"<=103")-SUMIFS('Surv2-3'!J:J,'Surv2-3'!H:H,$B21,'Surv2-3'!I:I,130)-SUMIFS('Surv2-3'!C:C,'Surv2-3'!A:A,$B21,'Surv2-3'!B:B,130))/O21+1 -> 0.19870889 | R21: ='3382'!E97 -> 236 | T21: =I21/O21 -> 9389.0897 | U21: =K21/O21 -> -425.33076 | V21: =L21/O21 -> 8963.7589 | X21: =IF(D21="H",V21,0) -> 0 | Y21: =ROUND(IF(E21=1,V21,0),2) -> 0 | Z21: =IF(AND(X21=0,Y21=0),V21,) -> 8963.7589
B22: 3391 | C22: Seagull Academy for Independent Living | D22: =IF(COUNTIF('Surv2-3'!P:P,'Annual Rev & Fees'!B22)>0,"H","")
A23: 17 | B23: 3394 | C23: Montessori Academy of Early Enrichment | D23: =IF(COUNTIF('Surv2-3'!P:P,'Annual Rev & Fees'!B23)>0,"H","") | F23: =-K23/I23 -> 0.047249858 | G23: =-K23/J23 -> 0.05 | I23: ='3394'!$J$107 -> 1788719.2 | J23: ='3394'!$J$109 -> 1690334.6 | K23: ='3394'!$J$114 -> -84516.73 | L23: ='3394'!$J$116 -> 1704202.5 | M23: ='3394'!$J$124 -> 142110.34 | O23: ='3394'!E28 -> 192.98 | P23: ='3394'!E50 -> 17.5 | Q23: =(-SUMIFS('Surv2-3'!J:J,'Surv2-3'!H:H,$B23,'Surv2-3'!I:I,"<=103")-SUMIFS('Surv2-3'!C:C,'Surv2-3'!A:A,$B23,'Surv2-3'!B:B,"<=103")-SUMIFS('Surv2-3'!J:J,'Surv2-3'!H:H,$B23,'Surv2-3'!I:I,130)-SUMIFS('Surv2-3'!C:C,'Surv2-3'!A:A,$B23,'Surv2-3'!B:B,130))/O23+1 -> 0.090682972 | R23: ='3394'!E97 -> 8 | T23: =I23/O23 -> 9268.9357 | U23: =K23/O23 -> -437.9559 | V23: =L23/O23 -> 8830.9798 | X23: =IF(D23="H",V23,0) -> 0 | Y23: =ROUND(IF(E23=1,V23,0),2) -> 0 | Z23: =IF(AND(X23=0,Y23=0),V23,) -> 8830.9798
A24: 18 | B24: 3395 | C24: Somerset Academy Charter School | D24: =IF(COUNTIF('Surv2-3'!P:P,'Annual Rev & Fees'!B24)>0,"H","") | F24: =-K24/I24 -> 0.021988729 | G24: =-K24/J24 -> 0.023267502 | I24: ='3395'!$J$107 -> 4814572.5 | J24: ='3395'!$J$109 -> 4549965.4 | K24: ='3395'!$J$114 -> -105866.33 | L24: ='3395'!$J$116 -> 4708706.1 | M24: ='3395'!$J$124 -> 392347.75 | O24: ='3395'!E28 -> 537.23 | P24: ='3395'!E50 -> 58.5 | Q24: =(-SUMIFS('Surv2-3'!J:J,'Surv2-3'!H:H,$B24,'Surv2-3'!I:I,"<=103")-SUMIFS('Surv2-3'!C:C,'Surv2-3'!A:A,$B24,'Surv2-3'!B:B,"<=103")-SUMIFS('Surv2-3'!J:J,'Surv2-3'!H:H,$B24,'Surv2-3'!I:I,130)-SUMIFS('Surv2-3'!C:C,'Surv2-3'!A:A,$B24,'Surv2-3'!B:B,130))/O24+1 -> 0.10889191 | R24: ='3395'!E97 -> 23.5 | T24: =I24/O24 -> 8961.8459 | U24: =K24/O24 -> -197.0596 | V24: =L24/O24 -> 8764.7863 | X24: =IF(D24="H",V24,0) -> 0 | Y24: =ROUND(IF(E24=1,V24,0),2) -> 0 | Z24: =IF(AND(X24=0,Y24=0),V24,) -> 8764.7863
A25: 19 | B25: 3396 | C25: G-Star School of the Arts | D25: =IF(COUNTIF('Surv2-3'!P:P,'Annual Rev & Fees'!B25)>0,"H","") | F25: =-K25/I25 -> 0.006759709 | G25: =-K25/J25 -> 0.0071231152 | I25: ='3396'!$J$107 -> 6296535.9 | J25: ='3396'!$J$109 -> 5975299.9 | K25: ='3396'!$J$114 -> -42562.75 | L25: ='3396'!$J$116 -> 6253973.1 | M25: ='3396'!$J$124 -> 518439.3 | O25: ='3396'!E28 -> 701.94 | P25: ='3396'!E50 -> 90.36 | Q25: =(-SUMIFS('Surv2-3'!J:J,'Surv2-3'!H:H,$B25,'Surv2-3'!I:I,"<=103")-SUMIFS('Surv2-3'!C:C,'Surv2-3'!A:A,$B25,'Surv2-3'!B:B,"<=103")-SUMIFS('Surv2-3'!J:J,'Surv2-3'!H:H,$B25,'Surv2-3'!I:I,130)-SUMIFS('Surv2-3'!C:C,'Surv2-3'!A:A,$B25,'Surv2-3'!B:B,130))/O25+1 -> 0.19158333 | R25: ='3396'!E97 -> 268 | T25: =I25/O25 -> 8970.191 | U25: =K25/O25 -> -60.635881 | V25: =L25/O25 -> 8909.5551 | X25: =IF(D25="H",V25,0) -> 0 | Y25: =ROUND(IF(E25=1,V25,0),2) -> 0 | Z25: =IF(AND(X25=0,Y25=0),V25,) -> 8909.5551
A26: 20 | B26: 3398 | C26: Everglades Preparatory Academy | D26: =IF(COUNTIF('Surv2-3'!P:P,'Annual Rev & Fees'!B26)>0,"H","") | F26: =-K26/I26 -> 0.047497681 | G26: =-K26/J26 -> 0.049999997 | I26: ='3398'!$J$107 -> 915835.66 | J26: ='3398'!$J$109 -> 870001.46 | K26: ='3398'!$J$114 -> -43500.07 | L26: ='3398'!$J$116 -> 872335.59 | M26: ='3398'!$J$124 -> 71814.87 | O26: ='3398'!E28 -> 101.9 | P26: ='3398'!E50 -> 24.35 | Q26: =(-SUMIFS('Surv2-3'!J:J,'Surv2-3'!H:H,$B26,'Surv2-3'!I:I,"<=103")-SUMIFS('Surv2-3'!C:C,'Surv2-3'!A:A,$B26,'Surv2-3'!B:B,"<=103")-SUMIFS('Surv2-3'!J:J,'Surv2-3'!H:H,$B26,'Surv2-3'!I:I,130)-SUMIFS('Surv2-3'!C:C,'Surv2-3'!A:A,$B26,'Surv2-3'!B:B,130))/O26+1 -> 0.28056919 | R26: ='3398'!E97 -> 74.5 | T26: =I26/O26 -> 8987.5923 | U26: =K26/O26 -> -426.88979 | V26: =L26/O26 -> 8560.7026 | X26: =IF(D26="H",V26,0) -> 0 | Y26: =ROUND(IF(E26=1,V26,0),2) -> 0 | Z26: =IF(AND(X26=0,Y26=0),V26,) -> 8560.7026
A27: 21 | B27: 3400 | C27: Believers Academy | D27: =IF(COUNTIF('Surv2-3'!P:P,'Annual Rev & Fees'!B27)>0,"H","") | E27: 1 | F27: =-K27/I27 -> 0.031619087 | G27: =-K27/J27 -> 0.032771668 | I27: ='3400'!$J$107 -> 1153954.9 | J27: ='3400'!$J$109 -> 1113370.3 | K27: ='3400'!$J$114 -> -36487 | L27: ='3400'!$J$116 -> 1117467.9 | M27: ='3400'!$J$124 -> 91709.02 | O27: ='3400'!E28 -> 91.06 | P27: ='3400'!E50 -> 91.06 | Q27: =(-SUMIFS('Surv2-3'!J:J,'Surv2-3'!H:H,$B27,'Surv2-3'!I:I,"<=103")-SUMIFS('Surv2-3'!C:C,'Surv2-3'!A:A,$B27,'Surv2-3'!B:B,"<=103")-SUMIFS('Surv2-3'!J:J,'Surv2-3'!H:H,$B27,'Surv2-3'!I:I,130)-SUMIFS('Surv2-3'!C:C,'Surv2-3'!A:A,$B27,'Surv2-3'!B:B,130))/O27+1 -> 1 | R27: ='3400'!E97 -> 33 | T27: =I27/O27 -> 12672.467 | U27: =K27/O27 -> -400.69185 | V27: =L27/O27 -> 12271.775 | X27: =IF(D27="H",V27,0) -> 0 | Y27: =ROUND(IF(E27=1,V27,0),2) -> 12271.78 | Z27: =IF(AND(X27=0,Y27=0),V27,) -> 0
A28: 22 | B28: 3401 | C28: Quantum High School | D28: =IF(COUNTIF('Surv2-3'!P:P,'Annual Rev & Fees'!B28)>0,"H","") | E28: 0 | F28: =-K28/I28 -> 0.029994682 | G28: =-K28/J28 -> 0.031651179 | I28: ='3401'!$J$107 -> 3411698.1 | J28: ='3401'!$J$109 -> 3233143.4 | K28: ='3401'!$J$114 -> -102332.8 | L28: ='3401'!$J$116 -> 3309365.3 | M28: ='3401'!$J$124 -> 272864.13 | O28: ='3401'!E28 -> 394.93 | P28: ='3401'!E50 -> 80.42 | Q28: =(-SUMIFS('Surv2-3'!J:J,'Surv2-3'!H:H,$B28,'Surv2-3'!I:I,"<=103")-SUMIFS('Surv2-3'!C:C,'Surv2-3'!A:A,$B28,'Surv2-3'!B:B,"<=103")-SUMIFS('Surv2-3'!J:J,'Surv2-3'!H:H,$B28,'Surv2-3'!I:I,130)-SUMIFS('Surv2-3'!C:C,'Surv2-3'!A:A,$B28,'Surv2-3'!B:B,130))/O28+1 -> 0.21548122 | R28: ='3401'!E97 -> 191.5 | T28: =I28/O28 -> 8638.7412 | U28: =K28/O28 -> -259.1163 | V28: =L28/O28 -> 8379.6249 | X28: =IF(D28="H",V28,0) -> 0 | Y28: =ROUND(IF(E28=1,V28,0),2) -> 0 | Z28: =IF(AND(X28=0,Y28=0),V28,) -> 8379.6249
A29: 23 | B29: 3413 | C29: Somerset Academy Boca | D29: =IF(COUNTIF('Surv2-3'!P:P,'Annual Rev & Fees'!B29)>0,"H","") -> H | F29: =-K29/I29 -> 0.012070481 | G29: =-K29/J29 -> 0.012762916 | I29: ='3413'!$J$107 -> 3586940 | J29: ='3413'!$J$109 -> 3392335.3 | K29: ='3413'!$J$114 -> -43296.09 | L29: ='3413'!$J$116 -> 3543643.9 | M29: ='3413'!$J$124 -> 295168.63 | O29: ='3413'!E28 -> 391.76 | P29: ='3413'!E50 -> 85.5 | Q29: =(-SUMIFS('Surv2-3'!J:J,'Surv2-3'!H:H,$B29,'Surv2-3'!I:I,"<=103")-SUMIFS('Surv2-3'!C:C,'Surv2-3'!A:A,$B29,'Surv2-3'!B:B,"<=103")-SUMIFS('Surv2-3'!J:J,'Surv2-3'!H:H,$B29,'Surv2-3'!I:I,130)-SUMIFS('Surv2-3'!C:C,'Surv2-3'!A:A,$B29,'Surv2-3'!B:B,130))/O29+1 -> 0.21824586 | R29: ='3413'!E97 -> 0 | T29: =I29/O29 -> 9155.9628 | U29: =K29/O29 -> -110.51687 | V29: =L29/O29 -> 9045.4459 | X29: =IF(D29="H",V29,0) -> 9045.4459 | Y29: =ROUND(IF(E29=1,V29,0),2) -> 0 | Z29: =IF(AND(X29=0,Y29=0),V29,) -> 0
A30: 24 | B30: 3421 | C30: Worthington High School | D30: =IF(COUNTIF('Surv2-3'!P:P,'Annual Rev & Fees'!B30)>0,"H","") | F30: =-K30/I30 -> 0.019783079 | G30: =-K30/J30 -> 0.020907905 | I30: ='3421'!$J$107 -> 4995260.2 | J30: ='3421'!$J$109 -> 4726520 | K30: ='3421'!$J$114 -> -98821.63 | L30: ='3421'!$J$116 -> 4896438.6 | M30: ='3421'!$J$124 -> 403828.21 | O30: ='3421'!E28 -> 597.86 | P30: ='3421'!E50 -> 109.86 | Q30: =(-SUMIFS('Surv2-3'!J:J,'Surv2-3'!H:H,$B30,'Surv2-3'!I:I,"<=103")-SUMIFS('Surv2-3'!C:C,'Surv2-3'!A:A,$B30,'Surv2-3'!B:B,"<=103")-SUMIFS('Surv2-3'!J:J,'Surv2-3'!H:H,$B30,'Surv2-3'!I:I,130)-SUMIFS('Surv2-3'!C:C,'Surv2-3'!A:A,$B30,'Surv2-3'!B:B,130))/O30+1 -> 0.19571472 | R30: ='3421'!E97 -> 67.0005 | T30: =I30/O30 -> 8355.2341 | U30: =K30/O30 -> -165.29226 | V30: =L30/O30 -> 8189.9418 | X30: =IF(D30="H",V30,0) -> 0 | Y30: =ROUND(IF(E30=1,V30,0),2) -> 0 | Z30: =IF(AND(X30=0,Y30=0),V30,) -> 8189.9418
A31: 25 | B31: 3431 | C31: Renaissance Charter School at WPB | D31: =IF(COUNTIF('Surv2-3'!P:P,'Annual Rev & Fees'!B31)>0,"H","") -> H | F31: =-K31/I31 -> 0.0047387006 | G31: =-K31/J31 -> 0.0050119785 | I31: ='3431'!$J$107 -> 8930895.6 | J31: ='3431'!$J$109 -> 8443938.8 | K31: ='3431'!$J$114 -> -42320.84 | L31: ='3431'!$J$116 -> 8888574.7 | M31: ='3431'!$J$124 -> 740549.13 | O31: ='3431'!E28 -> 997.61 | P31: ='3431'!E50 -> 143.48 | Q31: =(-SUMIFS('Surv2-3'!J:J,'Surv2-3'!H:H,$B31,'Surv2-3'!I:I,"<=103")-SUMIFS('Surv2-3'!C:C,'Surv2-3'!A:A,$B31,'Surv2-3'!B:B,"<=103")-SUMIFS('Surv2-3'!J:J,'Surv2-3'!H:H,$B31,'Surv2-3'!I:I,130)-SUMIFS('Surv2-3'!C:C,'Surv2-3'!A:A,$B31,'Surv2-3'!B:B,130))/O31+1 -> 0.14382374 | R31: ='3431'!E97 -> 35.5 | T31: =I31/O31 -> 8952.2915 | U31: =K31/O31 -> -42.422229 | V31: =L31/O31 -> 8909.8693 | X31: =IF(D31="H",V31,0) -> 8909.8693 | Y31: =ROUND(IF(E31=1,V31,0),2) -> 0 | Z31: =IF(AND(X31=0,Y31=0),V31,) -> 0
A32: 26 | B32: 3441 | C32: South Tech Preparatory Academy (MS) | D32: =IF(COUNTIF('Surv2-3'!P:P,'Annual Rev & Fees'!B32)>0,"H","") -> H | F32: =-K32/I32 -> 0.0090707707 | G32: =-K32/J32 -> 0.0095644363 | I32: ='3441'!$J$107 -> 4696987.9 | J32: ='3441'!$J$109 -> 4454554.2 | K32: ='3441'!$J$114 -> -42605.3 | L32: ='3441'!$J$116 -> 4654382.6 | M32: ='3441'!$J$124 -> 387198.96 | O32: ='3441'!E28 -> 522.77 | P32: ='3441'!E50 -> 71 | Q32: =(-SUMIFS('Surv2-3'!J:J,'Surv2-3'!H:H,$B32,'Surv2-3'!I:I,"<=103")-SUMIFS('Surv2-3'!C:C,'Surv2-3'!A:A,$B32,'Surv2-3'!B:B,"<=103")-SUMIFS('Surv2-3'!J:J,'Surv2-3'!H:H,$B32,'Surv2-3'!I:I,130)-SUMIFS('Surv2-3'!C:C,'Surv2-3'!A:A,$B32,'Surv2-3'!B:B,130))/O32+1 -> 0.13581499 | R32: ='3441'!E97 -> 346.5 | T32: =I32/O32 -> 8984.8076 | U32: =K32/O32 -> -81.49913 | V32: =L32/O32 -> 8903.3085 | X32: =IF(D32="H",V32,0) -> 8903.3085 | Y32: =ROUND(IF(E32=1,V32,0),2) -> 0 | Z32: =IF(AND(X32=0,Y32=0),V32,) -> 0
A33: 27 | B33: 3924 | C33: Palm Beach Maritime Academy Secondary | D33: =IF(COUNTIF('Surv2-3'!P:P,'Annual Rev & Fees'!B33)>0,"H","") | F33: =-K33/I33 -> 0.029112964 | G33: =-K33/J33 -> 0.030717813 | I33: ='3924'!$J$107 -> 3594654.9 | J33: ='3924'!$J$109 -> 3406852.6 | K33: ='3924'!$J$114 -> -104651.06 | L33: ='3924'!$J$116 -> 3490003.8 | M33: ='3924'!$J$124 -> 289378.23 | O33: ='3924'!E28 -> 406.93 | P33: ='3924'!E50 -> 75.97 | Q33: =(-SUMIFS('Surv2-3'!J:J,'Surv2-3'!H:H,$B33,'Surv2-3'!I:I,"<=103")-SUMIFS('Surv2-3'!C:C,'Surv2-3'!A:A,$B33,'Surv2-3'!B:B,"<=103")-SUMIFS('Surv2-3'!J:J,'Surv2-3'!H:H,$B33,'Surv2-3'!I:I,130)-SUMIFS('Surv2-3'!C:C,'Surv2-3'!A:A,$B33,'Surv2-3'!B:B,130))/O33+1 -> 0.19054874 | R33: ='3924'!E97 -> 236 | T33: =I33/O33 -> 8833.5952 | U33: =K33/O33 -> -257.17214 | V33: =L33/O33 -> 8576.4231 | X33: =IF(D33="H",V33,0) -> 0 | Y33: =ROUND(IF(E33=1,V33,0),2) -> 0 | Z33: =IF(AND(X33=0,Y33=0),V33,) -> 8576.4231
A34: 28 | B34: 3941 | C34: Ben Gamla Charter School | D34: =IF(COUNTIF('Surv2-3'!P:P,'Annual Rev & Fees'!B34)>0,"H","") -> H | F34: =-K34/I34 -> 0.018910886 | G34: =-K34/J34 -> 0.019999999 | I34: ='3941'!$J$107 -> 2051309.5 | J34: ='3941'!$J$109 -> 1939604.1 | K34: ='3941'!$J$114 -> -38792.08 | L34: ='3941'!$J$116 -> 2012517.5 | M34: ='3941'!$J$124 -> 167870.46 | O34: ='3941'!E28 -> 224.3 | P34: ='3941'!E50 -> 33.03 | Q34: =(-SUMIFS('Surv2-3'!J:J,'Surv2-3'!H:H,$B34,'Surv2-3'!I:I,"<=103")-SUMIFS('Surv2-3'!C:C,'Surv2-3'!A:A,$B34,'Surv2-3'!B:B,"<=103")-SUMIFS('Surv2-3'!J:J,'Surv2-3'!H:H,$B34,'Surv2-3'!I:I,130)-SUMIFS('Surv2-3'!C:C,'Surv2-3'!A:A,$B34,'Surv2-3'!B:B,130))/O34+1 -> 0.14725814 | R34: ='3941'!E97 -> 0 | T34: =I34/O34 -> 9145.3836 | U34: =K34/O34 -> -172.9473 | V34: =L34/O34 -> 8972.4363 | X34: =IF(D34="H",V34,0) -> 8972.4363 | Y34: =ROUND(IF(E34=1,V34,0),2) -> 0 | Z34: =IF(AND(X34=0,Y34=0),V34,) -> 0
B35: 3961 | C35: Gardens School of Technology Arts | D35: =IF(COUNTIF('Surv2-3'!P:P,'Annual Rev & Fees'!B35)>0,"H","")
A36: 29 | B36: 3971 | C36: Palm Beach Preparatory Charter Academy | D36: =IF(COUNTIF('Surv2-3'!P:P,'Annual Rev & Fees'!B36)>0,"H","") | F36: =-K36/I36 -> 0.018165954 | G36: =-K36/J36 -> 0.019191205 | I36: ='3971'!$J$107 -> 5520827.5 | J36: ='3971'!$J$109 -> 5225888.7 | K36: ='3971'!$J$114 -> -100291.1 | L36: ='3971'!$J$116 -> 5420536.4 | M36: ='3971'!$J$124 -> 446791.37 | O36: ='3971'!E28 -> 651.34 | P36: ='3971'!E50 -> 133.83 | Q36: =(-SUMIFS('Surv2-3'!J:J,'Surv2-3'!H:H,$B36,'Surv2-3'!I:I,"<=103")-SUMIFS('Surv2-3'!C:C,'Surv2-3'!A:A,$B36,'Surv2-3'!B:B,"<=103")-SUMIFS('Surv2-3'!J:J,'Surv2-3'!H:H,$B36,'Surv2-3'!I:I,130)-SUMIFS('Surv2-3'!C:C,'Surv2-3'!A:A,$B36,'Surv2-3'!B:B,130))/O36+1 -> 0.20546873 | R36: ='3971'!E97 -> 130.5 | T36: =I36/O36 -> 8476.1069 | U36: =K36/O36 -> -153.97657 | V36: =L36/O36 -> 8322.1303 | X36: =IF(D36="H",V36,0) -> 0 | Y36: =ROUND(IF(E36=1,V36,0),2) -> 0 | Z36: =IF(AND(X36=0,Y36=0),V36,) -> 8322.1303
A37: 30 | B37: 4001 | C37: Renaissance Charter School at Wellington | D37: =IF(COUNTIF('Surv2-3'!P:P,'Annual Rev & Fees'!B37)>0,"H","") | F37: =-K37/I37 -> 0.018507979 | G37: =-K37/J37 -> 0.019568553 | I37: ='4001'!$J$107 -> 5743931.9 | J37: ='4001'!$J$109 -> 5432622.9 | K37: ='4001'!$J$114 -> -106308.57 | L37: ='4001'!$J$116 -> 5637623.4 | M37: ='4001'!$J$124 -> 469922.57 | O37: ='4001'!E28 -> 638.78 | P37: ='4001'!E50 -> 75.56 | Q37: =(-SUMIFS('Surv2-3'!J:J,'Surv2-3'!H:H,$B37,'Surv2-3'!I:I,"<=103")-SUMIFS('Surv2-3'!C:C,'Surv2-3'!A:A,$B37,'Surv2-3'!B:B,"<=103")-SUMIFS('Surv2-3'!J:J,'Surv2-3'!H:H,$B37,'Surv2-3'!I:I,130)-SUMIFS('Surv2-3'!C:C,'Surv2-3'!A:A,$B37,'Surv2-3'!B:B,130))/O37+1 -> 0.11828799 | R37: ='4001'!E97 -> 91 | T37: =I37/O37 -> 8992.0347 | U37: =K37/O37 -> -166.42439 | V37: =L37/O37 -> 8825.6103 | X37: =IF(D37="H",V37,0) -> 0 | Y37: =ROUND(IF(E37=1,V37,0),2) -> 0 | Z37: =IF(AND(X37=0,Y37=0),V37,) -> 8825.6103
A38: 31 | B38: 4002 | C38: Renaissance Charter School at Summit | D38: =IF(COUNTIF('Surv2-3'!P:P,'Annual Rev & Fees'!B38)>0,"H","") | F38: =-K38/I38 -> 0.013507853 | G38: =-K38/J38 -> 0.014294373 | I38: ='4002'!$J$107 -> 7874387.6 | J38: ='4002'!$J$109 -> 7441114.7 | K38: ='4002'!$J$114 -> -106366.07 | L38: ='4002'!$J$116 -> 7768021.5 | M38: ='4002'!$J$124 -> 647682.96 | O38: ='4002'!E28 -> 874.47 | P38: ='4002'!E50 -> 76.44 | Q38: =(-SUMIFS('Surv2-3'!J:J,'Surv2-3'!H:H,$B38,'Surv2-3'!I:I,"<=103")-SUMIFS('Surv2-3'!C:C,'Surv2-3'!A:A,$B38,'Surv2-3'!B:B,"<=103")-SUMIFS('Surv2-3'!J:J,'Surv2-3'!H:H,$B38,'Surv2-3'!I:I,130)-SUMIFS('Surv2-3'!C:C,'Surv2-3'!A:A,$B38,'Surv2-3'!B:B,130))/O38+1 -> 0.087412947 | R38: ='4002'!E97 -> 0.5 | T38: =I38/O38 -> 9004.7544 | U38: =K38/O38 -> -121.6349 | V38: =L38/O38 -> 8883.1195 | X38: =IF(D38="H",V38,0) -> 0 | Y38: =ROUND(IF(E38=1,V38,0),2) -> 0 | Z38: =IF(AND(X38=0,Y38=0),V38,) -> 8883.1195
B39: 4012 | C39: Somerset Academy Canyons Middle School | D39: =IF(COUNTIF('Surv2-3'!P:P,'Annual Rev & Fees'!B39)>0,"H","") | I39: ='4012'!$J$107 -> 0 | J39: ='4012'!$J$109 -> 0 | K39: ='4012'!$J$114 -> 0 | L39: ='4012'!$J$116 -> 0 | M39: ='4012'!$J$124 -> 0 | O39: ='4012'!E28 -> 0 | P39: ='4012'!E50 -> 0 | R39: ='4012'!E97 -> 0 | X39: =IF(D39="H",V39,0) -> 0 | Y39: =ROUND(IF(E39=1,V39,0),2) -> 0 | Z39: =IF(AND(X39=0,Y39=0),V39,) -> 0
A40: 32 | B40: 4013 | C40: Somerset Academy Canyons High School | D40: =IF(COUNTIF('Surv2-3'!P:P,'Annual Rev & Fees'!B40)>0,"H","") -> H | F40: =-K40/I40 -> 0.0031189002 | G40: =-K40/J40 -> 0.0032853021 | I40: ='4013'!$J$107 -> 13634489 | J40: ='4013'!$J$109 -> 12943896 | K40: ='4013'!$J$114 -> -42524.61 | L40: ='4013'!$J$116 -> 13591964 | M40: ='4013'!$J$124 -> 1128637.4 | O40: ='4013'!E28 -> 1521.93 | P40: ='4013'!E50 -> 169.53 | Q40: =(-SUMIFS('Surv2-3'!J:J,'Surv2-3'!H:H,$B40,'Surv2-3'!I:I,"<=103")-SUMIFS('Surv2-3'!C:C,'Surv2-3'!A:A,$B40,'Surv2-3'!B:B,"<=103")-SUMIFS('Surv2-3'!J:J,'Surv2-3'!H:H,$B40,'Surv2-3'!I:I,130)-SUMIFS('Surv2-3'!C:C,'Surv2-3'!A:A,$B40,'Surv2-3'!B:B,130))/O40+1 -> 0.14062408 | R40: ='4013'!E97 -> 28.5 | T40: =I40/O40 -> 8958.6833 | U40: =K40/O40 -> -27.941239 | V40: =L40/O40 -> 8930.7421 | X40: =IF(D40="H",V40,0) -> 8930.7421 | Y40: =ROUND(IF(E40=1,V40,0),2) -> 0 | Z40: =IF(AND(X40=0,Y40=0),V40,) -> 0
A41: 33 | B41: 4020 | C41: Franklin Academy - Boynton Beach | D41: =IF(COUNTIF('Surv2-3'!P:P,'Annual Rev & Fees'!B41)>0,"H","") | F41: =-K41/I41 -> 0.0095749693 | G41: =-K41/J41 -> 0.010123014 | I41: ='4020'!$J$107 -> 11103659 | J41: ='4020'!$J$109 -> 10502523 | K41: ='4020'!$J$114 -> -106317.19 | L41: ='4020'!$J$116 -> 10997341 | M41: ='4020'!$J$124 -> 916273.89 | O41: ='4020'!E28 -> 1234.81 | P41: ='4020'!E50 -> 158.13 | Q41: =(-SUMIFS('Surv2-3'!J:J,'Surv2-3'!H:H,$B41,'Surv2-3'!I:I,"<=103")-SUMIFS('Surv2-3'!C:C,'Surv2-3'!A:A,$B41,'Surv2-3'!B:B,"<=103")-SUMIFS('Surv2-3'!J:J,'Surv2-3'!H:H,$B41,'Surv2-3'!I:I,130)-SUMIFS('Surv2-3'!C:C,'Surv2-3'!A:A,$B41,'Surv2-3'!B:B,130))/O41+1 -> 0.12806019 | R41: ='4020'!E97 -> 251 | T41: =I41/O41 -> 8992.2 | U41: =K41/O41 -> -86.10004 | V41: =L41/O41 -> 8906.1 | X41: =IF(D41="H",V41,0) -> 0 | Y41: =ROUND(IF(E41=1,V41,0),2) -> 0 | Z41: =IF(AND(X41=0,Y41=0),V41,) -> 8906.1
B42: 4030 | C42: Olympus International Academy | D42: =IF(COUNTIF('Surv2-3'!P:P,'Annual Rev & Fees'!B42)>0,"H","") | F42: =IFERROR(-K42/I42,"") | G42: =IFERROR(-K42/J42,"") | I42: ='4030'!$J$107 -> 0 | J42: ='4030'!$J$109 -> 0 | K42: ='4030'!$J$114 -> 0 | L42: ='4030'!$J$116 -> 0 | M42: ='4030'!$J$124 -> 0 | O42: ='4030'!E28 -> 0 | P42: ='4030'!E50 -> 0 | R42: ='4030'!E97 -> 0 | T42: =IFERROR(I42/O42,0) -> 0 | U42: =IFERROR(K42/O42,0) -> 0 | V42: =IFERROR(L42/O42,0) -> 0 | X42: =IF(D42="H",V42,0) -> 0 | Y42: =ROUND(IF(E42=1,V42,0),2) -> 0 | Z42: =IF(AND(X42=0,Y42=0),V42,) -> 0
A43: 34 | B43: 4031 | C43: Somerset Academy Wellington | D43: =IF(COUNTIF('Surv2-3'!P:P,'Annual Rev & Fees'!B43)>0,"H","") | F43: =-K43/I43 -> 0.029694656 | G43: =-K43/J43 -> 0.03141098 | I43: ='4031'!$J$107 -> 3554031.8 | J43: ='4031'!$J$109 -> 3359836.3 | K43: ='4031'!$J$114 -> -105535.75 | L43: ='4031'!$J$116 -> 3448496 | M43: ='4031'!$J$124 -> 287325.83 | O43: ='4031'!E28 -> 397.95 | P43: ='4031'!E50 -> 50.61 | Q43: =(-SUMIFS('Surv2-3'!J:J,'Surv2-3'!H:H,$B43,'Surv2-3'!I:I,"<=103")-SUMIFS('Surv2-3'!C:C,'Surv2-3'!A:A,$B43,'Surv2-3'!B:B,"<=103")-SUMIFS('Surv2-3'!J:J,'Surv2-3'!H:H,$B43,'Surv2-3'!I:I,130)-SUMIFS('Surv2-3'!C:C,'Surv2-3'!A:A,$B43,'Surv2-3'!B:B,130))/O43+1 -> 0.12717678 | R43: ='4031'!E97 -> 0 | T43: =I43/O43 -> 8930.85 | U43: =K43/O43 -> -265.19852 | V43: =L43/O43 -> 8665.6515 | X43: =IF(D43="H",V43,0) -> 0 | Y43: =ROUND(IF(E43=1,V43,0),2) -> 0 | Z43: =IF(AND(X43=0,Y43=0),V43,) -> 8665.6515
A44: 35 | B44: 4041 | C44: Somerset Academy Boca Middle School | D44: =IF(COUNTIF('Surv2-3'!P:P,'Annual Rev & Fees'!B44)>0,"H","") -> H | F44: =-K44/I44 -> 0.018914424 | G44: =-K44/J44 -> 0.019999997 | I44: ='4041'!$J$107 -> 812800.86 | J44: ='4041'!$J$109 -> 768683.1 | K44: ='4041'!$J$114 -> -15373.66 | L44: ='4041'!$J$116 -> 797427.2 | M44: ='4041'!$J$124 -> 66236 | O44: ='4041'!E28 -> 94.8 | P44: ='4041'!E50 -> 18.91 | Q44: =(-SUMIFS('Surv2-3'!J:J,'Surv2-3'!H:H,$B44,'Surv2-3'!I:I,"<=103")-SUMIFS('Surv2-3'!C:C,'Surv2-3'!A:A,$B44,'Surv2-3'!B:B,"<=103")-SUMIFS('Surv2-3'!J:J,'Surv2-3'!H:H,$B44,'Surv2-3'!I:I,130)-SUMIFS('Surv2-3'!C:C,'Surv2-3'!A:A,$B44,'Surv2-3'!B:B,130))/O44+1 -> 0.19947257 | R44: ='4041'!E97 -> 0 | T44: =I44/O44 -> 8573.8487 | U44: =K44/O44 -> -162.16941 | V44: =L44/O44 -> 8411.6793 | X44: =IF(D44="H",V44,0) -> 8411.6793 | Y44: =ROUND(IF(E44=1,V44,0),2) -> 0 | Z44: =IF(AND(X44=0,Y44=0),V44,) -> 0
A45: 36 | B45: 4050 | C45: Renaissance Charter School at Cypress | D45: =IF(COUNTIF('Surv2-3'!P:P,'Annual Rev & Fees'!B45)>0,"H","") | F45: =-K45/I45 -> 0.018644881 | G45: =-K45/J45 -> 0.019727913 | I45: ='4050'!$J$107 -> 5650361.6 | J45: ='4050'!$J$109 -> 5340165.5 | K45: ='4050'!$J$114 -> -105350.32 | L45: ='4050'!$J$116 -> 5545011.3 | M45: ='4050'!$J$124 -> 462214.15 | O45: ='4050'!E28 -> 633.62 | P45: ='4050'!E50 -> 65.5 | Q45: =(-SUMIFS('Surv2-3'!J:J,'Surv2-3'!H:H,$B45,'Surv2-3'!I:I,"<=103")-SUMIFS('Surv2-3'!C:C,'Surv2-3'!A:A,$B45,'Surv2-3'!B:B,"<=103")-SUMIFS('Surv2-3'!J:J,'Surv2-3'!H:H,$B45,'Surv2-3'!I:I,130)-SUMIFS('Surv2-3'!C:C,'Surv2-3'!A:A,$B45,'Surv2-3'!B:B,130))/O45+1 -> 0.10337426 | R45: ='4050'!E97 -> 0 | T45: =I45/O45 -> 8917.5872 | U45: =K45/O45 -> -166.26735 | V45: =L45/O45 -> 8751.3199 | X45: =IF(D45="H",V45,0) -> 0 | Y45: =ROUND(IF(E45=1,V45,0),2) -> 0 | Z45: =IF(AND(X45=0,Y45=0),V45,) -> 8751.3199
A46: 37 | B46: 4051 | C46: Renaissance Charter School at Central Palm | D46: =IF(COUNTIF('Surv2-3'!P:P,'Annual Rev & Fees'!B46)>0,"H","") | F46: =-K46/I46 -> 0.018990789 | G46: =-K46/J46 -> 0.020096786 | I46: ='4051'!$J$107 -> 5570312 | J46: ='4051'!$J$109 -> 5263758.2 | K46: ='4051'!$J$114 -> -105784.62 | L46: ='4051'!$J$116 -> 5464527.4 | M46: ='4051'!$J$124 -> 455499.59 | O46: ='4051'!E28 -> 621.99 | P46: ='4051'!E50 -> 64.5 | Q46: =(-SUMIFS('Surv2-3'!J:J,'Surv2-3'!H:H,$B46,'Surv2-3'!I:I,"<=103")-SUMIFS('Surv2-3'!C:C,'Surv2-3'!A:A,$B46,'Surv2-3'!B:B,"<=103")-SUMIFS('Surv2-3'!J:J,'Surv2-3'!H:H,$B46,'Surv2-3'!I:I,130)-SUMIFS('Surv2-3'!C:C,'Surv2-3'!A:A,$B46,'Surv2-3'!B:B,130))/O46+1 -> 0.10369942 | R46: ='4051'!E97 -> 0 | T46: =I46/O46 -> 8955.6295 | U46: =K46/O46 -> -170.07447 | V46: =L46/O46 -> 8785.5551 | X46: =IF(D46="H",V46,0) -> 0 | Y46: =ROUND(IF(E46=1,V46,0),2) -> 0 | Z46: =IF(AND(X46=0,Y46=0),V46,) -> 8785.5551
A47: 38 | B47: 4061 | C47: Franklin Academy - Palm Beach Gardens | D47: =IF(COUNTIF('Surv2-3'!P:P,'Annual Rev & Fees'!B47)>0,"H","") | F47: =-K47/I47 -> 0.012767258 | G47: =-K47/J47 -> 0.013505775 | I47: ='4061'!$J$107 -> 8208371 | J47: ='4061'!$J$109 -> 7759524.1 | K47: ='4061'!$J$114 -> -104798.39 | L47: ='4061'!$J$116 -> 8103572.6 | M47: ='4061'!$J$124 -> 675732.22 | O47: ='4061'!E28 -> 925.53 | P47: ='4061'!E50 -> 75.5 | Q47: =(-SUMIFS('Surv2-3'!J:J,'Surv2-3'!H:H,$B47,'Surv2-3'!I:I,"<=103")-SUMIFS('Surv2-3'!C:C,'Surv2-3'!A:A,$B47,'Surv2-3'!B:B,"<=103")-SUMIFS('Surv2-3'!J:J,'Surv2-3'!H:H,$B47,'Surv2-3'!I:I,130)-SUMIFS('Surv2-3'!C:C,'Surv2-3'!A:A,$B47,'Surv2-3'!B:B,130))/O47+1 -> 0.081574881 | R47: ='4061'!E97 -> 102 | T47: =I47/O47 -> 8868.833 | U47: =K47/O47 -> -113.23068 | V47: =L47/O47 -> 8755.6023 | X47: =IF(D47="H",V47,0) -> 0 | Y47: =ROUND(IF(E47=1,V47,0),2) -> 0 | Z47: =IF(AND(X47=0,Y47=0),V47,) -> 8755.6023
B48: 4080 | C48: University Preparatory Academy | D48: =IF(COUNTIF('Surv2-3'!P:P,'Annual Rev & Fees'!B48)>0,"H","")
A49: 39 | B49: 4081 | C49: Florida Futures Academy - North Campus | D49: =IF(COUNTIF('Surv2-3'!P:P,'Annual Rev & Fees'!B49)>0,"H","") | F49: =-K49/I49 -> 0.047323901 | G49: =-K49/J49 -> 0.049999999 | I49: ='4081'!$J$107 -> 1042053.8 | J49: ='4081'!$J$109 -> 986281.02 | K49: ='4081'!$J$114 -> -49314.05 | L49: ='4081'!$J$116 -> 992739.74 | M49: ='4081'!$J$124 -> 81947.66 | O49: ='4081'!E28 -> 123.15 | P49: ='4081'!E50 -> 21.46 | Q49: =(-SUMIFS('Surv2-3'!J:J,'Surv2-3'!H:H,$B49,'Surv2-3'!I:I,"<=103")-SUMIFS('Surv2-3'!C:C,'Surv2-3'!A:A,$B49,'Surv2-3'!B:B,"<=103")-SUMIFS('Surv2-3'!J:J,'Surv2-3'!H:H,$B49,'Surv2-3'!I:I,130)-SUMIFS('Surv2-3'!C:C,'Surv2-3'!A:A,$B49,'Surv2-3'!B:B,130))/O49+1 -> 0.17425903 | R49: ='4081'!E97 -> 32.5 | T49: =I49/O49 -> 8461.6629 | U49: =K49/O49 -> -400.4389 | V49: =L49/O49 -> 8061.224 | X49: =IF(D49="H",V49,0) -> 0 | Y49: =ROUND(IF(E49=1,V49,0),2) -> 0 | Z49: =IF(AND(X49=0,Y49=0),V49,) -> 8061.224
A50: 40 | B50: 4090 | C50: Sports Leadership Academy (SLAM) | D50: =IF(COUNTIF('Surv2-3'!P:P,'Annual Rev & Fees'!B50)>0,"H","") | F50: =-K50/I50 -> 0.036514053 | G50: =-K50/J50 -> 0.038631519 | I50: ='4090'!$J$107 -> 2759912.5 | J50: ='4090'!$J$109 -> 2608636.5 | K50: ='4090'!$J$114 -> -100775.59 | L50: ='4090'!$J$116 -> 2659136.9 | M50: ='4090'!$J$124 -> 221237.29 | O50: ='4090'!E28 -> 323.57 | P50: ='4090'!E50 -> 42.91 | Q50: =(-SUMIFS('Surv2-3'!J:J,'Surv2-3'!H:H,$B50,'Surv2-3'!I:I,"<=103")-SUMIFS('Surv2-3'!C:C,'Surv2-3'!A:A,$B50,'Surv2-3'!B:B,"<=103")-SUMIFS('Surv2-3'!J:J,'Surv2-3'!H:H,$B50,'Surv2-3'!I:I,130)-SUMIFS('Surv2-3'!C:C,'Surv2-3'!A:A,$B50,'Surv2-3'!B:B,130))/O50+1 -> 0.13261427 | R50: ='4090'!E97 -> 0 | T50: =I50/O50 -> 8529.5685 | U50: =K50/O50 -> -311.44911 | V50: =L50/O50 -> 8218.1194 | X50: =IF(D50="H",V50,0) -> 0 | Y50: =ROUND(IF(E50=1,V50,0),2) -> 0 | Z50: =IF(AND(X50=0,Y50=0),V50,) -> 8218.1194
A51: 41 | B51: 4091 | C51: Somerset Academy Lakes | D51: =IF(COUNTIF('Surv2-3'!P:P,'Annual Rev & Fees'!B51)>0,"H","") | F51: =-K51/I51 -> 0.029969086 | G51: =-K51/J51 -> 0.031708989 | I51: ='4091'!$J$107 -> 3630750.3 | J51: ='4091'!$J$109 -> 3431527.6 | K51: ='4091'!$J$114 -> -108810.27 | L51: ='4091'!$J$116 -> 3521940.1 | M51: ='4091'!$J$124 -> 293781.88 | O51: ='4091'!E28 -> 394.21 | P51: ='4091'!E50 -> 43 | Q51: =(-SUMIFS('Surv2-3'!J:J,'Surv2-3'!H:H,$B51,'Surv2-3'!I:I,"<=103")-SUMIFS('Surv2-3'!C:C,'Surv2-3'!A:A,$B51,'Surv2-3'!B:B,"<=103")-SUMIFS('Surv2-3'!J:J,'Surv2-3'!H:H,$B51,'Surv2-3'!I:I,130)-SUMIFS('Surv2-3'!C:C,'Surv2-3'!A:A,$B51,'Surv2-3'!B:B,130))/O51+1 -> 0.10907892 | R51: ='4091'!E97 -> 0 | T51: =I51/O51 -> 9210.1934 | U51: =K51/O51 -> -276.02108 | V51: =L51/O51 -> 8934.1723 | X51: =IF(D51="H",V51,0) -> 0 | Y51: =ROUND(IF(E51=1,V51,0),2) -> 0 | Z51: =IF(AND(X51=0,Y51=0),V51,) -> 8934.1723
A52: 42 | B52: 4100 | C52: Connections Education Center of the PBs | D52: =IF(COUNTIF('Surv2-3'!P:P,'Annual Rev & Fees'!B52)>0,"H","") | E52: 1 | F52: =-K52/I52 -> 0.0077075999 | G52: =-K52/J52 -> 0.0081786392 | I52: ='4100'!$J$107 -> 4349342.3 | J52: ='4100'!$J$109 -> 4098846.9 | K52: ='4100'!$J$114 -> -33522.99 | L52: ='4100'!$J$116 -> 4315819.3 | M52: ='4100'!$J$124 -> 359492.69 | O52: ='4100'!E28 -> 111 | P52: ='4100'!E50 -> 4 | Q52: =(-SUMIFS('Surv2-3'!J:J,'Surv2-3'!H:H,$B52,'Surv2-3'!I:I,"<=103")-SUMIFS('Surv2-3'!C:C,'Surv2-3'!A:A,$B52,'Surv2-3'!B:B,"<=103")-SUMIFS('Surv2-3'!J:J,'Surv2-3'!H:H,$B52,'Surv2-3'!I:I,130)-SUMIFS('Surv2-3'!C:C,'Surv2-3'!A:A,$B52,'Surv2-3'!B:B,130))/O52+1 -> 1 | R52: ='4100'!E97 -> 6 | T52: =I52/O52 -> 39183.264 | U52: =K52/O52 -> -302.00892 | V52: =L52/O52 -> 38881.255 | X52: =IF(D52="H",V52,0) -> 0 | Y52: =ROUND(IF(E52=1,V52,0),2) -> 38881.25 | Z52: =IF(AND(X52=0,Y52=0),V52,) -> 0
A53: 43 | B53: 4102 | C53: BridgePrep Academy of Palm Beach | D53: =IF(COUNTIF('Surv2-3'!P:P,'Annual Rev & Fees'!B53)>0,"H","") | F53: =-K53/I53 -> 0.047263991 | G53: =-K53/J53 -> 0.050000003 | I53: ='4102'!$J$107 -> 1627823.6 | J53: ='4102'!$J$109 -> 1538748.7 | K53: ='4102'!$J$114 -> -76937.44 | L53: ='4102'!$J$116 -> 1550886.2 | M53: ='4102'!$J$124 -> 129374.31 | O53: ='4102'!E28 -> 178.89 | P53: ='4102'!E50 -> 18.65 | Q53: =(-SUMIFS('Surv2-3'!J:J,'Surv2-3'!H:H,$B53,'Surv2-3'!I:I,"<=103")-SUMIFS('Surv2-3'!C:C,'Surv2-3'!A:A,$B53,'Surv2-3'!B:B,"<=103")-SUMIFS('Surv2-3'!J:J,'Surv2-3'!H:H,$B53,'Surv2-3'!I:I,130)-SUMIFS('Surv2-3'!C:C,'Surv2-3'!A:A,$B53,'Surv2-3'!B:B,130))/O53+1 -> 0.10425401 | R53: ='4102'!E97 -> 0 | T53: 0 | U53: 0 | V53: 0 | X53: =IF(D53="H",V53,0) -> 0 | Y53: =ROUND(IF(E53=1,V53,0),2) -> 0 | Z53: =IF(AND(X53=0,Y53=0),V53,) -> 0
A54: 44 | B54: 4103 | C54: SLAM Boca | D54: =IF(COUNTIF('Surv2-3'!P:P,'Annual Rev & Fees'!B54)>0,"H","") | F54: =IF(I54=0,0,-K54/I54) -> 0.0123071 | G54: =-K54/J54 -> 0.012997546 | I54: ='4103'!$J$107 -> 8455465.4 | J54: ='4103'!$J$109 -> 8006300.5 | K54: ='4103'!$J$114 -> -104062.26 | L54: ='4103'!$J$116 -> 8351403.2 | M54: ='4103'!$J$124 -> 693688.39 | O54: ='4103'!E28 -> 961.72 | P54: ='4103'!E50 -> 112.58 | Q54: =(-SUMIFS('Surv2-3'!J:J,'Surv2-3'!H:H,$B54,'Surv2-3'!I:I,"<=103")-SUMIFS('Surv2-3'!C:C,'Surv2-3'!A:A,$B54,'Surv2-3'!B:B,"<=103")-SUMIFS('Surv2-3'!J:J,'Surv2-3'!H:H,$B54,'Surv2-3'!I:I,130)-SUMIFS('Surv2-3'!C:C,'Surv2-3'!A:A,$B54,'Surv2-3'!B:B,130))/O54+1 -> 0.16373789 | R54: ='4103'!E97 -> 0.5 | T54: =IF(O54=0,0,I54/O54) -> 8792.0241 | U54: =IF(O54=0,0,K54/O54) -> -108.20432 | V54: =IF(O54=0,0,L54/O54) -> 8683.8198 | X54: =IF(D54="H",V54,0) -> 0 | Y54: =ROUND(IF(E54=1,V54,0),2) -> 0 | Z54: =IF(AND(X54=0,Y54=0),V54,) -> 8683.8198
A55: 45 | B55: 4111 | C55: SLAM HS Palm Beach | D55: =IF(COUNTIF('Surv2-3'!P:P,'Annual Rev & Fees'!B55)>0,"H","") | F55: =IF(I55=0,0,-K55/I55) -> 0.036036689 | G55: =-K55/J55 -> 0.038128355 | I55: ='4111'!$J$107 -> 2752376.6 | J55: ='4111'!$J$109 -> 2601385.3 | K55: ='4111'!$J$114 -> -99186.54 | L55: ='4111'!$J$116 -> 2653190.1 | M55: ='4111'!$J$124 -> 219735.54 | O55: ='4111'!E28 -> 327.84 | P55: ='4111'!E50 -> 37.07 | Q55: =(-SUMIFS('Surv2-3'!J:J,'Surv2-3'!H:H,$B55,'Surv2-3'!I:I,"<=103")-SUMIFS('Surv2-3'!C:C,'Surv2-3'!A:A,$B55,'Surv2-3'!B:B,"<=103")-SUMIFS('Surv2-3'!J:J,'Surv2-3'!H:H,$B55,'Surv2-3'!I:I,130)-SUMIFS('Surv2-3'!C:C,'Surv2-3'!A:A,$B55,'Surv2-3'!B:B,130))/O55+1 -> 0.18914714 | R55: ='4111'!E97 -> 1 | T55: =IF(O55=0,0,I55/O55) -> 8395.4876 | U55: =IF(O55=0,0,K55/O55) -> -302.54557 | V55: =IF(O55=0,0,L55/O55) -> 8092.942 | X55: =IF(D55="H",V55,0) -> 0 | Y55: =ROUND(IF(E55=1,V55,0),2) -> 0 | Z55: =IF(AND(X55=0,Y55=0),V55,) -> 8092.942
A56: 46 | B56: 4131 | C56: Somerset Academy Wellington HS | D56: =IF(COUNTIF('Surv2-3'!P:P,'Annual Rev & Fees'!B56)>0,"H","") | F56: =IF(I56=0,0,-K56/I56) -> 0.047255704 | G56: =-K56/J56 -> 0.050000003 | I56: ='4131'!$J$107 -> 1018271.4 | J56: ='4131'!$J$109 -> 962382.55 | K56: ='4131'!$J$114 -> -48119.13 | L56: ='4131'!$J$116 -> 970152.23 | M56: ='4131'!$J$124 -> 80422.79 | O56: ='4131'!E28 -> 121.44 | P56: ='4131'!E50 -> 11.97 | Q56: =(-SUMIFS('Surv2-3'!J:J,'Surv2-3'!H:H,$B56,'Surv2-3'!I:I,"<=103")-SUMIFS('Surv2-3'!C:C,'Surv2-3'!A:A,$B56,'Surv2-3'!B:B,"<=103")-SUMIFS('Surv2-3'!J:J,'Surv2-3'!H:H,$B56,'Surv2-3'!I:I,130)-SUMIFS('Surv2-3'!C:C,'Surv2-3'!A:A,$B56,'Surv2-3'!B:B,130))/O56+1 -> 0.16147892 | R56: ='4131'!E97 -> 0.5 | T56: =IF(O56=0,0,I56/O56) -> 8384.975 | U56: =IF(O56=0,0,K56/O56) -> -396.2379 | V56: =IF(O56=0,0,L56/O56) -> 7988.7371 | X56: =IF(D56="H",V56,0) -> 0 | Y56: =ROUND(IF(E56=1,V56,0),2) -> 0 | Z56: =IF(AND(X56=0,Y56=0),V56,) -> 7988.7371
F57: =IF(I57=0,0,-K57/I57) -> 0 | G57: =IFERROR(-K57/J57,"") | I57: ='4141'!$J$107 -> 0 | J57: ='4141'!$J$109 -> 0 | K57: ='4141'!$J$114 -> 0 | L57: ='4141'!$J$116 -> 0 | M57: ='4141'!$J$124 -> 0 | O57: {='4141'!E29:F29} -> 0 | P57: 0 | T57: =IF(O57=0,0,I57/O57) -> 0 | U57: =IF(O57=0,0,K57/O57) -> 0 | V57: =IF(O57=0,0,L57/O57) -> 0 | X57: =IF(D57="H",V57,0) -> 0 | Y57: =ROUND(IF(E57=1,V57,0),2) -> 0 | Z57: =IF(AND(X57=0,Y57=0),V57,) -> 0
D59: =COUNTIF(D6:D58,"H") -> 9 | E59: =SUM(E6:E58) -> 9 | F59: =-K59/I59 -> 0.014567977 | G59: =-K59/J59 -> 0.015388241 | I59: =SUM(I6:I58) -> 2.131026e+08 | J59: =SUM(J6:J58) -> 2.0174325e+08 | K59: =SUM(K6:K58) -> -3104473.8 | L59: =SUM(L6:L58) -> 2.0999812e+08 | M59: =SUM(M6:M58) -> 17454412 | O59: =SUM(O6:O58) -> 21121.92 | P59: =SUM(P6:P58) -> 3232.85 | R59: =SUM(R6:R58) -> 3969.0005 | T59: =SUM(T6:T58) -> #DIV/0! | U59: =K59/O59 -> -146.97877 | V59: =L59/O59 -> 9942.189 | X59: =AVERAGEIF(X9:X55,"<>0") -> 8977.0507 | Y59: =AVERAGEIF(Y9:Y55,"<>0") -> 26618.202 | Z59: =AVERAGEIF(Z6:Z56,"<>0") -> #DIV/0!
C61: Consolidated tab totals | I61: =Consolidated!I142 -> 2.131026e+08 | J61: =Consolidated!I144 -> 2.0174325e+08 | K61: =Consolidated!I149 -> -3104473.8 | L61: =I61+K61 -> 2.0999812e+08 | M61: =Consolidated!I159 -> 17454412
C63: Difference | I63: =I61-I59 -> 0 | J63: =J61-J59 -> 0 | K63: =K61-K59 -> 0 | L63: =L61-L59 -> 0 | M63: =M61-M59 -> 0

Sheet Charter Schools
B1: Palm Beach County Charter Schools
B3: Sorted by School Number | E3: Sorted by School Name
B4: Dept # | C4: Charter School Name | E4: Dept # | F4: Charter School Name
A5: 1 | B5: 0040 | C5: Palm Beach Preparatory Academy Middle School | E5: 3400 | F5: Believers Academy
A6: 2 | B6: 0100 | C6: The Learning Center High School | E6: 3941 | F6: Ben Gamla Charter School
A7: 3 | B7: 0571 | C7: Palmetto Park | E7: 4102 | F7: BridgePrep Academy of PB
A8: 4 | B8: 1461 | C8: Inlet Grove Community High School | E8: 3345 | F8: Career Academy of the Palm Beaches
A9: 5 | B9: 1571 | C9: South Tech Charter Academy | E9: 4100 | F9: Connections Education Center of the Palm Beaches
A10: 6 | B10: 2521 | C10: Ed Venture | E10: 2521 | F10: Ed Venture
A11: 7 | B11: 2531 | C11: Bodwell Academy (formerly - Potentials Charter School) | E11: 3398 | F11: Everglades Preparatory Academy
A12: 8 | B12: 2791 | C12: The Learning Center at The Els Center of Excellence | E12: 4081 | F12: Florida Futures Academy - North Campus
A13: 9 | B13: 2801 | C13: Palm Beach Maritime Academy Elementary | E13: 4020 | F13: Franklin Academy - Boynton Beach
A14: 10 | B14: 2911 | C14: Western Academy Charter School | E14: 4061 | F14: Franklin Academy - Palm Beach Gardens
A15: 11 | B15: 2941 | C15: Palm Beach School for Autism | E15: 3382 | F15: Glades Academy
A16: 12 | B16: 3083 | C16: The Learning Academy at The Els Center of Excellence | E16: 3396 | F16: G-Star School of the Arts for Motion Pictures and Television
... A50: 46 | B50: 4131 | C50: Somerset Academy Wellington HS | E50: 3421 | F50: Worthington High School

Sheet Cumulative Payments
A1: Cumulative Payments
D4: Net Revenue | E4: July | F4: August | G4: Sept | H4: Oct | I4: Nov | J4: Dec | K4: Jan | L4: Feb | M4: March | N4: April | O4: May | P4: June | Q4: Payments including current month
A5: 1 | B5: 0040 | C5: Palm Beach Preparatory Middle School | D5: ='Annual Rev & Fees'!L6 -> 0 | E5: 17938 | F5: 16903.62 | G5: ='Annual Rev & Fees'!M6 -> 0 | Q5: =SUM(E5:P5) -> 34841.62 | R5: 0
A6: 2 | B6: 0571 | C6: Palmetto Park | D6: ='Annual Rev & Fees'!L7 -> 1010991.9 | E6: 97114.58 | F6: 83079.76 | G6: ='Annual Rev & Fees'!M7 -> 83079.76 | Q6: =SUM(E6:P6) -> 263274.1
A7: 3 | B7: 0100 | C7: The Learning Center Highschool | D7: ='Annual Rev & Fees'!L8 -> 879484.39 | E7: 74347.16 | F7: 73194.29 | G7: ='Annual Rev & Fees'!M8 -> 73194.29 | Q7: =SUM(E7:P7) -> 220735.74 | R7: 0
A8: 4 | B8: 1461 | C8: Inlet Grove Community High School | D8: ='Annual Rev & Fees'!L9 -> 7578795.2 | E8: 659118.96 | F8: 629061.48 | G8: ='Annual Rev & Fees'!M9 -> 629061.48 | Q8: =SUM(E8:P8) -> 1917241.9 | R8: 0
A9: 5 | B9: 1571 | C9: South Tech Charter Academy | D9: ='Annual Rev & Fees'!L10 -> 10507749 | E9: 999703.09 | F9: 864367.77 | G9: ='Annual Rev & Fees'!M10 -> 864367.77 | Q9: =SUM(E9:P9) -> 2728438.6 | R9: 0
A10: 6 | B10: 2521 | C10: Ed Venture | D10: ='Annual Rev & Fees'!L11 -> 1329553.1 | E10: 111205.53 | F10: 110758.87 | G10: ='Annual Rev & Fees'!M11 -> 110758.87 | Q10: =SUM(E10:P10) -> 332723.27 | R10: 0
A11: 7 | B11: 2531 | C11: Bodwell Academy | D11: ='Annual Rev & Fees'!L12 -> 1445534.9 | E11: 121397.44 | F11: 120376.14 | G11: ='Annual Rev & Fees'!M12 -> 120376.14 | Q11: =SUM(E11:P11) -> 362149.72 | R11: 0
A12: 8 | B12: 2791 | C12: The Learning Center @ The Els Center of Excl | D12: ='Annual Rev & Fees'!L13 -> 5867677.1 | E12: 491302.44 | F12: 488761.33 | G12: ='Annual Rev & Fees'!M13 -> 488761.33 | Q12: =SUM(E12:P12) -> 1468825.1 | R12: 0
A13: 9 | B13: 2801 | C13: Palm Beach Maritime Academy Elementary | D13: ='Annual Rev & Fees'!L14 -> 5117925.9 | E13: 425374.59 | F13: 426595.58 | G13: ='Annual Rev & Fees'!M14 -> 426595.58 | Q13: =SUM(E13:P13) -> 1278565.8 | R13: 0
A14: 10 | B14: 2911 | C14: Western Academy Charter School | D14: ='Annual Rev & Fees'!L15 -> 6936527.6 | E14: 585021.03 | F14: 577409.68 | G14: ='Annual Rev & Fees'!M15 -> 577409.68 | Q14: =SUM(E14:P14) -> 1739840.4 | R14: 0
A15: 11 | B15: 2941 | C15: Palm Beach School for Autism | D15: ='Annual Rev & Fees'!L16 -> 11190698 | E15: 930045.01 | F15: 932786.67 | G15: ='Annual Rev & Fees'!M16 -> 932786.67 | Q15: =SUM(E15:P15) -> 2795618.4 | R15: 0
A16: 12 | B16: 3083 | C16: The Learning Academy @ The Els Center of Excl | D16: ='Annual Rev & Fees'!L17 -> 6636088.8 | E16: 556872.88 | F16: 552656 | G16: ='Annual Rev & Fees'!M17 -> 552656 | Q16: =SUM(E16:P16) -> 1662184.9 | R16: 0
A17: 13 | B17: 3345 | C17: Career Academy of the Palm Beaches | D17: ='Annual Rev & Fees'!L18 -> 1131298.7 | E17: 103368.96 | F17: 93448.16 | G17: ='Annual Rev & Fees'!M18 -> 93448.16 | Q17: =SUM(E17:P17) -> 290265.28 | R17: 0
A18: 14 | B18: 3362 | C18: Somerset Avenir | D18: ='Annual Rev & Fees'!L19 -> 1419741.9 | E18: 116281.74 | F18: 118496.38 | G18: ='Annual Rev & Fees'!M19 -> 118496.38 | Q18: =SUM(E18:P18) -> 353274.5
A19: 15 | B19: 3381 | C19: Imagine Schools - Chancellor Campus | D19: ='Annual Rev & Fees'!L20 -> 9358031.8 | E19: 790317.65 | F19: 778883.11 | G19: ='Annual Rev & Fees'!M20 -> 778883.11 | Q19: =SUM(E19:P19) -> 2348083.9 | R19: 0
A20: 16 | B20: 3382 | C20: Glades Academy | D20: ='Annual Rev & Fees'!L21 -> 2346622.4 | E20: 198745.57 | F20: 195261.53 | G20: ='Annual Rev & Fees'!M21 -> 195261.53 | Q20: =SUM(E20:P20) -> 589268.63 | R20: 0
A21: 17 | B21: 3391 | C21: Seagull Academy for Independent Living | D21: ='Annual Rev & Fees'!L22 -> 0 | E21: 0 | F21: 0 | G21: ='Annual Rev & Fees'!M22 -> 0 | Q21: =SUM(E21:P21) -> 0 | R21: 0
A22: 18 | B22: 3394 | C22: Montessori Academy of Early Enrichment | D22: ='Annual Rev & Fees'!L23 -> 1704202.5 | E22: 140988.8 | F22: 142110.34 | G22: ='Annual Rev & Fees'!M23 -> 142110.34 | Q22: =SUM(E22:P22) -> 425209.48 | R22: 0
A23: 19 | B23: 3395 | C23: Somerset Academy Charter School | D23: ='Annual Rev & Fees'!L24 -> 4708706.1 | E23: 392880.9 | F23: 392347.75 | G23: ='Annual Rev & Fees'!M24 -> 392347.75 | Q23: =SUM(E23:P23) -> 1177576.4 | R23: 0
A24: 20 | B24: 3396 | C24: G-Star School of the Arts | D24: ='Annual Rev & Fees'!L25 -> 6253973.1 | E24: 551140.87 | F24: 518439.3 | G24: ='Annual Rev & Fees'!M25 -> 518439.3 | Q24: =SUM(E24:P24) -> 1588019.5 | R24: 0
A25: 21 | B25: 3398 | C25: Everglades Preparatory Academy | D25: ='Annual Rev & Fees'!L26 -> 872335.59 | E25: 82371.99 | F25: 71814.87 | G25: ='Annual Rev & Fees'!M26 -> 71814.87 | Q25: =SUM(E25:P25) -> 226001.73 | R25: 0
A26: 22 | B26: 3400 | C26: Believers Academy | D26: ='Annual Rev & Fees'!L27 -> 1117467.9 | E26: 108668.62 | F26: 91709.02 | G26: ='Annual Rev & Fees'!M27 -> 91709.02 | Q26: =SUM(E26:P26) -> 292086.66 | R26: 0
A27: 23 | B27: 3401 | C27: Quantum High School | D27: ='Annual Rev & Fees'!L28 -> 3309365.3 | E27: 307859.9 | F27: 272864.12 | G27: ='Annual Rev & Fees'!M28 -> 272864.13 | Q27: =SUM(E27:P27) -> 853588.15 | R27: 0
A28: 24 | B28: 3413 | C28: Somerset Academy Boca | D28: ='Annual Rev & Fees'!L29 -> 3543643.9 | E28: 296789.01 | F28: 295168.62 | G28: ='Annual Rev & Fees'!M29 -> 295168.63 | Q28: =SUM(E28:P28) -> 887126.26 | R28: 0
A29: 25 | B29: 3421 | C29: Worthington High School | D29: ='Annual Rev & Fees'!L30 -> 4896438.6 | E29: 454328.31 | F29: 403828.21 | G29: ='Annual Rev & Fees'!M30 -> 403828.21 | Q29: =SUM(E29:P29) -> 1261984.7 | R29: 0
A30: 26 | B30: 3431 | C30: Renaissance Charter School at WPB | D30: ='Annual Rev & Fees'!L31 -> 8888574.7 | E30: 742534.27 | F30: 740549.13 | G30: ='Annual Rev & Fees'!M31 -> 740549.13 | Q30: =SUM(E30:P30) -> 2223632.5 | R30: 0
A31: 27 | B31: 3441 | C31: South Tech Preparatory Academy (MS) | D31: ='Annual Rev & Fees'!L32 -> 4654382.6 | E31: 395194 | F31: 387198.96 | G31: ='Annual Rev & Fees'!M32 -> 387198.96 | Q31: =SUM(E31:P31) -> 1169591.9 | R31: 0
A32: 28 | B32: 3924 | C32: Palm Beach Maritime Academy Secondary | D32: ='Annual Rev & Fees'!L33 -> 3490003.8 | E32: 306843.31 | F32: 289378.23 | G32: ='Annual Rev & Fees'!M33 -> 289378.23 | Q32: =SUM(E32:P32) -> 885599.77 | R32: 0
A33: 29 | B33: 3941 | C33: Ben Gamla Charter School | D33: ='Annual Rev & Fees'!L34 -> 2012517.5 | E33: 165942.38 | F33: 167870.46 | G33: ='Annual Rev & Fees'!M34 -> 167870.46 | Q33: =SUM(E33:P33) -> 501683.3 | R33: 0
A34: 30 | B34: 3961 | C34: Gardens School of Technology Arts | D34: ='Annual Rev & Fees'!L35 -> 0 | E34: 0 | F34: 0 | G34: ='Annual Rev & Fees'!M35 -> 0 | Q34: =SUM(E34:P34) -> 0 | R34: 0
A35: 31 | B35: 3971 | C35: Palm Beach Perparatory Charter Academy | D35: ='Annual Rev & Fees'!L36 -> 5420536.4 | E35: 488883.35 | F35: 428897.69 | G35: ='Annual Rev & Fees'!M36 -> 446791.37 | Q35: =SUM(E35:P35) -> 1364572.4 | R35: 0
A36: 32 | B36: 4001 | C36: Renaissance Charter School at Wellington | D36: ='Annual Rev & Fees'!L37 -> 5637623.4 | E36: 468475.14 | F36: 469922.57 | G36: ='Annual Rev & Fees'!M37 -> 469922.57 | Q36: =SUM(E36:P36) -> 1408320.3 | R36: 0
A37: 33 | B37: 4002 | C37: Renaissance Charter School at Summit | D37: ='Annual Rev & Fees'!L38 -> 7768021.5 | E37: 643508.92 | F37: 647682.96 | G37: ='Annual Rev & Fees'!M38 -> 647682.96 | Q37: =SUM(E37:P37) -> 1938874.8 | R37: 0
A38: 34 | B38: 4012 | C38: Somerset Academy Canyons Middle School | D38: ='Annual Rev & Fees'!L39 -> 0 | E38: 0 | F38: 0 | G38: ='Annual Rev & Fees'!M39 -> 0 | Q38: =SUM(E38:P38) -> 0 | R38: 0
A39: 35 | B39: 4013 | C39: Somerset Academy Canyons High School | D39: ='Annual Rev & Fees'!L40 -> 13591964 | E39: 1176953.1 | F39: 1128637.4 | G39: ='Annual Rev & Fees'!M40 -> 1128637.4 | Q39: =SUM(E39:P39) -> 3434227.8 | R39: 0
A40: 36 | B40: 4020 | C40: Franklin Academy - Boynton Beach | D40: ='Annual Rev & Fees'!L41 -> 10997341 | E40: 918328.6 | F40: 916273.89 | G40: ='Annual Rev & Fees'!M41 -> 916273.89 | Q40: =SUM(E40:P40) -> 2750876.4 | R40: 0
A41: 37 | B41: 4030 | C41: Olympus International Academy | D41: ='Annual Rev & Fees'!L42 -> 0 | E41: 0 | F41: 0 | G41: ='Annual Rev & Fees'!M42 -> 0 | Q41: =SUM(E41:P41) -> 0 | R41: 0
A42: 38 | B42: 4031 | C42: Somerset Academy Wellington | D42: ='Annual Rev & Fees'!L43 -> 3448496 | E42: 287911.87 | F42: 287325.83 | G42: ='Annual Rev & Fees'!M43 -> 287325.83 | Q42: =SUM(E42:P42) -> 862563.53 | R42: 0
A43: 39 | B43: 4041 | C43: Somerset Academy Boca Middle School | D43: ='Annual Rev & Fees'!L44 -> 797427.2 | E43: 68831.24 | F43: 66236 | G43: ='Annual Rev & Fees'!M44 -> 66236 | Q43: =SUM(E43:P43) -> 201303.24 | R43: 0
A44: 40 | B44: 4050 | C44: Renaissance Charter School at Cypress | D44: ='Annual Rev & Fees'!L45 -> 5545011.3 | E44: 460655.69 | F44: 462214.15 | G44: ='Annual Rev & Fees'!M45 -> 462214.15 | Q44: =SUM(E44:P44) -> 1385084 | R44: 0
A45: 41 | B45: 4051 | C45: Renaissance Charter School at Central Palm | D45: ='Annual Rev & Fees'!L46 -> 5464527.4 | E45: 454031.87 | F45: 455499.59 | G45: ='Annual Rev & Fees'!M46 -> 455499.59 | Q45: =SUM(E45:P45) -> 1365031.1 | R45: 0
A46: 42 | B46: 4061 | C46: Franklin Academy - Palm Beach Gardens | D46: ='Annual Rev & Fees'!L47 -> 8103572.6 | E46: 670518.24 | F46: 675732.22 | G46: ='Annual Rev & Fees'!M47 -> 675732.22 | Q46: =SUM(E46:P46) -> 2021982.7 | R46: 0
A47: 43 | B47: 4080 | C47: University Preparatory Academy | D47: ='Annual Rev & Fees'!L48 -> 0 | E47: 0 | F47: 0 | G47: ='Annual Rev & Fees'!M48 -> 0 | Q47: =SUM(E47:P47) -> 0 | R47: 0
A48: 44 | B48: 4081 | C48: Florida Futures Academy - North Campus | D48: ='Annual Rev & Fees'!L49 -> 992739.74 | E48: 91315.47 | F48: 81947.66 | G48: ='Annual Rev & Fees'!M49 -> 81947.66 | Q48: =SUM(E48:P48) -> 255210.79 | R48: 0
... A55: 51 | B55: 4131 | C55: Somerset Academy Wellington HS | D55: ='Annual Rev & Fees'!L56 -> 970152.23 | E55: 85501.6 | F55: 80422.78 | G55: ='Annual Rev & Fees'!M56 -> 80422.79 | Q55: =SUM(E55:P55) -> 246347.17 | R55: 0
R57: =SUM(E57:E57) -> 0
D58: =SUM(D5:D57) -> 2.0999812e+08 | E58: =SUM(E5:E57) -> 18000577 | F58: =SUM(F5:F57) -> 17453422 | G58: =SUM(G5:G57) -> 17454412 | H58: =SUM(H5:H57) -> 0 | I58: =SUM(I5:I57) -> 0 | J58: =SUM(J5:J57) -> 0 | K58: =SUM(K5:K57) -> 0 | ... Q58: =SUM(Q5:Q57) -> 52908411 | R58: =SUM(E58:P58) -> 52908411
Q59: =SUM(E59:P59) -> 0
I60: Net Revenue | J60: ='Annual Rev & Fees'!L59 -> 2.0999812e+08
I61: Net Revenue - Previous Pmts | J61: =D127-Q127 -> 1.7454412e+08
I62: Calculated Current Payment | J62: =ROUND(J61/Consolidated!I157,2) -> 17454412
I63: Actual Current Payment | J63: =ROUND(G58,2) -> 17454412
J64: =J62-J63 -> -0.050000001 | K64: Rounding diff
N70: *Use this for each tab in worksheet, current month is excluded for calc.
D72: Net Revenue | E72: July | F72: August | G72: Sept | H72: Oct | I72: Nov | J72: Dec | K72: Jan | L72: Feb | M72: March | N72: April | O72: May | P72: June | Q72: Total | R72: Payments excluding current month
A73: 1 | B73: 0040 | C73: Palm Beach Preparatory Middle School | D73: =D5 -> 0 | E73: 0 | F73: 0 | Q73: =SUM(E73:P73) -> 0
A74: 2 | B74: 0571 | C74: Palmetto Park | D74: =D6 -> 1010991.9 | E74: 97114.58 | F74: 83079.76 | Q74: =SUM(E74:P74) -> 180194.34 | R74: =SUM(E74:P74) -> 180194.34
A75: 3 | B75: 0100 | C75: The Learning Center Highschool | D75: =D7 -> 879484.39 | E75: 74347.16 | F75: 73194.29 | Q75: =SUM(E75:P75) -> 147541.45 | R75: =SUM(E75:P75) -> 147541.45
A76: 4 | B76: 1461 | C76: Inlet Grove Community High School | D76: =D8 -> 7578795.2 | E76: 659118.96 | F76: 629061.48 | Q76: =SUM(E76:P76) -> 1288180.4 | R76: =SUM(E76:P76) -> 1288180.4
A77: 5 | B77: 1571 | C77: South Tech Charter Academy | D77: =D9 -> 10507749 | E77: 999703.09 | F77: 864367.77 | Q77: =SUM(E77:P77) -> 1864070.9 | R77: =SUM(E77:P77) -> 1864070.9
A78: 6 | B78: 2521 | C78: Ed Venture | D78: =D10 -> 1329553.1 | E78: 111205.53 | F78: 110758.87 | Q78: =SUM(E78:P78) -> 221964.4 | R78: =SUM(E78:P78) -> 221964.4
A79: 7 | B79: 2531 | C79: Potentials Charter School | D79: =D11 -> 1445534.9 | E79: 121397.44 | F79: 120376.14 | Q79: =SUM(E79:P79) -> 241773.58 | R79: =SUM(E79:P79) -> 241773.58
A80: 8 | B80: 2791 | C80: The Learning Center @ The Els Center of Excl | D80: =D12 -> 5867677.1 | E80: 491302.44 | F80: 488761.33 | Q80: =SUM(E80:P80) -> 980063.77 | R80: =SUM(E80:P80) -> 980063.77
A81: 9 | B81: 2801 | C81: Palm Beach Maritime Academy Elementary | D81: =D13 -> 5117925.9 | E81: 425374.59 | F81: 426595.58 | Q81: =SUM(E81:P81) -> 851970.17 | R81: =SUM(E81:P81) -> 851970.17
A82: 10 | B82: 2911 | C82: Western Academy Charter School | D82: =D14 -> 6936527.6 | E82: 585021.03 | F82: 577409.68 | Q82: =SUM(E82:P82) -> 1162430.7 | R82: =SUM(E82:P82) -> 1162430.7
A83: 11 | B83: 2941 | C83: Palm Beach School for Autism | D83: =D15 -> 11190698 | E83: 930045.01 | F83: 932786.67 | Q83: =SUM(E83:P83) -> 1862831.7 | R83: =SUM(E83:P83) -> 1862831.7
A84: 12 | B84: 3083 | C84: The Learning Academy @ The Els Center of Excl | D84: =D16 -> 6636088.8 | E84: 556872.88 | F84: 552656 | Q84: =SUM(E84:P84) -> 1109528.9 | R84: =SUM(E84:P84) -> 1109528.9
A85: 13 | B85: 3345 | C85: Career Academy of the Palm Beaches | D85: =D17 -> 1131298.7 | E85: 103368.96 | F85: 93448.16 | Q85: =SUM(E85:P85) -> 196817.12 | R85: =SUM(E85:P85) -> 196817.12
A86: 14 | B86: 3362 | C86: Somerset Avenir | D86: =D18 -> 1419741.9 | E86: 116281.74 | F86: 118496.38 | Q86: =SUM(E86:P86) -> 234778.12 | R86: =SUM(E86:P86) -> 234778.12
A87: 15 | B87: 3381 | C87: Imagine Schools - Chancellor Campus | D87: =D19 -> 9358031.8 | E87: 790317.65 | F87: 778883.11 | Q87: =SUM(E87:P87) -> 1569200.8 | R87: =SUM(E87:P87) -> 1569200.8
A88: 16 | B88: 3382 | C88: Glades Academy | D88: =D20 -> 2346622.4 | E88: 198745.57 | F88: 195261.53 | Q88: =SUM(E88:P88) -> 394007.1 | R88: =SUM(E88:P88) -> 394007.1
A89: 17 | B89: 3391 | C89: Seagull Academy for Independent Living | D89: =D21 -> 0 | E89: 0 | F89: 0 | Q89: =SUM(E89:P89) -> 0 | R89: =SUM(E89:P89) -> 0
A90: 18 | B90: 3394 | C90: Montessori Academy of Early Enrichment | D90: =D22 -> 1704202.5 | E90: 140988.8 | F90: 142110.34 | Q90: =SUM(E90:P90) -> 283099.14 | R90: =SUM(E90:P90) -> 283099.14
A91: 19 | B91: 3395 | C91: Somerset Academy Charter School | D91: =D23 -> 4708706.1 | E91: 392880.9 | F91: 392347.75 | Q91: =SUM(E91:P91) -> 785228.65 | R91: =SUM(E91:P91) -> 785228.65
A92: 20 | B92: 3396 | C92: G-Star School of the Arts | D92: =D24 -> 6253973.1 | E92: 551140.87 | F92: 518439.3 | Q92: =SUM(E92:P92) -> 1069580.2 | R92: =SUM(E92:P92) -> 1069580.2
A93: 21 | B93: 3398 | C93: Everglades Preparatory Academy | D93: =D25 -> 872335.59 | E93: 82371.99 | F93: 71814.87 | Q93: =SUM(E93:P93) -> 154186.86 | R93: =SUM(E93:P93) -> 154186.86
A94: 22 | B94: 3400 | C94: Believers Academy | D94: =D26 -> 1117467.9 | E94: 108668.62 | F94: 91709.02 | Q94: =SUM(E94:P94) -> 200377.64 | R94: =SUM(E94:P94) -> 200377.64
A95: 23 | B95: 3401 | C95: Quantum High School | D95: =D27 -> 3309365.3 | E95: 307859.9 | F95: 272864.12 | Q95: =SUM(E95:P95) -> 580724.02 | R95: =SUM(E95:P95) -> 580724.02
A96: 24 | B96: 3413 | C96: Somerset Academy Boca | D96: =D28 -> 3543643.9 | E96: 296789.01 | F96: 295168.62 | Q96: =SUM(E96:P96) -> 591957.63 | R96: =SUM(E96:P96) -> 591957.63
A97: 25 | B97: 3421 | C97: Worthington High School | D97: =D29 -> 4896438.6 | E97: 454328.31 | F97: 403828.21 | Q97: =SUM(E97:P97) -> 858156.52 | R97: =SUM(E97:P97) -> 858156.52
A98: 26 | B98: 3431 | C98: Renaissance Charter School at WPB | D98: =D30 -> 8888574.7 | E98: 742534.27 | F98: 740549.13 | Q98: =SUM(E98:P98) -> 1483083.4 | R98: =SUM(E98:P98) -> 1483083.4
A99: 27 | B99: 3441 | C99: South Tech Preparatory Academy (MS) | D99: =D31 -> 4654382.6 | E99: 395194 | F99: 387198.96 | Q99: =SUM(E99:P99) -> 782392.96 | R99: =SUM(E99:P99) -> 782392.96
A100: 28 | B100: 3924 | C100: Palm Beach Maritime Academy Secondary | D100: =D32 -> 3490003.8 | E100: 306843.31 | F100: 289378.23 | Q100: =SUM(E100:P100) -> 596221.54 | R100: =SUM(E100:P100) -> 596221.54
A101: 29 | B101: 3941 | C101: Ben Gamla Charter School | D101: =D33 -> 2012517.5 | E101: 165942.38 | F101: 167870.46 | Q101: =SUM(E101:P101) -> 333812.84 | R101: =SUM(E101:P101) -> 333812.84
A102: 30 | B102: 3961 | C102: Gardens School of Technology Arts | D102: =D34 -> 0 | E102: 0 | F102: 0 | Q102: =SUM(E102:P102) -> 0 | R102: =SUM(E102:P102) -> 0
A103: 31 | B103: 3971 | C103: Palm Beach Perparatory Charter Academy | D103: =D35 -> 5420536.4 | E103: 506821.35 | F103: 445801.31 | Q103: =SUM(E103:P103) -> 952622.66 | R103: =SUM(E103:P103) -> 952622.66
A104: 32 | B104: 4001 | C104: Renaissance Charter School at Wellington | D104: =D36 -> 5637623.4 | E104: 468475.14 | F104: 469922.57 | Q104: =SUM(E104:P104) -> 938397.71 | R104: =SUM(E104:P104) -> 938397.71
A105: 33 | B105: 4002 | C105: Renaissance Charter School at Summit | D105: =D37 -> 7768021.5 | E105: 643508.92 | F105: 647682.96 | Q105: =SUM(E105:P105) -> 1291191.9 | R105: =SUM(E105:P105) -> 1291191.9
A106: 34 | B106: 4012 | C106: Somerset Academy Canyons Middle School | D106: =D38 -> 0 | E106: 0 | F106: 0 | Q106: =SUM(E106:P106) -> 0 | R106: =SUM(E106:P106) -> 0
A107: 35 | B107: 4013 | C107: Somerset Academy Canyons High School | D107: =D39 -> 13591964 | E107: 1176953.1 | F107: 1128637.4 | Q107: =SUM(E107:P107) -> 2305590.5 | R107: =SUM(E107:P107) -> 2305590.5
A108: 36 | B108: 4020 | C108: Franklin Academy - Boynton Beach | D108: =D40 -> 10997341 | E108: 918328.6 | F108: 916273.89 | Q108: =SUM(E108:P108) -> 1834602.5 | R108: =SUM(E108:P108) -> 1834602.5
A109: 37 | B109: 4030 | C109: Olympus International Academy | D109: =D41 -> 0 | E109: 0 | F109: 0 | Q109: =SUM(E109:P109) -> 0 | R109: =SUM(E109:P109) -> 0
A110: 38 | B110: 4031 | C110: Somerset Academy Wellington | D110: =D42 -> 3448496 | E110: 287911.87 | F110: 287325.83 | Q110: =SUM(E110:P110) -> 575237.7 | R110: =SUM(E110:P110) -> 575237.7
A111: 39 | B111: 4041 | C111: Somerset Academy Boca Middle School | D111: =D43 -> 797427.2 | E111: 68831.24 | F111: 66236 | Q111: =SUM(E111:P111) -> 135067.24 | R111: =SUM(E111:P111) -> 135067.24
A112: 40 | B112: 4050 | C112: Renaissance Charter School at Cypress | D112: =D44 -> 5545011.3 | E112: 460655.69 | F112: 462214.15 | Q112: =SUM(E112:P112) -> 922869.84 | R112: =SUM(E112:P112) -> 922869.84
A113: 41 | B113: 4051 | C113: Renaissance Charter School at Central Palm | D113: =D45 -> 5464527.4 | E113: 454031.87 | F113: 455499.59 | Q113: =SUM(E113:P113) -> 909531.46 | R113: =SUM(E113:P113) -> 909531.46
A114: 42 | B114: 4061 | C114: Franklin Academy - Palm Beach Gardens | D114: =D46 -> 8103572.6 | E114: 670518.24 | F114: 675732.22 | Q114: =SUM(E114:P114) -> 1346250.5 | R114: =SUM(E114:P114) -> 1346250.5
A115: 43 | B115: 4080 | C115: University Preparatory Academy | D115: =D47 -> 0 | E115: 0 | F115: 0 | Q115: =SUM(E115:P115) -> 0 | R115: =SUM(E115:P115) -> 0
...

Sheet Consolidated
B1: (Insert district number in cell A1, enter, then strike F9. Your district data then pulls from Calculation Detail Sheets)
A2: Revenue Estimate Worksheet: All Charter Schools (Consolidated Tab)
A3: Based on the 2026-27 Second Calculation Worksheet
A4: School District: | C4: Palm Beach | H4: 46266
A7: 1A. 2025-26 FEFP State and Local Funding
B8: Base Student Allocation: | C8: 5457.6 | G8: District Cost Differential: | H8: 1.031
G9: Small District Factor: | H9: 1
I10: 2025-26
C11: Oct 2025 | D11: Feb 2026 | E11: Total | F11: Program | H11: Weighted FTE | I11: Base Funding
A12: Program | C12: FTE | D12: FTE | E12: FTE | F12: Cost Factor | H12: (2) x (3) | I12: (WFTE x BSA x CWF x SDF)
A13: (1) | E13: (2) | F13: (3) | H13: (4) | I13: (5)
A14: 101 Basic K-3 | C14: =SUM('0040:4141'!C12) -> 1934.19 | D14: =SUM('0040:4141'!D12) -> 1868.49 | E14: =SUM('0040:4141'!E12) -> 3802.68 | F14: 1.107 | H14: =SUM('0040:4141'!I12) -> 4209.5668 | I14: =SUM('0040:4141'!J12) -> 23686330
A15: 111 Basic K-3 with ESE Services | C15: =SUM('0040:4141'!C13) -> 305 | D15: =SUM('0040:4141'!D13) -> 331.87 | E15: =SUM('0040:4141'!E13) -> 636.87 | F15: 1.107 | H15: =SUM('0040:4141'!I13) -> 705.0152 | I15: =SUM('0040:4141'!J13) -> 3966969.3
A16: 102 Basic 4-8 | C16: =SUM('0040:4141'!C14) -> 3241.36 | D16: =SUM('0040:4141'!D14) -> 3189.12 | E16: =SUM('0040:4141'!E14) -> 6430.48 | F16: 1 | H16: =SUM('0040:4141'!I14) -> 6430.48 | I16: =SUM('0040:4141'!J14) -> 36182932
A17: 112 Basic 4-8 with ESE Services | C17: =SUM('0040:4141'!C15) -> 638.87 | D17: =SUM('0040:4141'!D15) -> 629.76 | E17: =SUM('0040:4141'!E15) -> 1268.63 | F17: 1 | H17: =SUM('0040:4141'!I15) -> 1268.63 | I17: =SUM('0040:4141'!J15) -> 7138309
A18: 103 Basic 9-12 | C18: =SUM('0040:4141'!C16) -> 2167.92 | D18: =SUM('0040:4141'!D16) -> 2195.32 | E18: =SUM('0040:4141'!E16) -> 4363.24 | F18: 0.965 | H18: =SUM('0040:4141'!I16) -> 4210.5269 | I18: =SUM('0040:4141'!J16) -> 23691732
A19: 113 Basic 9-12 with ESE Services | C19: =SUM('0040:4141'!C17) -> 657.85 | D19: =SUM('0040:4141'!D17) -> 669 | E19: =SUM('0040:4141'!E17) -> 1326.85 | F19: 0.965 | H19: =SUM('0040:4141'!I17) -> 1280.4107 | I19: =SUM('0040:4141'!J17) -> 7204596.5
A20: 254 ESE Level 4 (Grade Level PK-3) | C20: =SUM('0040:4141'!C18) -> 99 | D20: =SUM('0040:4141'!D18) -> 89.44 | E20: =SUM('0040:4141'!E18) -> 188.44 | F20: 3.515 | H20: =SUM('0040:4141'!I18) -> 662.3667 | I20: =SUM('0040:4141'!J18) -> 3726995.4
A21: 254 ESE Level 4 (Grade Level 4-8) | C21: =SUM('0040:4141'!C19) -> 70 | D21: =SUM('0040:4141'!D19) -> 64.5 | E21: =SUM('0040:4141'!E19) -> 134.5 | F21: 3.515 | H21: =SUM('0040:4141'!I19) -> 472.7675 | I21: =SUM('0040:4141'!J19) -> 2660161.4
A22: 254 ESE Level 4 (Grade Level 9-12) | C22: =SUM('0040:4141'!C20) -> 74.85 | D22: =SUM('0040:4141'!D20) -> 72.41 | E22: =SUM('0040:4141'!E20) -> 147.26 | F22: 3.515 | H22: =SUM('0040:4141'!I20) -> 517.619 | I22: =SUM('0040:4141'!J20) -> 2912531.1
A23: 255 ESE Level 5 (Grade Level PK-3) | C23: =SUM('0040:4141'!C21) -> 49.5 | D23: =SUM('0040:4141'!D21) -> 67.47 | E23: =SUM('0040:4141'!E21) -> 116.97 | F23: 5.906 | H23: =SUM('0040:4141'!I21) -> 690.8248 | I23: =SUM('0040:4141'!J21) -> 3887123
A24: 255 ESE Level 5 (Grade Level 4-8) | C24: =SUM('0040:4141'!C22) -> 64.5 | D24: =SUM('0040:4141'!D22) -> 71 | E24: =SUM('0040:4141'!E22) -> 135.5 | F24: 5.906 | H24: =SUM('0040:4141'!I22) -> 800.263 | I24: =SUM('0040:4141'!J22) -> 4502908.3
A25: 255 ESE Level 5 (Grade Level 9-12) | C25: =SUM('0040:4141'!C23) -> 45 | D25: =SUM('0040:4141'!D23) -> 45.55 | E25: =SUM('0040:4141'!E23) -> 90.55 | F25: 5.906 | H25: =SUM('0040:4141'!I23) -> 534.7883 | I25: =SUM('0040:4141'!J23) -> 3009139.1
... A29: 300 Career Education (Grades 9-12) | C29: =SUM('0040:4141'!C27) -> 307.3 | D29: =SUM('0040:4141'!D27) -> 298.26 | E29: =SUM('0040:4141'!E27) -> 605.56 | F29: 1.09 | H29: =SUM('0040:4141'!I27) -> 660.0604 | I29: =SUM('0040:4141'!J27) -> 3714018.4
A30: Totals non-virtual schools | C30: =SUM(C14:C29) -> 10590.24 | D30: =SUM(D14:D29) -> 10531.68 | E30: =SUM(E14:E29) -> 21121.92 | H30: =SUM('0040:4141'!I28) -> 24619.486 | I30: =SUM('0040:4141'!J28) -> 1.3852857e+08 | K30: 1.3894844e+08
A31: Virtual schools ($5,476.28/FTE) | C31: =SUM('0040:4141'!C29) -> 0 | D31: =SUM('0040:4141'!D29) -> 0 | E31: =IF(D$30=0,C31*2,C31+D31) -> 0 | F31: 0 | H31: =ROUND(E31*F31,4) -> 0
A32: Totals all schools | C32: =SUM(C30:C31) -> 10590.24 | D32: =SUM(D30:D31) -> 10531.68 | E32: =SUM(E30:E31) -> 21121.92 | I32: =SUM('0040:4141'!J30) -> 0
A34: Letters in Parentheses Refer to Notes at Bottom of Worksheet:
I36: 2018-19
C37: =C11 -> Oct 2025 | D37: =D11 -> Feb 2026 | E37: Total | I37: Base Funding
A38: Additional FTE (a) | C38: FTE | D38: FTE | E38: FTE | I38: (WFTE x BSA x DCD)
A39: Advanced Placement | C39: 0 | D39: 0 | E39: =+C39+D39 -> 0
A40: International Baccalaureate | C40: 0 | D40: 0 | E40: =+C40+D40 -> 0
A41: Advanced International Certificate | C41: 0 | D41: 0 | E41: =+C41+D41 -> 0
A42: Industry Certified Career Education | C42: 0 | D42: 0 | E42: =+C42+D42 -> 0
A43: Early High School Graduation | C43: 0 | D43: 0 | E43: =+C43+D43 -> 0
A44: Small District ESE Supplement | C44: 0 | D44: 0 | E44: =+C44+D44 -> 0
B45: Total Additional FTE | C45: =SUM(C39:C44) -> 0 | D45: =SUM(D39:D44) -> 0 | E45: =SUM(E39:E44) -> 0 | H45: Additional Base Funds | I45: =SUM(I39:I44) -> 0
B47: Total Funded Weighted FTE | E47: =H30+E45 -> 24619.486 | H47: Total Base Funding | I47: =SUM(I45,I32) -> 0
A50: 1B. Classroom Teacher & Other Instructional Personnel Salary Increase
A51: Maintenance and Growth Portions of the Salary Increase funds are part of the total Base Funding and are not treated as a separate allocation.
A52: Amounts are split out here for informative purposes and for the purposes of providing a total that may be used for calculating the adminstrative fee.
B53: Maintenance Portion (7.14% of Conference Funding) | E53: (g) (k) | F53: =SUM('0040:4141'!G36) -> 1.3852857e+08 | G53: x | H53: 0.0714 | I53: =SUM('0040:4141'!J36) -> 9890940 | K53: =F53*H53 -> 9890940
B54: Growth Portion (1.06% of Conference Funding) | E54: (g) (k) | F54: =SUM('0040:4141'!G37) -> 1.3852857e+08 | G54: x | H54: 0.0106 | I54: =SUM('0040:4141'!J37) -> 1468402.9 | K54: =F54*0.0054 -> 748054.29
B55: Total Salary Increase | I55: =SUM(I53:I54) -> 11359343
C57: =C11 -> Oct 2025 | D57: =D11 -> Feb 2026 | E57: Total | F57: Grade | G57: Matrix | H57: Guarantee
A58: 2. ESE Guaranteed Allocation: | C58: =C12 -> FTE | D58: =D12 -> FTE | E58: FTE | F58: Level | G58: Level | H58: Per Student
A59: Additional Funding from the ESE Guaranteed Allocation. Enter the FTE from 111,112 and 113 by grade and matrix level. Students who do not have a matrix level should be considered 251. This total should equal all FTE from programs 111, 112 and 113 above. | C59: =SUM('0040:4141'!C41) -> 247.82 | D59: =SUM('0040:4141'!D41) -> 275.11 | E59: =SUM('0040:4141'!E41) -> 522.93 | F59: PK-3 | G59: 251 | H59: 1047 | I59: =SUM('0040:4141'!J41) -> 547507.71
C60: =SUM('0040:4141'!C42) -> 42.74 | D60: =SUM('0040:4141'!D42) -> 46.96 | E60: =SUM('0040:4141'!E42) -> 89.7 | F60: PK-3 | G60: 252 | H60: 3380 | I60: =SUM('0040:4141'!J42) -> 303186
C61: =SUM('0040:4141'!C43) -> 14.44 | D61: =SUM('0040:4141'!D43) -> 9.8 | E61: =SUM('0040:4141'!E43) -> 24.24 | F61: PK-3 | G61: 253 | H61: 6896 | I61: =SUM('0040:4141'!J43) -> 167159.04
C62: =SUM('0040:4141'!C44) -> 547.41 | D62: =SUM('0040:4141'!D44) -> 541.87 | E62: =SUM('0040:4141'!E44) -> 1089.28 | F62: 4-8 | G62: 251 | H62: 1173 | I62: =SUM('0040:4141'!J44) -> 1277725.4
C63: =SUM('0040:4141'!C45) -> 76.95 | D63: =SUM('0040:4141'!D45) -> 74.53 | E63: =SUM('0040:4141'!E45) -> 151.48 | F63: 4-8 | G63: 252 | H63: 3506 | I63: =SUM('0040:4141'!J45) -> 531088.88
C64: =SUM('0040:4141'!C46) -> 14.51 | D64: =SUM('0040:4141'!D46) -> 13.36 | E64: =SUM('0040:4141'!E46) -> 27.87 | F64: 4-8 | G64: 253 | H64: 7023 | I64: =SUM('0040:4141'!J46) -> 195731.01
C65: =SUM('0040:4141'!C47) -> 467.72 | D65: =SUM('0040:4141'!D47) -> 478.68 | E65: =SUM('0040:4141'!E47) -> 946.9 | F65: 9-12 | G65: 251 | H65: 835 | I65: =SUM('0040:4141'!J47) -> 790661.5
C66: =SUM('0040:4141'!C48) -> 84.87 | D66: =SUM('0040:4141'!D48) -> 85.84 | E66: =SUM('0040:4141'!E48) -> 170.71 | F66: 9-12 | G66: 252 | H66: 3168 | I66: =SUM('0040:4141'!J48) -> 540809.28
C67: =SUM('0040:4141'!C49) -> 105.26 | D67: =SUM('0040:4141'!D49) -> 104.48 | E67: =SUM('0040:4141'!E49) -> 209.74 | F67: 9-12 | G67: 253 | H67: 6685 | I67: =SUM('0040:4141'!J49) -> 1402111.9
C68: =SUM(C59:C67) -> 1601.72 | D68: =SUM(D59:D67) -> 1630.63 | E68: =SUM(E59:E67) -> 3232.85 | F68: Total ESE Guarantee | I68: =SUM(I59:I67) -> 5755980.8
A70: 3A. Divide school's Unweighted FTE (UFTE) total computed in Section 1, cell E30 above by the district's total UFTE to obtain school's
A71: UFTE share. CS UFTE: | C71: =SUM('0040:4141'!E53) -> 21121.92 | D71: ÷ District's total UFTE | H71: 208856.94
G72: = | H72: =ROUND(C71/H71,8) -> 0.10113104
A73: 3B. Divide school's Weighted FTE (WFTE) total computed in Section 1, cell H30 above by the district's total WFTE to obtain school's
A74: WFTE share. CS WFTE: | C74: =SUM('0040:4141'!E56) -> 24619.486 | D74: ÷ District's total WFTE | H74: 221542.28
G75: = | H75: =ROUND(C74/H74,8) -> 0.11112771
A76: 3C. Divide school's Unweighted FTE (UFTE) total computed in Section 1, cell E30 above by the District's total non-scholarship UFTE to obtain school's
A77: UFTE share. CS UFTE: | C77: =SUM('0040:4141'!E59) -> 21121.92 | D77: ÷ District's total non-scholarship UFTE | H77: 175905.69
G78: = | H78: =ROUND(C77/H77,8) -> 0.12007525
A79: 3D. Divide school's Unweighted FTE (UFTE) total computed in Section 1, cell E30 above by the District's total non-virtual UFTE to obtain school's
A80: UFTE share. CS UFTE: | C80: =SUM('0040:4141'!E62) -> 21121.92 | D80: ÷ District's total non-virtual UFTE | H80: 208541.94
G81: = | H81: =ROUND(C80/H80,8) -> 0.1012838
A82: 3E. Divide school's Unweighted FTE (UFTE) total computed in Section 1, cell E30 above by the district's total non-scholarship/virtual UFTE to obtain
A83: school's UFTE share. CS UFTE: | C83: =SUM('0040:4141'!E65) -> 21121.92 | D83: ÷ Dististict's total non-scholarship/virtual UFTE | H83: 175590.69
G84: = | H84: =ROUND(C83/H83,8) -> 0.12029066
A86: 4. Educational Enrichment Share (Non-virtual UFTE share) | E86: (e) | F86: 45866714 | G86: x | H86: =H81 -> 0.1012838 | I86: =SUM('0040:4141'!J68) -> 4645610.1 | J86: =SUM('0040:4141'!I68) -> 0.101285 | K86: =F86*H86 -> 4645555.1 | L86: =I86-K86 -> 55.022567
A88: 5. Discretionary Millage Compression Allocation
A89: .748 Mills (UFTE share) | E89: (b) | F89: 0 | G89: x | H89: =H72 -> 0.10113104 | I89: =SUM('0040:4141'!J70) -> 0
A91: 6. Safe Schools Allocation (Non-scholarship/virtual UFTE share) | E91: (f) | F91: 18834423 | G91: x | H91: =H84 -> 0.12029066 | I91: =SUM('0040:4141'!J71) -> 2265611.6 | J91: =SUM('0040:4141'!I71) -> 0.120291 | K91: =F91*H91 -> 2265605.2 | L91: =I91-K91 -> 6.3966108
K92: =F92*H92 -> 0 | L92: =I92-K92 -> 0
A93: 7. Mental Health Assistance Allocation (Non-scholarship UFTE share) | E93: (b) | F93: 11226031 | G93: x | H93: =H78 -> 0.12007525 | I93: =SUM('0040:4141'!J72) -> 1347954.4 | J93: =SUM('0040:4141'!I72) -> 0.120074 | K93: =F93*H93 -> 1347968.5 | L93: =I93-K93 -> -14.058833
A95: 8. Academic Acceleration Options Supplement (Value share) | F95: (g)
A96: Acceleration Value | E96: Acceleration Value Charter schools should contact their school district sponsor regarding eligible value. Please note that “Acceleration Value” is NOT equivalent to number of students enrolled in these courses or programs. Please refer to footnote (g) below.
A97: Advanced Placement | J97: =SUM('0040:4141'!J75) -> 92
A98: International Baccalaureate | J98: =SUM('0040:4141'!J76) -> 24.88
A99: Advanced International Certificate | J99: =SUM('0040:4141'!J77) -> 200.46
A100: Industry Certified Career Education | J100: =SUM('0040:4141'!J78) -> 280.7
A101: Early High School Graduation | J101: =SUM('0040:4141'!J79) -> 30.75
A102: Dual Enrollment | J102: =SUM('0040:4141'!J80) -> 40.96
I103: School total value | J103: =SUM(J97:J102) -> 669.75
I104: District total value | J104: 12903.05
A106: School Academic Acceleration Option Supplement | F106: 58502790 | H106: x | I106: =IFERROR(ROUND(J103/J104,6),0) -> 0.051906 | J106: =ROUND(F106*I106,2) -> 3036645.8
A108: 9. Discretionary Local Effort (WFTE share) | E108: (c) | F108: 283895192 | G108: x | H108: =H75 -> 0.11112771 | I108: =SUM('0040:4141'!J85) -> 31549557 | K108: =F108*H108 -> 31548623 | L108: =I108-K108 -> 934.01303
A110: 10. Proration to Funds Available (WFTE share) | E110: (c) | F110: 0 | G110: x | H110: =H75 -> 0.11112771 | I110: =SUM('0040:4141'!J86) -> 0
A112: 11. Educational Enrollment Stabilization Program (UFTE Share) | E112: (b) | F112: 0 | G112: x | H112: =H72 -> 0.10113104 | I112: =SUM('0040:4141'!J87) -> 0
A115: 12. Class Size Reduction Funds:
C116: Weighted FTE | F116: Allocation
C117: (not including Add-On) | E117: X CWF X | F117: Factors
B118: PK - 3 | C118: =SUM('0040:4141'!B90) -> 7453.5842 | E118: =H8 -> 1.031 | F118: 961.57 | G118: = | H118: =SUM('0040:4141'!I90) -> 7389324.4
B119: 4-8 | C119: =SUM('0040:4141'!B91) -> 9605.9769 | E119: =H8 -> 1.031 | F119: 918.1 | G119: = | H119: =SUM('0040:4141'!I91) -> 9092644
B120: 9-12 | C120: =SUM('0040:4141'!B92) -> 7559.9253 | E120: =H8 -> 1.031 | F120: 920.31 | G120: = | H120: =SUM('0040:4141'!I92) -> 7173156.6
B121: Total * | C121: =SUM('0040:4141'!B93) -> 24619.486 | H121: Total Class Size Reduction Funds | I121: =SUM('0040:4141'!J93) -> 23655125
A122: (*Total FTE should equal total in Section 1, column (4) and should not include any additional FTE from Section 1.)
...

Sheet ESE FTE
B1: Charter Schools FTE
B2: FY26 Survey 2 | C2: Received From IT Dept
B3: Calculation of ESE Guaranteed FTE Counts Based on Final 2025 Allocation Percentages Until FY25 Survey2 FTE Capped Report is released
A5: Sch ID | B5: School/Prog | C5: FTE | D5: % | E5: Seq | F5: Count 2 | G5: Count 3
B6: 0040 | C6: PALM BEACH PREPARATORY CHARTER | E6: 1
B7: 111 | D7: =C7/C10 -> 0 | E7: 2
B8: 112 | C8: 3.5 | D8: =C8/C10 -> 1 | E8: 3
B9: 113 | C9: 0 | D9: =C9/C10 -> 0 | E9: 4
C10: =SUM(C7:C9) -> 3.5 | E10: 5
B11: K-3 / 251 | C11: 0 | D11: =IF(C11=0,0,C11/(C11+C12+C13)) -> 0 | E11: 6 | F11: 0 | G11: 0
B12: K-3 / 252 | C12: 0 | D12: =IF(C12=0,0,C12/(C11+C12+C13)) -> 0 | E12: 7 | F12: 0 | G12: 0
B13: K-3 / 253 | C13: 0 | D13: =IF(C13=0,0,C13/(C11+C12+C13)) -> 0 | E13: 8 | F13: 0 | G13: 0
B14: 4-8 / 251 | C14: 3 | D14: =IF(C14=0,0,C14/(C14+C15+C16)) -> 0.85714286 | E14: 9 | F14: 3 | G14: 3.4
B15: 4-8 / 252 | C15: 0.5 | D15: =IF(C15=0,0,C15/(C14+C15+C16)) -> 0.14285714 | E15: 10 | F15: 0.5 | G15: 0.57
B16: 4-8 / 253 | C16: 0 | D16: =IF(C16=0,0,C16/(C14+C15+C16)) -> 0 | E16: 11 | F16: 0 | G16: 0
B17: 9-12 / 251 | C17: 0 | D17: =IF(C17=0,0,C17/(C17+C18+C19)) -> 0 | E17: 12 | F17: 0 | G17: 0
B18: 9-12 / 252 | C18: 0 | D18: =IF(C18=0,0,C18/(C17+C18+C19)) -> 0 | E18: 13 | F18: 0 | G18: 0
B19: 9-12 / 253 | C19: 0 | D19: =IF(C19=0,0,C19/(C17+C18+C19)) -> 0 | E19: 14 | F19: 0 | G19: 0
C20: =SUM(C11:C19) -> 3.5 | D20: 1 | E20: 15
A21: 0100 | B21: 0100 | C21: THE LEARNING CENTER HIGH SCHOOL | E21: 1
A22: 0100 | B22: 111 | C22: 0 | D22: =C22/C25 -> 0 | E22: 2
A23: 0100 | B23: 112 | C23: 0 | D23: =C23/C25 -> 0 | E23: 3
A24: 0100 | B24: 113 | C24: 1.02 | D24: =C24/C25 -> 1 | E24: 4
A25: 0100 | C25: =SUM(C22:C24) -> 1.02 | E25: 5
A26: 0100 | B26: K-3 / 251 | C26: 0 | D26: =IF(C26=0,0,C26/(C26+C27+C28)) -> 0 | E26: 6 | F26: 0 | G26: 0
A27: 0100 | B27: K-3 / 252 | C27: 0 | D27: =IF(C27=0,0,C27/(C26+C27+C28)) -> 0 | E27: 7 | F27: 0 | G27: 0
A28: 0100 | B28: K-3 / 253 | C28: 0 | D28: =IF(C28=0,0,C28/(C26+C27+C28)) -> 0 | E28: 8 | F28: 0 | G28: 0
A29: 0100 | B29: 4-8 / 251 | C29: 0 | D29: =IF(C29=0,0,C29/(C29+C30+C31)) -> 0 | E29: 9 | F29: 0 | G29: 0
A30: 0100 | B30: 4-8 / 252 | C30: 0 | D30: =IF(C30=0,0,C30/(C29+C30+C31)) -> 0 | E30: 10 | F30: 0 | G30: 0
A31: 0100 | B31: 4-8 / 253 | C31: 0 | D31: =IF(C31=0,0,C31/(C29+C30+C31)) -> 0 | E31: 11 | F31: 0 | G31: 0
A32: 0100 | B32: 9-12 / 251 | C32: 1.02 | D32: =IF(C32=0,0,C32/(C32+C33+C34)) -> 1 | E32: 12 | F32: 0.5 | G32: 0
A33: 0100 | B33: 9-12 / 252 | C33: 0 | D33: =IF(C33=0,0,C33/(C32+C33+C34)) -> 0 | E33: 13 | F33: 0 | G33: 0
A34: 0100 | B34: 9-12 / 253 | C34: 0 | D34: =IF(C34=0,0,C34/(C32+C33+C34)) -> 0 | E34: 14 | F34: 0 | G34: 0
A35: 0100 | C35: =SUM(C26:C34) -> 1.02 | D35: 1 | E35: 15
A36: 0571 | B36: 0571 | C36: Palmetto Park | E36: 1
A37: 0571 | B37: 111 | D37: =C37/C40 -> 0 | E37: 2
A38: 0571 | B38: 112 | C38: 0.5 | D38: =C38/C40 -> 0.050505051 | E38: 3
A39: 0571 | B39: 113 | C39: 9.4 | D39: =C39/C40 -> 0.94949495 | E39: 4
A40: 0571 | C40: =SUM(C37:C39) -> 9.9 | E40: 5
A41: 0571 | B41: K-3 / 251 | C41: 0 | D41: =IF(C41=0,0,C41/(C41+C42+C43)) -> 0 | E41: 6 | F41: 0 | G41: 0
A42: 0571 | B42: K-3 / 252 | C42: 0 | D42: =IF(C42=0,0,C42/(C41+C42+C43)) -> 0 | E42: 7 | F42: 0 | G42: 0
A43: 0571 | B43: K-3 / 253 | C43: 0 | D43: =IF(C43=0,0,C43/(C41+C42+C43)) -> 0 | E43: 8 | F43: 0 | G43: 0
A44: 0571 | B44: 4-8 / 251 | C44: 0.5 | D44: =IF(C44=0,0,C44/(C44+C45+C46)) -> 1 | E44: 9 | F44: 0.5 | G44: 0.48
A45: 0571 | B45: 4-8 / 252 | C45: 0 | D45: =IF(C45=0,0,C45/(C44+C45+C46)) -> 0 | E45: 10 | F45: 0 | G45: 0
A46: 0571 | B46: 4-8 / 253 | C46: 0 | D46: =IF(C46=0,0,C46/(C44+C45+C46)) -> 0 | E46: 11 | F46: 0 | G46: 0
A47: 0571 | B47: 9-12 / 251 | C47: 8.9 | D47: =IF(C47=0,0,C47/(C47+C48+C49)) -> 0.94680851 | E47: 12 | F47: 8.93 | G47: 19.5
A48: 0571 | B48: 9-12 / 252 | C48: 0.5 | D48: =IF(C48=0,0,C48/(C47+C48+C49)) -> 0.053191489 | E48: 13 | F48: 0.5 | G48: 1.1
A49: 0571 | B49: 9-12 / 253 | C49: 0 | D49: =IF(C49=0,0,C49/(C47+C48+C49)) -> 0 | E49: 14 | F49: 0 | G49: 0
A50: 0571 | C50: =SUM(C41:C49) -> 9.9 | D50: 1 | E50: 15
A51: 1461 | B51: 1461 | C51: Inlet Grove HS | E51: 1
A52: 1461 | B52: 111 | C52: 0 | D52: =C52/C55 -> 0 | E52: 2
A53: 1461 | B53: 112 | C53: 10 | D53: =C53/C55 -> 0.22727273 | E53: 3
A54: 1461 | B54: 113 | C54: 34 | D54: =C54/C55 -> 0.77272727 | E54: 4
A55: 1461 | C55: =SUM(C52:C54) -> 44 | E55: 5
A56: 1461 | B56: K-3 / 251 | C56: 0 | D56: =IF(C56=0,0,C56/(C56+C57+C58)) -> 0 | E56: 6 | F56: 0 | G56: 0
A57: 1461 | B57: K-3 / 252 | C57: 0 | D57: =IF(C57=0,0,C57/(C56+C57+C58)) -> 0 | E57: 7 | F57: 0 | G57: 0
A58: 1461 | B58: K-3 / 253 | C58: 0 | D58: =IF(C58=0,0,C58/(C56+C57+C58)) -> 0 | E58: 8 | F58: 0 | G58: 0
A59: 1461 | B59: 4-8 / 251 | C59: 9.5 | D59: =IF(C59=0,0,C59/(C59+C60+C61)) -> 0.95 | E59: 9 | F59: 9.5 | G59: 9.51
A60: 1461 | B60: 4-8 / 252 | C60: 0.5 | D60: =IF(C60=0,0,C60/(C59+C60+C61)) -> 0.05 | E60: 10 | F60: 0.5 | G60: 0.5
A61: 1461 | B61: 4-8 / 253 | C61: 0 | D61: =IF(C61=0,0,C61/(C59+C60+C61)) -> 0 | E61: 11 | F61: 0 | G61: 0
A62: 1461 | B62: 9-12 / 251 | C62: 32 | D62: =IF(C62=0,0,C62/(C62+C63+C64)) -> 0.94117647 | E62: 12 | F62: 32.79 | G62: 30.51
A63: 1461 | B63: 9-12 / 252 | C63: 2 | D63: =IF(C63=0,0,C63/(C62+C63+C64)) -> 0.058823529 | E63: 13 | F63: 2.05 | G63: 1.91
A64: 1461 | B64: 9-12 / 253 | C64: 0 | D64: =IF(C64=0,0,C64/(C62+C63+C64)) -> 0 | E64: 14 | F64: 0 | G64: 0
A65: 1461 | C65: =SUM(C56:C64) -> 44 | D65: 1 | E65: 15
A66: 1571 | B66: 1571 | C66: South Tech Charter Academy | E66: 1
A67: 1571 | B67: 111 | C67: 0 | D67: =C67/C70 -> 0 | E67: 2
A68: 1571 | B68: 112 | C68: 0 | D68: =C68/C70 -> 0 | E68: 3
A69: 1571 | B69: 113 | C69: 143.9 | D69: =C69/C70 -> 1 | E69: 4
A70: 1571 | C70: =SUM(C67:C69) -> 143.9 | E70: 5
A71: 1571 | B71: K-3 / 251 | C71: 0 | D71: =IF(C71=0,0,C71/(C71+C72+C73)) -> 0 | E71: 6 | F71: 0 | G71: 0
A72: 1571 | B72: K-3 / 252 | C72: 0 | D72: =IF(C72=0,0,C72/(C71+C72+C73)) -> 0 | E72: 7 | F72: 0 | G72: 0
A73: 1571 | B73: K-3 / 253 | C73: 0 | D73: =IF(C73=0,0,C73/(C71+C72+C73)) -> 0 | E73: 8 | F73: 0 | G73: 0
A74: 1571 | B74: 4-8 / 251 | C74: 0 | D74: =IF(C74=0,0,C74/(C74+C75+C76)) -> 0 | E74: 9 | F74: 0 | G74: 0
A75: 1571 | B75: 4-8 / 252 | C75: 0 | D75: =IF(C75=0,0,C75/(C74+C75+C76)) -> 0 | E75: 10 | F75: 0 | G75: 0
A76: 1571 | B76: 4-8 / 253 | C76: 0 | D76: =IF(C76=0,0,C76/(C74+C75+C76)) -> 0 | E76: 11 | F76: 0 | G76: 0
A77: 1571 | B77: 9-12 / 251 | C77: 135.4 | D77: =IF(C77=0,0,C77/(C77+C78+C79)) -> 0.9409312 | E77: 12 | F77: 136.18 | G77: 129.55
A78: 1571 | B78: 9-12 / 252 | C78: 8.5 | D78: =IF(C78=0,0,C78/(C77+C78+C79)) -> 0.059068798 | E78: 13 | F78: 8.55 | G78: 8.13
A79: 1571 | B79: 9-12 / 253 | C79: 0 | D79: =IF(C79=0,0,C79/(C77+C78+C79)) -> 0 | E79: 14 | F79: 0 | G79: 0
A80: 1571 | C80: =SUM(C71:C79) -> 143.9 | D80: 1 | E80: 15
A81: 2521 | B81: 2521 | C81: Ed Venture Charter School | E81: 1
A82: 2521 | B82: 111 | C82: 0 | D82: =C82/C85 -> 0 | E82: 2
A83: 2521 | B83: 112 | C83: 0 | D83: =C83/C85 -> 0 | E83: 3
A84: 2521 | B84: 113 | C84: 27.3 | D84: =C84/C85 -> 1 | E84: 4
A85: 2521 | C85: =SUM(C82:C84) -> 27.3 | E85: 5
A86: 2521 | B86: K-3 / 251 | C86: 0 | D86: =IF(C86=0,0,C86/(C86+C87+C88)) -> 0 | E86: 6 | F86: 0 | G86: 0
A87: 2521 | B87: K-3 / 252 | C87: 0 | D87: =IF(C87=0,0,C87/(C86+C87+C88)) -> 0 | E87: 7 | F87: 0 | G87: 0
A88: 2521 | B88: K-3 / 253 | C88: 0.001 | D88: =IF(C88=0,0,C88/(C86+C87+C88)) -> 1 | E88: 8 | F88: 0 | G88: 0
A89: 2521 | B89: 4-8 / 251 | C89: 0 | D89: =IF(C89=0,0,C89/(C89+C90+C91)) -> 0 | E89: 9 | F89: 0 | G89: 0
A90: 2521 | B90: 4-8 / 252 | C90: 0 | D90: =IF(C90=0,0,C90/(C89+C90+C91)) -> 0 | E90: 10 | F90: 0 | G90: 0
A91: 2521 | B91: 4-8 / 253 | C91: 0.001 | D91: =IF(C91=0,0,C91/(C89+C90+C91)) -> 1 | E91: 11 | F91: 0 | G91: 0
A92: 2521 | B92: 9-12 / 251 | C92: 0 | D92: =IF(C92=0,0,C92/(C92+C93+C94)) -> 0 | E92: 12 | F92: 0 | G92: 0
A93: 2521 | B93: 9-12 / 252 | C93: 0.5 | D93: =IF(C93=0,0,C93/(C92+C93+C94)) -> 0.018315018 | E93: 13 | F93: 0.51 | G93: 0.5
A94: 2521 | B94: 9-12 / 253 | C94: 26.8 | D94: =IF(C94=0,0,C94/(C92+C93+C94)) -> 0.98168498 | E94: 14 | F94: 27.28 | G94: 26.69
A95: 2521 | C95: =SUM(C86:C94) -> 27.302 | D95: 1 | E95: 15
A96: 2531 | B96: 2531 | C96: Bodwell Academy | E96: 1
A97: 2531 | B97: 111 | C97: 0 | D97: =C97/C100 -> 0 | E97: 2
A98: 2531 | B98: 112 | C98: 0 | D98: =C98/C100 -> 0 | E98: 3
A99: 2531 | B99: 113 | C99: 11.5 | D99: =C99/C100 -> 1 | E99: 4
A100: 2531 | C100: =SUM(C97:C99) -> 11.5 | E100: 5
A101: 2531 | B101: K-3 / 251 | C101: 0 | D101: =IF(C101=0,0,C101/(C101+C102+C103)) -> 0 | E101: 6 | F101: 0 | G101: 0
...

Sheet Surv2-3
A1: Count 2 | H1: Count 3 | Q1: Active High Performing Schools | R1: https://web01.fldoe.org/CSA/PostToWeb/SponsoringEntitiesSearch
A2: School # | B2: Program | C2: Prog Total | D2: PK-3 | E2: 4-8 | F2: 9-12 | H2: School # | I2: Program | J2: Prog Total | K2: PK-3 | L2: 4-8 | M2: 9-12 | P2: SCHOOL CODE | Q2: SCHOOL NAME | R2: GRADE LEVEL | S2: SCHOOL YEAR | T2: DATE EFFECTIVE | U2: =COUNT(P:P) -> 9
P3: 1461 | Q3: INLET GROVE COMMUNITY HIGH SCHOOL | R3: 6-12 | S3: 2026 | T3: 43705
P4: 1571 | Q4: SOUTH TECH ACADEMY | R4: 9-12 | S4: 2026 | T4: 45924
P5: 2911 | Q5: WESTERN ACADEMY CHARTER SCHOOL | R5: K-8 | S5: 2026 | T5: 40764
A6: 0100 | B6: 113 | C6: 0.5 | D6: 0 | E6: 0 | F6: 0.5 | H6: 0100 | I6: 254 | J6: 9 | K6: 0 | L6: 0 | M6: 9 | P6: 3413 | Q6: SOMERSET ACADEMY BOCA EAST | R6: K-5 | S6: 2026 | T6: 42601
A7: 0100 | B7: 254 | C7: 10 | D7: 0 | E7: 0 | F7: 10 | H7: 0100 | I7: 255 | J7: 4.5 | K7: 0 | L7: 0 | M7: 4.5 | P7: 3431 | Q7: RENAISSANCE CHARTER SCHOOL AT WEST PALM BEACH | R7: K-8 | S7: 2026 | T7: 43691
A8: 0100 | B8: 255 | C8: 3 | D8: 0 | E8: 0 | F8: 3 | H8: 0571 | I8: 102 | J8: 2.56 | K8: 0 | L8: 2.56 | M8: 0 | P8: 3441 | Q8: SOUTH TECH PREPARATORY ACADEMY | R8: 6-8 | S8: 2026 | T8: 45924
A9: 0571 | B9: 102 | C9: 2.9 | D9: 0 | E9: 2.9 | F9: 0 | H9: 0571 | I9: 103 | J9: 54.84 | K9: 0 | L9: 0 | M9: 54.84 | P9: 3941 | Q9: BEN GAMLA-PALM BEACH | R9: K-5 | S9: 2026 | T9: 45331
A10: 0571 | B10: 103 | C10: 26.72 | D10: 0 | E10: 0 | F10: 26.72 | H10: 0571 | I10: 112 | J10: 0.48 | K10: 0 | L10: 0.48 | M10: 0 | P10: 4013 | Q10: SOMERSET ACADEMY CANYONS HIGH SCHOOL | R10: 9-12 | S10: 2026 | T10: 44803
A11: 0571 | B11: 112 | C11: 0.5 | D11: 0 | E11: 0.5 | F11: 0 | H11: 0571 | I11: 113 | J11: 20.6 | K11: 0 | L11: 0 | M11: 20.6 | P11: 4041 | Q11: SOMERSET ACADEMY BOCA MIDDLE SCHOOL | R11: 6-8 | S11: 2026 | T11: 42670
A12: 0571 | B12: 113 | C12: 9.43 | D12: 0 | E12: 0 | F12: 9.43 | H12: 0571 | I12: 130 | J12: 5.25 | K12: 0 | L12: 0.4 | M12: 4.85
A13: 0571 | B13: 130 | C13: 1.5 | D13: 0 | E13: 0.6 | F13: 0.9 | H13: 0571 | I13: 300 | J13: 0.76 | K13: 0 | L13: 0 | M13: 0.76
A14: 1461 | B14: 102 | C14: 73.38 | D14: 0 | E14: 73.38 | F14: 0 | H14: 1461 | I14: 102 | J14: 70.1 | K14: 0 | L14: 70.1 | M14: 0
A15: 1461 | B15: 103 | C15: 206.34 | D15: 0 | E15: 0 | F15: 206.34 | H15: 1461 | I15: 103 | J15: 203.7 | K15: 0 | L15: 0 | M15: 203.7
A16: 1461 | B16: 112 | C16: 10 | D16: 0 | E16: 10 | F16: 0 | H16: 1461 | I16: 112 | J16: 10.01 | K16: 0 | L16: 10.01 | M16: 0
A17: 1461 | B17: 113 | C17: 34.84 | D17: 0 | E17: 0 | F17: 34.84 | H17: 1461 | I17: 113 | J17: 32.42 | K17: 0 | L17: 0 | M17: 32.42
A18: 1461 | B18: 130 | C18: 10.14 | D18: 0 | E18: 2.63 | F18: 7.51 | H18: 1461 | I18: 130 | J18: 9.67 | K18: 0 | L18: 1.5 | M18: 8.17
A19: 1461 | B19: 300 | C19: 88.4 | D19: 0 | E19: 0 | F19: 88.4 | H19: 1461 | I19: 300 | J19: 79.33 | K19: 0 | L19: 0 | M19: 79.33
A20: 1571 | B20: 103 | C20: 286.32 | D20: 0 | E20: 0 | F20: 286.32 | H20: 1571 | I20: 102 | J20: 0.11 | K20: 0 | L20: 0.11 | M20: 0
A21: 1571 | B21: 113 | C21: 144.73 | D21: 0 | E21: 0 | F21: 144.73 | H21: 1571 | I21: 103 | J21: 273.25 | K21: 0 | L21: 0 | M21: 273.25
A22: 1571 | B22: 130 | C22: 1.51 | D22: 0 | E22: 0 | F22: 1.51 | H22: 1571 | I22: 113 | J22: 137.68 | K22: 0 | L22: 0 | M22: 137.68
A23: 1571 | B23: 300 | C23: 127.35 | D23: 0 | E23: 0 | F23: 127.35 | H23: 1571 | I23: 130 | J23: 1.33 | K23: 0 | L23: 0 | M23: 1.33
... A130: 3941 | B130: 130 | C130: 12.98 | D130: 8.03 | E130: 4.95 | F130: 0 | H130: 3941 | I130: 130 | J130: 12.21 | K130: 7.26 | L130: 4.95 | M130: 0
A131: 3971 | B131: 102 | C131: 6.75 | D131: 0 | E131: 6.75 | F131: 0 | H131: 3971 | I131: 102 | J131: 7.5 | K131: 0 | L131: 7.5 | M131: 0
A132: 3971 | B132: 112 | C132: 3.5 | D132: 0 | E132: 3.5 | F132: 0 | H132: 3971 | I132: 112 | J132: 3.97 | K132: 0 | L132: 3.97 | M132: 0
A133: 3971 | B133: 130 | C133: 1.25 | D133: 0 | E133: 1.25 | F133: 0 | H133: 3971 | I133: 130 | J133: 0.84 | K133: 0 | L133: 0.84 | M133: 0
A134: 3971 | B134: 103 | C134: 223.28 | D134: 0 | E134: 0 | F134: 223.28 | H134: 3971 | I134: 103 | J134: 229.33 | K134: 0 | L134: 0 | M134: 229.33
A135: 3971 | B135: 113 | C135: 57.72 | D135: 0 | E135: 0 | F135: 57.72 | H135: 3971 | I135: 113 | J135: 68.64 | K135: 0 | L135: 0 | M135: 68.64
A136: 3971 | B136: 130 | C136: 23.9 | D136: 0 | E136: 0 | F136: 23.9 | H136: 3971 | I136: 130 | J136: 24.66 | K136: 0 | L136: 0 | M136: 24.66
A137: 4001 | B137: 101 | C137: 90.9 | D137: 90.9 | E137: 0 | F137: 0 | H137: 4001 | I137: 101 | J137: 88.04 | K137: 88.04 | L137: 0 | M137: 0
A138: 4001 | B138: 102 | C138: 149.74 | D138: 0 | E138: 149.74 | F138: 0 | H138: 4001 | I138: 102 | J138: 148.94 | K138: 0 | L138: 148.94 | M138: 0
A139: 4001 | B139: 111 | C139: 13 | D139: 13 | E139: 0 | F139: 0 | H139: 4001 | I139: 111 | J139: 15.06 | K139: 15.06 | L139: 0 | M139: 0
A140: 4001 | B140: 112 | C140: 24 | D140: 0 | E140: 24 | F140: 0 | H140: 4001 | I140: 112 | J140: 23.5 | K140: 0 | L140: 23.5 | M140: 0
A141: 4001 | B141: 130 | C141: 43.86 | D141: 28.6 | E141: 15.26 | F141: 0 | H141: 4001 | I141: 130 | J141: 41.74 | K141: 28.16 | L141: 13.58 | M141: 0
A142: 4002 | B142: 101 | C142: 97.49 | D142: 97.49 | E142: 0 | F142: 0 | H142: 4002 | I142: 101 | J142: 93.34 | K142: 93.34 | L142: 0 | M142: 0
A143: 4002 | B143: 102 | C143: 177.15 | D143: 0 | E143: 177.15 | F143: 0 | H143: 4002 | I143: 102 | J143: 173.72 | K143: 0 | L143: 173.72 | M143: 0
A144: 4002 | B144: 111 | C144: 14 | D144: 14 | E144: 0 | F144: 0 | H144: 4002 | I144: 111 | J144: 13 | K144: 13 | L144: 0 | M144: 0
A145: 4002 | B145: 112 | C145: 25.5 | D145: 0 | E145: 25.5 | F145: 0 | H145: 4002 | I145: 112 | J145: 23.94 | K145: 0 | L145: 23.94 | M145: 0
A146: 4002 | B146: 130 | C146: 130.86 | D146: 92.51 | E146: 38.35 | F146: 0 | H146: 4002 | I146: 130 | J146: 125.47 | K146: 87.22 | L146: 38.25 | M146: 0
A147: 4013 | B147: 102 | C147: 222.88 | D147: 0 | E147: 222.88 | F147: 0 | H147: 4013 | I147: 102 | J147: 216.48 | K147: 0 | L147: 216.48 | M147: 0
A148: 4013 | B148: 112 | C148: 41.94 | D148: 0 | E148: 41.94 | F148: 0 | H148: 4013 | I148: 112 | J148: 38.44 | K148: 0 | L148: 38.44 | M148: 0
A149: 4013 | B149: 130 | C149: 5.87 | D149: 0 | E149: 5.87 | F149: 0 | H149: 4013 | I149: 130 | J149: 4.99 | K149: 0 | L149: 4.99 | M149: 0
A150: 4013 | B150: 103 | C150: 429.38 | D150: 0 | E150: 0 | F150: 429.38 | H150: 4013 | I150: 103 | J150: 417.08 | K150: 0 | L150: 0 | M150: 417.08
A151: 4013 | B151: 113 | C151: 47 | D151: 0 | E151: 0 | F151: 47 | H151: 4013 | I151: 113 | J151: 42.15 | K151: 0 | L151: 0 | M151: 42.15
A152: 4013 | B152: 130 | C152: 6.09 | D152: 0 | E152: 0 | F152: 6.09 | H152: 4013 | I152: 130 | J152: 5.14 | K152: 0 | L152: 0 | M152: 5.14
A153: 4013 | B153: 300 | C153: 22.41 | D153: 0 | E153: 0 | F153: 22.41 | H153: 4013 | I153: 300 | J153: 22.08 | K153: 0 | L153: 0 | M153: 22.08
A154: 4020 | B154: 101 | C154: 234.29 | D154: 234.29 | E154: 0 | F154: 0 | H154: 4020 | I154: 101 | J154: 226.73 | K154: 226.73 | L154: 0 | M154: 0
A155: 4020 | B155: 102 | C155: 272.62 | D155: 0 | E155: 272.62 | F155: 0 | H155: 4020 | I155: 102 | J155: 268.62 | K155: 0 | L155: 268.62 | M155: 0
A156: 4020 | B156: 111 | C156: 30 | D156: 30 | E156: 0 | F156: 0 | H156: 4020 | I156: 111 | J156: 33 | K156: 33 | L156: 0 | M156: 0
A157: 4020 | B157: 112 | C157: 47.41 | D157: 0 | E157: 47.41 | F157: 0 | H157: 4020 | I157: 112 | J157: 47.72 | K157: 0 | L157: 47.72 | M157: 0
A158: 4020 | B158: 130 | C158: 37.9 | D158: 25.21 | E158: 12.69 | F158: 0 | H158: 4020 | I158: 130 | J158: 36.52 | K158: 23.38 | L158: 13.14 | M158: 0
A159: 4031 | B159: 101 | C159: 51.69 | D159: 51.69 | E159: 0 | F159: 0 | H159: 4031 | I159: 101 | J159: 49.23 | K159: 49.23 | L159: 0 | M159: 0
A160: 4031 | B160: 102 | C160: 89.88 | D160: 0 | E160: 89.88 | F160: 0 | H160: 4031 | I160: 102 | J160: 90.48 | K160: 0 | L160: 90.48 | M160: 0
A161: 4031 | B161: 111 | C161: 6 | D161: 6 | E161: 0 | F161: 0 | H161: 4031 | I161: 111 | J161: 8.04 | K161: 8.04 | L161: 0 | M161: 0
... A215: 4131 | B215: 300 | C215: 3.87 | D215: 0 | E215: 0 | F215: 3.87 | H215: 4131 | I215: 300 | J215: 3.77 | K215: 0 | L215: 0 | M215: 3.77
A216: TOTAL | B216: TOTAL | C216: =SUM(C3:C215) -> 10590.24 | D216: =SUM(D3:D215) -> 2902.47 | E216: =SUM(E3:E215) -> 4285.5 | F216: =SUM(F3:F215) -> 3402.27 | H216: TOTAL | I216: TOTAL | J216: =SUM(J3:J215) -> 10531.68 | K216: =SUM(K3:K215) -> 2863.86 | L216: =SUM(L3:L215) -> 4229.55 | M216: =SUM(M3:M215) -> 3438.27
B218: =C218=Consolidated!E32 -> TRUE | C218: =C216+J216 -> 21121.92

Sheet 0040
A1: 50 | B1: (Insert district number in cell A1, enter, then strike F9. Your district data then pulls from Calculation Detail Sheets) | R1: 50 | S1: (Insert district number in cell A1, enter, then strike F9. Your district data then pulls from Calculation Detail Sheets)
A2: Revenue Estimate Worksheet: Palm Beach Preparatory Middle School 0040 | I2: =RIGHT(A2,4) -> 0040 | R2: =Revenue_Estimate_Worksheet_for___________Charter_School -> Revenue Estimate Worksheet: Palm Beach Preparatory Middle School 0040
A3: Based on the 2025-26 Third Calculation Worksheet | R3: Based on the 2025-26 FEFP Second Calculation
A4: School District: | D4: Palm Beach | H4: =Consolidated!H4 -> 46266 | R4: School District: | T4: Palm Beach
A5: 1A. 2025-26 FEFP State and Local Funding | R5: 1A. 2025-26 FEFP State and Local Funding
A6: Base Student Allocation | E6: =Consolidated!$C$8 -> 5457.6 | G6: Comparable Wage Factor: | I6: =Consolidated!$H$8 -> 1.031 | R6: Base Student Allocation | T6: =E6 -> 5457.6 | V6: Comparable Wage Factor: | X6: =I6 -> 1.031
G7: Small District Factor | I7: =Consolidated!$H$9 -> 1 | V7: Small District Factor | X7: 1
J8: 2025-26 | Y8: 2025-26
C9: =Consolidated!C$11 -> Oct 2025 | D9: =Consolidated!D$11 -> Feb 2026 | G9: Program | I9: Weighted FTE | J9: Base Funding | V9: Program | X9: Weighted FTE | Y9: Base Funding
A10: Program | C10: FTE | D10: FTE | E10: Total FTE | G10: Cost Factor | I10: (2) x (3) | J10: (WFTE x BSA x CWF x SDF) | R10: Program | T10: Number of FTE | V10: Cost Factor | X10: (2) x (3) | Y10: (WFTE x BSA x CWF x SDF)
A11: (1) | E11: (2) | G11: (3) | I11: (4) | J11: (5) | R11: (1) | T11: (2) | V11: (3) | X11: (4) | Y11: (5)
A12: 101 Basic K-3 | C12: =SUMIFS('Surv2-3'!D:D,'Surv2-3'!$A:$A,$I$2,'Surv2-3'!$B:$B,$O12) -> 0 | D12: =SUMIFS('Surv2-3'!K:K,'Surv2-3'!$H:$H,$I$2,'Surv2-3'!$I:$I,$O12) -> 0 | E12: =IF($D$28=0,C12*2,C12+D12) -> 0 | G12: =Consolidated!$F14 -> 1.107 | H12: =Consolidated!$H$9 -> 1 | I12: =ROUND(E12*G12,4) -> 0 | J12: =ROUND(ROUND(ROUND(I12*$E$6,4)*($I$6),2)*(MAX($I$7,1)),2) -> 0 | O12: =LEFT(R12,3) -> 101 | R12: 101 Basic K-3 | T12: =IF($I$111=1,E12,0) -> 0 | V12: 1 | X12: =ROUND(T12*V12,4) -> 0 | Y12: =ROUND(ROUND(ROUND(X12*$E$6,4)*($I$6),2)*(MAX($I$7,1)),2) -> 0
A13: 111 Basic K-3 with ESE Services | C13: =SUMIFS('Surv2-3'!D:D,'Surv2-3'!$A:$A,$I$2,'Surv2-3'!$B:$B,$O13) -> 0 | D13: =SUMIFS('Surv2-3'!K:K,'Surv2-3'!$H:$H,$I$2,'Surv2-3'!$I:$I,$O13) -> 0 | E13: =IF($D$28=0,C13*2,C13+D13) -> 0 | G13: =Consolidated!$F15 -> 1.107 | H13: =Consolidated!$H$9 -> 1 | I13: =ROUND(E13*G13,4) -> 0 | J13: =ROUND(ROUND(ROUND(I13*$E$6,4)*($I$6),2)*(MAX($I$7,1)),2) -> 0 | O13: =LEFT(R13,3) -> 111 | R13: 111 Basic K-3 with ESE Services | T13: =IF($I$111=1,E13,0) -> 0 | V13: 1 | X13: =ROUND(T13*V13,4) -> 0 | Y13: =ROUND(ROUND(ROUND(X13*$E$6,4)*($I$6),2)*(MAX($I$7,1)),2) -> 0
A14: 102 Basic 4-8 | C14: =SUMIFS('Surv2-3'!E:E,'Surv2-3'!$A:$A,$I$2,'Surv2-3'!$B:$B,$O14) -> 0 | D14: =SUMIFS('Surv2-3'!L:L,'Surv2-3'!$H:$H,$I$2,'Surv2-3'!$I:$I,$O14) -> 0 | E14: =IF($D$28=0,C14*2,C14+D14) -> 0 | G14: =Consolidated!$F16 -> 1 | H14: =Consolidated!$H$9 -> 1 | I14: =ROUND(E14*G14,4) -> 0 | J14: =ROUND(ROUND(ROUND(I14*$E$6,4)*($I$6),2)*(MAX($I$7,1)),2) -> 0 | O14: =LEFT(R14,3) -> 102 | R14: 102 Basic 4-8 | T14: =IF($I$111=1,E14,0) -> 0 | V14: 1 | X14: =ROUND(T14*V14,4) -> 0 | Y14: =ROUND(ROUND(ROUND(X14*$E$6,4)*($I$6),2)*(MAX($I$7,1)),2) -> 0
A15: 112 Basic 4-8 with ESE Services | C15: =SUMIFS('Surv2-3'!E:E,'Surv2-3'!$A:$A,$I$2,'Surv2-3'!$B:$B,$O15) -> 0 | D15: =SUMIFS('Surv2-3'!L:L,'Surv2-3'!$H:$H,$I$2,'Surv2-3'!$I:$I,$O15) -> 0 | E15: =IF($D$28=0,C15*2,C15+D15) -> 0 | G15: =Consolidated!$F17 -> 1 | H15: =Consolidated!$H$9 -> 1 | I15: =ROUND(E15*G15,4) -> 0 | J15: =ROUND(ROUND(ROUND(I15*$E$6,4)*($I$6),2)*(MAX($I$7,1)),2) -> 0 | O15: =LEFT(R15,3) -> 112 | R15: 112 Basic 4-8 with ESE Services | T15: =IF($I$111=1,E15,0) -> 0 | V15: 1 | X15: =ROUND(T15*V15,4) -> 0 | Y15: =ROUND(ROUND(ROUND(X15*$E$6,4)*($I$6),2)*(MAX($I$7,1)),2) -> 0
A16: 103 Basic 9-12 | C16: =SUMIFS('Surv2-3'!F:F,'Surv2-3'!$A:$A,$I$2,'Surv2-3'!$B:$B,$O16) -> 0 | D16: =SUMIFS('Surv2-3'!M:M,'Surv2-3'!$H:$H,$I$2,'Surv2-3'!$I:$I,$O16) -> 0 | E16: =IF($D$28=0,C16*2,C16+D16) -> 0 | G16: =Consolidated!$F18 -> 0.965 | H16: =Consolidated!$H$9 -> 1 | I16: =ROUND(E16*G16,4) -> 0 | J16: =ROUND(ROUND(ROUND(I16*$E$6,4)*($I$6),2)*(MAX($I$7,1)),2) -> 0 | O16: =LEFT(R16,3) -> 103 | R16: 103 Basic 9-12 | T16: =IF($I$111=1,E16,0) -> 0 | V16: 1 | X16: =ROUND(T16*V16,4) -> 0 | Y16: =ROUND(ROUND(ROUND(X16*$E$6,4)*($I$6),2)*(MAX($I$7,1)),2) -> 0
A17: 113 Basic 9-12 with ESE Services | C17: =SUMIFS('Surv2-3'!F:F,'Surv2-3'!$A:$A,$I$2,'Surv2-3'!$B:$B,$O17) -> 0 | D17: =SUMIFS('Surv2-3'!M:M,'Surv2-3'!$H:$H,$I$2,'Surv2-3'!$I:$I,$O17) -> 0 | E17: =IF($D$28=0,C17*2,C17+D17) -> 0 | G17: =Consolidated!$F19 -> 0.965 | H17: =Consolidated!$H$9 -> 1 | I17: =ROUND(E17*G17,4) -> 0 | J17: =ROUND(ROUND(ROUND(I17*$E$6,4)*($I$6),2)*(MAX($I$7,1)),2) -> 0 | O17: =LEFT(R17,3) -> 113 | R17: 113 Basic 9-12 with ESE Services | T17: =IF($I$111=1,E17,0) -> 0 | V17: 1 | X17: =ROUND(T17*V17,4) -> 0 | Y17: =ROUND(ROUND(ROUND(X17*$E$6,4)*($I$6),2)*(MAX($I$7,1)),2) -> 0
A18: 254 ESE Level 4 (Grade Level PK-3) | C18: =SUMIFS('Surv2-3'!D:D,'Surv2-3'!$A:$A,$I$2,'Surv2-3'!$B:$B,$O18) -> 0 | D18: =SUMIFS('Surv2-3'!K:K,'Surv2-3'!$H:$H,$I$2,'Surv2-3'!$I:$I,$O18) -> 0 | E18: =IF($D$28=0,C18*2,C18+D18) -> 0 | G18: =Consolidated!$F20 -> 3.515 | H18: =Consolidated!$H$9 -> 1 | I18: =ROUND(E18*G18,4) -> 0 | J18: =ROUND(ROUND(ROUND(I18*$E$6,4)*($I$6),2)*(MAX($I$7,1)),2) -> 0 | O18: =LEFT(R18,3) -> 254 | R18: 254 ESE Level 4 (Grade Level PK-3) | T18: =IF($I$111=1,E18,0) -> 0 | V18: 1 | X18: =ROUND(T18*V18,4) -> 0 | Y18: =ROUND(ROUND(ROUND(X18*$E$6,4)*($I$6),2)*(MAX($I$7,1)),2) -> 0
A19: 254 ESE Level 4 (Grade Level 4-8) | C19: =SUMIFS('Surv2-3'!E:E,'Surv2-3'!$A:$A,$I$2,'Surv2-3'!$B:$B,$O19) -> 0 | D19: =SUMIFS('Surv2-3'!L:L,'Surv2-3'!$H:$H,$I$2,'Surv2-3'!$I:$I,$O19) -> 0 | E19: =IF($D$28=0,C19*2,C19+D19) -> 0 | G19: =Consolidated!$F21 -> 3.515 | H19: =Consolidated!$H$9 -> 1 | I19: =ROUND(E19*G19,4) -> 0 | J19: =ROUND(ROUND(ROUND(I19*$E$6,4)*($I$6),2)*(MAX($I$7,1)),2) -> 0 | O19: =LEFT(R19,3) -> 254 | R19: 254 ESE Level 4 (Grade Level 4-8) | T19: =IF($I$111=1,E19,0) -> 0 | V19: 1 | X19: =ROUND(T19*V19,4) -> 0 | Y19: =ROUND(ROUND(ROUND(X19*$E$6,4)*($I$6),2)*(MAX($I$7,1)),2) -> 0
A20: 254 ESE Level 4 (Grade Level 9-12) | C20: =SUMIFS('Surv2-3'!F:F,'Surv2-3'!$A:$A,$I$2,'Surv2-3'!$B:$B,$O20) -> 0 | D20: =SUMIFS('Surv2-3'!M:M,'Surv2-3'!$H:$H,$I$2,'Surv2-3'!$I:$I,$O20) -> 0 | E20: =IF($D$28=0,C20*2,C20+D20) -> 0 | G20: =Consolidated!$F22 -> 3.515 | H20: =Consolidated!$H$9 -> 1 | I20: =ROUND(E20*G20,4) -> 0 | J20: =ROUND(ROUND(ROUND(I20*$E$6,4)*($I$6),2)*(MAX($I$7,1)),2) -> 0 | O20: =LEFT(R20,3) -> 254 | R20: 254 ESE Level 4 (Grade Level 9-12) | T20: =IF($I$111=1,E20,0) -> 0 | V20: 1 | X20: =ROUND(T20*V20,4) -> 0 | Y20: =ROUND(ROUND(ROUND(X20*$E$6,4)*($I$6),2)*(MAX($I$7,1)),2) -> 0
A21: 255 ESE Level 5 (Grade Level PK-3) | C21: =SUMIFS('Surv2-3'!D:D,'Surv2-3'!$A:$A,$I$2,'Surv2-3'!$B:$B,$O21) -> 0 | D21: =SUMIFS('Surv2-3'!K:K,'Surv2-3'!$H:$H,$I$2,'Surv2-3'!$I:$I,$O21) -> 0 | E21: =IF($D$28=0,C21*2,C21+D21) -> 0 | G21: =Consolidated!$F23 -> 5.906 | H21: =Consolidated!$H$9 -> 1 | I21: =ROUND(E21*G21,4) -> 0 | J21: =ROUND(ROUND(ROUND(I21*$E$6,4)*($I$6),2)*(MAX($I$7,1)),2) -> 0 | O21: =LEFT(R21,3) -> 255 | R21: 255 ESE Level 5 (Grade Level PK-3) | T21: =IF($I$111=1,E21,0) -> 0 | V21: 1 | X21: =ROUND(T21*V21,4) -> 0 | Y21: =ROUND(ROUND(ROUND(X21*$E$6,4)*($I$6),2)*(MAX($I$7,1)),2) -> 0
A22: 255 ESE Level 5 (Grade Level 4-8) | C22: =SUMIFS('Surv2-3'!E:E,'Surv2-3'!$A:$A,$I$2,'Surv2-3'!$B:$B,$O22) -> 0 | D22: =SUMIFS('Surv2-3'!L:L,'Surv2-3'!$H:$H,$I$2,'Surv2-3'!$I:$I,$O22) -> 0 | E22: =IF($D$28=0,C22*2,C22+D22) -> 0 | G22: =Consolidated!$F24 -> 5.906 | H22: =Consolidated!$H$9 -> 1 | I22: =ROUND(E22*G22,4) -> 0 | J22: =ROUND(ROUND(ROUND(I22*$E$6,4)*($I$6),2)*(MAX($I$7,1)),2) -> 0 | O22: =LEFT(R22,3) -> 255 | R22: 255 ESE Level 5 (Grade Level 4-8) | T22: =IF($I$111=1,E22,0) -> 0 | V22: 1 | X22: =ROUND(T22*V22,4) -> 0 | Y22: =ROUND(ROUND(ROUND(X22*$E$6,4)*($I$6),2)*(MAX($I$7,1)),2) -> 0
A23: 255 ESE Level 5 (Grade Level 9-12) | C23: =SUMIFS('Surv2-3'!F:F,'Surv2-3'!$A:$A,$I$2,'Surv2-3'!$B:$B,$O23) -> 0 | D23: =SUMIFS('Surv2-3'!M:M,'Surv2-3'!$H:$H,$I$2,'Surv2-3'!$I:$I,$O23) -> 0 | E23: =IF($D$28=0,C23*2,C23+D23) -> 0 | G23: =Consolidated!$F25 -> 5.906 | H23: =Consolidated!$H$9 -> 1 | I23: =ROUND(E23*G23,4) -> 0 | J23: =ROUND(ROUND(ROUND(I23*$E$6,4)*($I$6),2)*(MAX($I$7,1)),2) -> 0 | O23: =LEFT(R23,3) -> 255 | R23: 255 ESE Level 5 (Grade Level 9-12) | T23: =IF($I$111=1,E23,0) -> 0 | V23: 1 | X23: =ROUND(T23*V23,4) -> 0 | Y23: =ROUND(ROUND(ROUND(X23*$E$6,4)*($I$6),2)*(MAX($I$7,1)),2) -> 0
A24: 130 ESOL (Grade Level PK-3) | C24: =SUMIFS('Surv2-3'!D:D,'Surv2-3'!$A:$A,$I$2,'Surv2-3'!$B:$B,$O24) -> 0 | D24: =SUMIFS('Surv2-3'!K:K,'Surv2-3'!$H:$H,$I$2,'Surv2-3'!$I:$I,$O24) -> 0 | E24: =IF($D$28=0,C24*2,C24+D24) -> 0 | G24: =Consolidated!$F26 -> 1.161 | H24: =Consolidated!$H$9 -> 1 | I24: =ROUND(E24*G24,4) -> 0 | J24: =ROUND(ROUND(ROUND(I24*$E$6,4)*($I$6),2)*(MAX($I$7,1)),2) -> 0 | O24: =LEFT(R24,3) -> 130 | R24: 130 ESOL (Grade Level PK-3) | T24: =IF($I$111=1,E24,0) -> 0 | V24: 1 | X24: =ROUND(T24*V24,4) -> 0 | Y24: =ROUND(ROUND(ROUND(X24*$E$6,4)*($I$6),2)*(MAX($I$7,1)),2) -> 0
A25: 130 ESOL (Grade Level 4-8) | C25: =SUMIFS('Surv2-3'!E:E,'Surv2-3'!$A:$A,$I$2,'Surv2-3'!$B:$B,$O25) -> 0 | D25: =SUMIFS('Surv2-3'!L:L,'Surv2-3'!$H:$H,$I$2,'Surv2-3'!$I:$I,$O25) -> 0 | E25: =IF($D$28=0,C25*2,C25+D25) -> 0 | G25: =Consolidated!$F27 -> 1.161 | H25: =Consolidated!$H$9 -> 1 | I25: =ROUND(E25*G25,4) -> 0 | J25: =ROUND(ROUND(ROUND(I25*$E$6,4)*($I$6),2)*(MAX($I$7,1)),2) -> 0 | O25: =LEFT(R25,3) -> 130 | R25: 130 ESOL (Grade Level 4-8) | T25: =IF($I$111=1,E25,0) -> 0 | V25: 1 | X25: =ROUND(T25*V25,4) -> 0 | Y25: =ROUND(ROUND(ROUND(X25*$E$6,4)*($I$6),2)*(MAX($I$7,1)),2) -> 0
A26: 130 ESOL (Grade Level 9-12) | C26: =SUMIFS('Surv2-3'!F:F,'Surv2-3'!$A:$A,$I$2,'Surv2-3'!$B:$B,$O26) -> 0 | D26: =SUMIFS('Surv2-3'!M:M,'Surv2-3'!$H:$H,$I$2,'Surv2-3'!$I:$I,$O26) -> 0 | E26: =IF($D$28=0,C26*2,C26+D26) -> 0 | G26: =Consolidated!$F28 -> 1.161 | H26: =Consolidated!$H$9 -> 1 | I26: =ROUND(E26*G26,4) -> 0 | J26: =ROUND(ROUND(ROUND(I26*$E$6,4)*($I$6),2)*(MAX($I$7,1)),2) -> 0 | O26: =LEFT(R26,3) -> 130 | R26: 130 ESOL (Grade Level 9-12) | T26: =IF($I$111=1,E26,0) -> 0 | V26: 1 | X26: =ROUND(T26*V26,4) -> 0 | Y26: =ROUND(ROUND(ROUND(X26*$E$6,4)*($I$6),2)*(MAX($I$7,1)),2) -> 0
A27: 300 Career Education (Grades 9-12) | C27: =SUMIFS('Surv2-3'!C:C,'Surv2-3'!$A:$A,$I$2,'Surv2-3'!$B:$B,$O27) -> 0 | D27: =SUMIFS('Surv2-3'!J:J,'Surv2-3'!$H:$H,$I$2,'Surv2-3'!$I:$I,$O27) -> 0 | E27: =IF($D$28=0,C27*2,C27+D27) -> 0 | G27: =Consolidated!$F29 -> 1.09 | H27: =Consolidated!$H$9 -> 1 | I27: =ROUND(E27*G27,4) -> 0 | J27: =ROUND(ROUND(ROUND(I27*$E$6,4)*($I$6),2)*(MAX($I$7,1)),2) -> 0 | O27: =LEFT(R27,3) -> 300 | R27: 300 Career Education (Grades 9-12) | T27: =IF($I$111=1,E27,0) -> 0 | V27: 1 | X27: =ROUND(T27*V27,4) -> 0 | Y27: =ROUND(ROUND(ROUND(X27*$E$6,4)*($I$6),2)*(MAX($I$7,1)),2) -> 0
A28: Totals | C28: =SUM(C12:C27) -> 0 | D28: =SUM(D12:D27) -> 0 | E28: =SUM(E12:E27) -> 0 | I28: =SUM(I12:I27) -> 0 | J28: =SUM(J12:J27) -> 0 | R28: Totals | T28: =SUM(T12:T27) -> 0 | X28: =SUM(X12:X27) -> 0 | Y28: =SUM(Y12:Y27) -> 0
A29: Letters in Parentheses Refer to Notes at Bottom of Worksheet: | R29: Letters in Parentheses Refer to Notes at Bottom of Worksheet:
A30: Additional FTE | E30: Number of FTE Charter schools should contact their school district sponsor regarding eligible FTE. Please note that “Number of FTE” is NOT equivalent to number of students enrolled in these courses or programs. | J30: 2025-26 Base Funding (WFTE x BSA x CWF x SDF) | R30: Additional FTE | T30: Number of FTE Charter schools should contact their school district sponsor regarding eligible FTE. Please note that “Number of FTE” is NOT equivalent to number of students enrolled in these courses or programs. Please refer to footnote (a) below. | Y30: 2025-26 Base Funding (WFTE x BSA x CWF x SDF)
A31: Small District ESE Supplement | J31: =ROUND(ROUND(ROUND(I31*$E$6,4)*($I$6),0)*(MAX($I$7,1)),0) -> 0 | R31: Small District ESE Supplement | Y31: =J31 -> 0
A32: Total Additional FTE | G32: =SUM(I31:I31) -> 0 | H32: Additional Base Funds | J32: =SUM(J31:J31) -> 0 | R32: Total Additional FTE | V32: 0 | W32: Additional Base Funds | Y32: =SUM(Y31:Y31) -> 0
A33: Total Funded Weighted FTE | G33: =G32+I28 -> 0 | H33: Total Base Funding | J33: =SUM(J32,J28) -> 0 | R33: Total Funded Weighted FTE | V33: =V32+X28 -> 0 | W33: Total Base Funding | Y33: =SUM(Y32,Y28) -> 0
A35: 1B. Classroom Teacher and Other Instructional Personnel Salary Increase Maintenance and Growth Portions of the Salary Increase funds are part of the total Conference Base Funding and are not treated as a separate allocation. Amounts are split out here for informative purposes and for the purposes of providing a total that may be used for calculating the adminstrative fee. | R35: 1B. Classroom Teacher and Other Instructional Personnel Salary Increase Maintenance and Growth Portions of the Salary Increase funds are part of the total Conference Base Funding and are not treated as a separate allocation. Amounts are split out here for informative purposes and for the purposes of providing a total that may be used for calculating the adminstrative fee.
A36: =Consolidated!B53 -> Maintenance Portion (7.14% of Conference Funding) | F36: (a) | G36: =135867.18*0 -> 0 | H36: X | I36: =Consolidated!H53 -> 0.0714 | J36: =ROUND(G36*I36,2) -> 0 | R36: =A36 -> Maintenance Portion (7.14% of Conference Funding) | V36: =Y28 -> 0 | W36: X | X36: =I36 -> 0.0714 | Y36: =ROUND(V36*X36,2) -> 0
A37: =Consolidated!B54 -> Growth Portion (1.06% of Conference Funding) | F37: (a) | G37: =135867.18*0 -> 0 | H37: X | I37: =Consolidated!H54 -> 0.0106 | J37: =ROUND(G37*I37,2) -> 0 | R37: =A37 -> Growth Portion (1.06% of Conference Funding) | V37: =Y28 -> 0 | W37: X | X37: =I37 -> 0.0106 | Y37: =ROUND(V37*X37,2) -> 0
A38: Total Salary Increase Allocation | J38: =SUM(J36:J37) -> 0 | R38: Total Salary Increase Allocation | Y38: =Y36+Y37 -> 0
A40: 2. ESE Guaranteed Allocation: | C40: Oct 2025 FTE | D40: Feb 2026 FTE | E40: Total FTE | G40: Grade Level | H40: Matrix Level | I40: Guarantee Per Student | R40: 2. ESE Guaranteed Allocation: | T40: FTE | V40: Grade Level | W40: Matrix Level | X40: Guarantee Per Student
A41: Additional Funding from the ESE Guaranteed Allocation. Enter the FTE from 111,112 and 113 by grade and matrix level. Students who do not have a matrix level should be considered 251. This total should equal all FTE from programs 111, 112 and 113 above, less any 113 gifted FTE. | C41: =SUMIFS('ESE FTE'!F:F,'ESE FTE'!$A:$A,$I$2,'ESE FTE'!$E:$E,6) -> 0 | D41: =SUMIFS('ESE FTE'!G:G,'ESE FTE'!$A:$A,$I$2,'ESE FTE'!$E:$E,6) -> 0 | E41: =IF($D$50=0,C41*2,C41+D41) -> 0 | G41: PK-3 | H41: 251 | I41: =Consolidated!$H59 -> 1047 | J41: =ROUND(E41*I41,2) -> 0 | R41: Additional Funding from the ESE Guaranteed Allocation. Enter the FTE from 111,112, & 113 by grade and matrix level. Students who do not have a matrix level should be considered 251. This total should equal all FTE from programs 111, 112 & 113 above. | V41: PK-3 | W41: 251 | X41: =I41 -> 1047 | Y41: =ROUND(T41*X41,2) -> 0
C42: =SUMIFS('ESE FTE'!F:F,'ESE FTE'!$A:$A,$I$2,'ESE FTE'!$E:$E,7) -> 0 | D42: =SUMIFS('ESE FTE'!G:G,'ESE FTE'!$A:$A,$I$2,'ESE FTE'!$E:$E,7) -> 0 | E42: =IF($D$50=0,C42*2,C42+D42) -> 0 | G42: PK-3 | H42: 252 | I42: =Consolidated!$H60 -> 3380 | J42: =ROUND(E42*I42,2) -> 0 | V42: PK-3 | W42: 252 | X42: =I42 -> 3380 | Y42: =ROUND(T42*X42,2) -> 0
C43: =SUMIFS('ESE FTE'!F:F,'ESE FTE'!$A:$A,$I$2,'ESE FTE'!$E:$E,8) -> 0 | D43: =SUMIFS('ESE FTE'!G:G,'ESE FTE'!$A:$A,$I$2,'ESE FTE'!$E:$E,8) -> 0 | E43: =IF($D$50=0,C43*2,C43+D43) -> 0 | G43: PK-3 | H43: 253 | I43: =Consolidated!$H61 -> 6896 | J43: =ROUND(E43*I43,2) -> 0 | V43: PK-3 | W43: 253 | X43: =I43 -> 6896 | Y43: =ROUND(T43*X43,2) -> 0
C44: =SUMIFS('ESE FTE'!F:F,'ESE FTE'!$A:$A,$I$2,'ESE FTE'!$E:$E,9) -> 0 | D44: =SUMIFS('ESE FTE'!G:G,'ESE FTE'!$A:$A,$I$2,'ESE FTE'!$E:$E,9) -> 0 | E44: =IF($D$50=0,C44*2,C44+D44) -> 0 | G44: 4-8 | H44: 251 | I44: =Consolidated!$H62 -> 1173 | J44: =ROUND(E44*I44,2) -> 0 | V44: 4-8 | W44: 251 | X44: =I44 -> 1173 | Y44: =ROUND(T44*X44,2) -> 0
C45: =SUMIFS('ESE FTE'!F:F,'ESE FTE'!$A:$A,$I$2,'ESE FTE'!$E:$E,10) -> 0 | D45: =SUMIFS('ESE FTE'!G:G,'ESE FTE'!$A:$A,$I$2,'ESE FTE'!$E:$E,10) -> 0 | E45: =IF($D$50=0,C45*2,C45+D45) -> 0 | G45: 4-8 | H45: 252 | I45: =Consolidated!$H63 -> 3506 | J45: =ROUND(E45*I45,2) -> 0 | V45: 4-8 | W45: 252 | X45: =I45 -> 3506 | Y45: =ROUND(T45*X45,2) -> 0
C46: =SUMIFS('ESE FTE'!F:F,'ESE FTE'!$A:$A,$I$2,'ESE FTE'!$E:$E,11) -> 0 | D46: =SUMIFS('ESE FTE'!G:G,'ESE FTE'!$A:$A,$I$2,'ESE FTE'!$E:$E,11) -> 0 | E46: =IF($D$50=0,C46*2,C46+D46) -> 0 | G46: 4-8 | H46: 253 | I46: =Consolidated!$H64 -> 7023 | J46: =ROUND(E46*I46,2) -> 0 | V46: 4-8 | W46: 253 | X46: =I46 -> 7023 | Y46: =ROUND(T46*X46,2) -> 0
C47: =SUMIFS('ESE FTE'!F:F,'ESE FTE'!$A:$A,$I$2,'ESE FTE'!$E:$E,12) -> 0 | D47: =SUMIFS('ESE FTE'!G:G,'ESE FTE'!$A:$A,$I$2,'ESE FTE'!$E:$E,12) -> 0 | E47: =IF($D$50=0,C47*2,C47+D47) -> 0 | G47: 9-12 | H47: 251 | I47: =Consolidated!$H65 -> 835 | J47: =ROUND(E47*I47,2) -> 0 | V47: 9-12 | W47: 251 | X47: =I47 -> 835 | Y47: =ROUND(T47*X47,2) -> 0
C48: =SUMIFS('ESE FTE'!F:F,'ESE FTE'!$A:$A,$I$2,'ESE FTE'!$E:$E,13) -> 0 | D48: =SUMIFS('ESE FTE'!G:G,'ESE FTE'!$A:$A,$I$2,'ESE FTE'!$E:$E,13) -> 0 | E48: =IF($D$50=0,C48*2,C48+D48) -> 0 | G48: 9-12 | H48: 252 | I48: =Consolidated!$H66 -> 3168 | J48: =ROUND(E48*I48,2) -> 0 | V48: 9-12 | W48: 252 | X48: =I48 -> 3168 | Y48: =ROUND(T48*X48,2) -> 0
C49: =SUMIFS('ESE FTE'!F:F,'ESE FTE'!$A:$A,$I$2,'ESE FTE'!$E:$E,14) -> 0 | D49: =SUMIFS('ESE FTE'!G:G,'ESE FTE'!$A:$A,$I$2,'ESE FTE'!$E:$E,14) -> 0 | E49: =IF($D$50=0,C49*2,C49+D49) -> 0 | G49: 9-12 | H49: 253 | I49: =Consolidated!$H67 -> 6685 | J49: =ROUND(E49*I49,2) -> 0 | V49: 9-12 | W49: 253 | X49: =I49 -> 6685 | Y49: =ROUND(T49*X49,2) -> 0
A50: Total FTE with ESE Services | C50: =SUM(C41:C49) -> 0 | D50: =SUM(D41:D49) -> 0 | E50: =SUM(E41:E49) -> 0 | G50: Total ESE Guarantee | J50: =SUM(J41:J49) -> 0 | R50: Total FTE with ESE Services | T50: =SUM(T42:T49) -> 0 | V50: Total ESE Guarantee | Y50: =SUM(Y41:Y49) -> 0
R51: 3A. Divide school's Unweighted FTE (UFTE) total computed in Section 1, cell C28 above by the district's total UFTE to obtain school's
A52: 3A. Divide school's Unweighted FTE (UFTE) total computed in Section 1, cell C28 above by the district's total UFTE to obtain school's | R52: UFTE share. Charter School UFTE: | T52: =T28 -> 0 | U52: ÷ | W52: District's Total UFTE: | X52: =I53 -> 208856.94
A53: UFTE share. Charter School UFTE: | E53: =E$28 -> 0 | F53: ÷ | G53: District's Total UFTE: | I53: =Consolidated!H$71 -> 208856.94 | W53: = | X53: =ROUND(T52/X52,6) -> 0
H54: = | I54: =IFERROR(ROUND(E53/I53,6),0) -> 0 | R54: 3B. Divide school's Weighted FTE (WFTE) total computed in Section 1, cell E39 above by the district's total WFTE to obtain school's
A55: 3B. Divide school's Weighted FTE (WFTE) total computed in Section 1, cell E33 above by the district's total WFTE to obtain school's | R55: WFTE share. Charter School WFTE: | T55: =Y33 -> 0 | U55: ÷ | W55: District's Total WFTE: | X55: =I56 -> 221542.28
A56: WFTE share. Charter School WFTE: | E56: =$I28 -> 0 | F56: ÷ | G56: District's Total WFTE: | I56: =Consolidated!H$74 -> 221542.28 | W56: = | X56: =ROUND(T55/X55,6) -> 0
H57: = | I57: =IFERROR(ROUND(E56/I56,6),0) -> 0 | R57: 3C. Divide school's Unweighted FTE (UFTE) total computed in Section 1, cell C28 above by the district's total non-scholarship UFTE to obtain school's
A58: 3C. Divide school's Unweighted FTE (UFTE) total computed in Section 1, cell C28 above by the district's total non-scholarship UFTE to obtain school's | R58: UFTE share. Charter School UFTE: | T58: =T28 -> 0 | U58: ÷ | V58: District's Total Non-Scholarship UFTE: | X58: =I59 -> 175905.69
A59: UFTE share. Charter School UFTE: | E59: =E$28 -> 0 | F59: ÷ | H59: District's Total Non-Scholarship UFTE: | I59: =Consolidated!H$77 -> 175905.69 | W59: = | X59: =ROUND(T58/X58,6) -> 0
H60: = | I60: =IFERROR(ROUND(E59/I59,6),0) -> 0 | R60: 3D. Divide school's Unweighted FTE (UFTE) total computed in Section 1, cell C28 above by the district's total non-virtual UFTE to obtain school's
A61: 3D. Divide school's Unweighted FTE (UFTE) total computed in Section 1, cell C28 above by the district's total non-virtual UFTE to obtain school's | R61: UFTE share. Charter School UFTE: | T61: =T28 -> 0 | U61: ÷ | V61: District's Total Non-Virtual UFTE: | X61: =I62 -> 208541.94
A62: UFTE share. Charter School UFTE: | E62: =E$28 -> 0 | F62: ÷ | H62: District's Total Non-Virtual UFTE: | I62: =Consolidated!H$80 -> 208541.94 | W62: = | X62: =ROUND(T61/X61,6) -> 0
H63: = | I63: =IFERROR(ROUND(E62/I62,6),0) -> 0 | R63: 3E. Divide school's Unweighted FTE (UFTE) total computed in Section 1, cell C28 above by the district's total non-scholarship and non-virtual UFTE to obtain school's
A64: 3E. Divide school's Unweighted FTE (UFTE) total computed in Section 1, cell C28 above by the district's total non-scholarship and non-virtual UFTE to obtain school's | R64: UFTE share. Charter School UFTE: | T64: =T28 -> 0 | U64: ÷ | V64: District's Total Non-Virtual and Non-Scholarship UFTE: | X64: =I65 -> 175590.69
A65: UFTE share. Charter School UFTE: | E65: =E$28 -> 0 | F65: ÷ | G65: District's Total Non-Scholarship Non-Virtual UFTE: | I65: =Consolidated!H$83 -> 175590.69 | W65: = | X65: =ROUND(T64/X64,6) -> 0
H66: = | I66: =IFERROR(ROUND(E65/I65,6),0) -> 0
R67: 4. Educational Enrichment Share (Non-Virtual UFTE share) | V67: =G68 -> 45866714 | W67: x | X67: =X62 -> 0 | Y67: =ROUND(V67*X67,2) -> 0
A68: 4. Educational Enrichment Share (Non-Virtual UFTE share) | F68: (e) | G68: =Consolidated!F$86 -> 45866714 | H68: x | I68: =I63 -> 0 | J68: =ROUND(G68*I68,2) -> 0 | R68: 5. Discretionary Millage Compression Allocation
A69: 5. Discretionary Millage Compression Allocation | R69: .748 Mills | V69: =G70 -> 0 | W69: x | X69: =X53 -> 0 | Y69: =ROUND(V69*X69,2) -> 0
A70: .748 Mills (UFTE share) | F70: (b) | G70: =Consolidated!F$89 -> 0 | H70: x | I70: =I54 -> 0 | J70: =ROUND(G70*I70,2) -> 0 | R70: 6. Safe Schools Allocation (Non-Virtual and Scholarship UFTE share) | V70: =G71 -> 18834423 | W70: x | X70: =X65 -> 0 | Y70: =ROUND(V70*X70,2) -> 0
A71: 6. Safe Schools Allocation (Non-Virtual and Non-Scholarship UFTE share) | F71: (f) | G71: =Consolidated!F$91 -> 18834423 | H71: x | I71: =I66 -> 0 | J71: =ROUND(G71*I71,2) -> 0 | R71: 7. Mental Health Assistance Allocation (Non-Scholarship UFTE share) | V71: =G72 -> 11226031 | W71: x | X71: =X59 -> 0 | Y71: =ROUND(V71*X71,2) -> 0
A72: 7. Mental Health Assistance Allocation (Non-Scholarship UFTE share) | F72: (d) | G72: =Consolidated!F$93 -> 11226031 | H72: x | I72: =I60 -> 0 | J72: =ROUND(G72*I72,2) -> 0 | R72: 8. Academic Acceleration Options Supplement (Value share)
A73: 8. Academic Acceleration Options Supplement (Value share) | F73: (g) | R73: Acceleration Value | T73: Acceleration Value Charter schools should contact their school district sponsor regarding eligible value. Please note that “Acceleration Value” is NOT equivalent to number of students enrolled in these courses or programs. Please refer to footnote (a) below.
A74: Acceleration Value | E74: Acceleration Value Charter schools should contact their school district sponsor regarding eligible value. Please note that “Acceleration Value” is NOT equivalent to number of students enrolled in these courses or programs. Please refer to footnote (g) below. | R74: Advanced Placement
A75: Advanced Placement | R75: International Baccalaureate
A76: International Baccalaureate | R76: Advanced International Certificate
A77: Advanced International Certificate | R77: Industry Certified Career Education
A78: Industry Certified Career Education | R78: Early High School Graduation
A79: Early High School Graduation | R79: Dual Enrollment
A80: Dual Enrollment | X80: School total value | Y80: =SUM(Y74:Y79) -> 0
I81: School total value | J81: =SUM(J75:J80) -> 0 | X81: District total value | Y81: =J82 -> 12903.05
I82: District total value | J82: =Consolidated!J$104 -> 12903.05
R83: School Academic Acceleration Option Supplement | V83: =G84 -> 58502790 | W83: x | X83: =IFERROR(ROUND(Y80/Y81,6),0) -> 0 | Y83: =ROUND(V83*X83,2) -> 0
A84: School Academic Acceleration Option Supplement | G84: =Consolidated!F$106 -> 58502790 | H84: x | I84: =IFERROR(ROUND(J81/J82,6),0) -> 0 | J84: =ROUND(G84*I84,2) -> 0 | R84: 9. ESE Guaranteed Allocation
A85: 9. Discretionary Local Effort (WFTE share) | F85: (c) | G85: =Consolidated!F$108 -> 283895192 | H85: x | I85: =I57 -> 0 | J85: =ROUND(G85*I85,2) -> 0 | R85: 10. Discretionary Local Effort (WFTE share) | V85: =G85 -> 283895192 | W85: x | X85: =X56 -> 0 | Y85: =ROUND(V85*X85,2) -> 0
A86: 10. Proration to Funds Available (WFTE share) | F86: (c) | G86: 0 | H86: x | I86: =I57 -> 0 | J86: =ROUND(G86*I86,2) -> 0 | R86: 11. Proration to Funds Available (WFTE share) | V86: 0 | W86: x | X86: =X56 -> 0 | Y86: =ROUND(V86*X86,2) -> 0
A87: 11. Educational Enrollment Stabilization Program (UFTE share) | F87: (b) | G87: 0 | H87: x | I87: =I54 -> 0 | J87: =ROUND(G87*I87,2) -> 0 | R87: 12. Educational Enrollment Stabilization Program (UFTE share) | V87: 0 | W87: x | X87: =X53 -> 0 | Y87: =ROUND(V87*X87,2) -> 0
A88: 12. Class Size Reduction Funds: | R88: 13. Class Size Reduction Funds:
B89: Weighted FTE (not including Add-On) | D89: X CWF X | G89: Allocation factors | R89: Weighted FTE (not including Add-On) | T89: X CWF X | V89: Allocation factors
A90: PK - 3 | B90: =I12+I13+I18+I21+I24 -> 0 | D90: =I6 -> 1.031 | G90: =Consolidated!F$118 -> 961.57 | H90: = | I90: =ROUND(B90*D90*G90,2) -> 0 | R90: PK - 3 | S90: =X12+X13+X18+X21+X24 -> 0 | T90: =X6 -> 1.031 | V90: =G90 -> 961.57 | W90: = | X90: =ROUND(S90*T90*V90,2) -> 0
A91: 4-8 | B91: =I14+I15+I19+I22+I25 -> 0 | D91: =I6 -> 1.031 | G91: =Consolidated!F$119 -> 918.1 | H91: = | I91: =ROUND(B91*D91*G91,2) -> 0 | R91: 4-8 | S91: =X14+X15+X19+X22+X25 -> 0 | T91: =X6 -> 1.031 | V91: =G91 -> 918.1 | W91: = | X91: =ROUND(S91*T91*V91,2) -> 0
A92: 9-12 | B92: =I16+I17+I20+I23+I26+I27 -> 0 | D92: =I6 -> 1.031 | G92: =Consolidated!F$120 -> 920.31 | H92: = | I92: =ROUND(B92*D92*G92,2) -> 0 | R92: 9-12 | S92: =X16+X17+X20+X23+X26+X27 -> 0 | T92: =X6 -> 1.031 | V92: =G92 -> 920.31 | W92: = | X92: =ROUND(S92*T92*V92,2) -> 0
A93: Total * | B93: =SUM(B90:B92) -> 0 | E93: Total Class Size Reduction Funds | J93: =IF(A1=75,0,I92+I91+I90) -> 0 | R93: Total * | S93: =SUM(S90:S92) -> 0 | T93: Total Class Size Reduction Funds | Y93: =IF(R1=75,0,X92+X91+X90) -> 0
A94: (*Total FTE should equal total in Section 1, column (4) and should not include any additional FTE from Section 1.) | R94: (*Total FTE should equal total in Section 1, column (4) and should not include any additional FTE from Section 1.)
A95: 13. Student Transportation | F95: (h) | R95: 14. Student Transportation
C96: Oct 2025 FTE | D96: Feb 2026 FTE | E96: Average FTE | R96: Enter All Adjusted Fundable Riders | T96: =IF(I111=1,E97,0) -> 0 | W96: x | X96: =I97 -> 583 | Y96: =ROUND(X96*T96,2) -> 0
A97: Enter All Adjusted Fundable Riders | C97: =4*0 -> 0 | D97: =9*0 -> 0 | E97: =IF(D97>0,(C97+D97)/2,C97) -> 0 | H97: x | I97: =Consolidated!G$127 -> 583 | J97: =ROUND(I97*E97,2) -> 0 | R97: Enter All Adjusted ESE Riders | T97: =IF(I112=1,E98,0) -> 0 | W97: x | X97: =I98 -> 1806 | Y97: =ROUND(X97*T97,2) -> 0
A98: Enter All Adjusted ESE Riders | C98: 0 | E98: =(C98+D98)/2 -> 0 | H98: x | I98: =Consolidated!G$128 -> 1806 | J98: =ROUND(I98*E98,2) -> 0
A100: 14. Federally Connected Student Supplement | F100: (i) | R100: 15. Federally Connected Student Supplement
A101: Impact Aid Student Type | D101: Number of Students | G101: Exempt Property Allocation | I101: Impact Aid Student Allocation | J101: Total | R101: Impact Aid Student Type | T101: Number of Students | V101: Exempt Property Allocation | X101: Impact Aid Student Allocation | Y101: Total
A102: Military and Indian Lands | G102: 0 | I102: 0 | J102: =ROUND((I102+G102)*E102,0) -> 0 | R102: Military and Indian Lands | T102: 0 | V102: 0 | X102: 0 | Y102: =ROUND((X102+V102)*T102,0) -> 0
A103: Civilians on Federal Lands | G103: =ROUND(G102/2,2) -> 0 | I103: 0 | J103: =ROUND((I103+G103)*E103,0) -> 0 | R103: Civilians on Federal Lands | T103: 0 | V103: =ROUND(V102/2,2) -> 0 | X103: 0 | Y103: =ROUND((X103+V103)*T103,0) -> 0
...

Sheet 0571
A1: 50 | B1: (Insert district number in cell A1, enter, then strike F9. Your district data then pulls from Calculation Detail Sheets) | R1: 50 | S1: (Insert district number in cell A1, enter, then strike F9. Your district data then pulls from Calculation Detail Sheets)
A2: Revenue Estimate Worksheet: Palmetto Park - 0571 | I2: =RIGHT(A2,4) -> 0571 | R2: =Revenue_Estimate_Worksheet_for___________Charter_School -> Revenue Estimate Worksheet: Palmetto Park - 0571
A3: Based on the 2025-26 Third Calculation Worksheet | R3: Based on the 2025-26 FEFP Second Calculation
A4: School District: | D4: Palm Beach | H4: =Consolidated!H4 -> 46266 | R4: School District: | T4: Palm Beach
A5: 1A. 2025-26 FEFP State and Local Funding | R5: 1A. 2025-26 FEFP State and Local Funding
A6: Base Student Allocation | E6: =Consolidated!$C$8 -> 5457.6 | G6: Comparable Wage Factor: | I6: =Consolidated!$H$8 -> 1.031 | R6: Base Student Allocation | T6: =E6 -> 5457.6 | V6: Comparable Wage Factor: | X6: =I6 -> 1.031
G7: Small District Factor | I7: =Consolidated!$H$9 -> 1 | V7: Small District Factor | X7: 1
J8: 2025-26 | Y8: 2025-26
C9: =Consolidated!C$11 -> Oct 2025 | D9: =Consolidated!D$11 -> Feb 2026 | G9: Program | I9: Weighted FTE | J9: Base Funding | V9: Program | X9: Weighted FTE | Y9: Base Funding
A10: Program | C10: FTE | D10: FTE | E10: Total FTE | G10: Cost Factor | I10: (2) x (3) | J10: (WFTE x BSA x CWF x SDF) | R10: Program | T10: Number of FTE | V10: Cost Factor | X10: (2) x (3) | Y10: (WFTE x BSA x CWF x SDF)
A11: (1) | E11: (2) | G11: (3) | I11: (4) | J11: (5) | R11: (1) | T11: (2) | V11: (3) | X11: (4) | Y11: (5)
A12: 101 Basic K-3 | C12: =SUMIFS('Surv2-3'!D:D,'Surv2-3'!$A:$A,$I$2,'Surv2-3'!$B:$B,$O12) -> 0 | D12: =SUMIFS('Surv2-3'!K:K,'Surv2-3'!$H:$H,$I$2,'Surv2-3'!$I:$I,$O12) -> 0 | E12: =IF($D$28=0,C12*2,C12+D12) -> 0 | G12: =Consolidated!$F14 -> 1.107 | H12: =Consolidated!$H$9 -> 1 | I12: =ROUND(E12*G12,4) -> 0 | J12: =ROUND(ROUND(ROUND(I12*$E$6,4)*($I$6),2)*(MAX($I$7,1)),2) -> 0 | O12: =LEFT(R12,3) -> 101 | R12: 101 Basic K-3 | T12: =IF($I$111=1,E12,0) -> 0 | V12: 1 | X12: =ROUND(T12*V12,4) -> 0 | Y12: =ROUND(ROUND(ROUND(X12*$E$6,4)*($I$6),2)*(MAX($I$7,1)),2) -> 0
A13: 111 Basic K-3 with ESE Services | C13: =SUMIFS('Surv2-3'!D:D,'Surv2-3'!$A:$A,$I$2,'Surv2-3'!$B:$B,$O13) -> 0 | D13: =SUMIFS('Surv2-3'!K:K,'Surv2-3'!$H:$H,$I$2,'Surv2-3'!$I:$I,$O13) -> 0 | E13: =IF($D$28=0,C13*2,C13+D13) -> 0 | G13: =Consolidated!$F15 -> 1.107 | H13: =Consolidated!$H$9 -> 1 | I13: =ROUND(E13*G13,4) -> 0 | J13: =ROUND(ROUND(ROUND(I13*$E$6,4)*($I$6),2)*(MAX($I$7,1)),2) -> 0 | O13: =LEFT(R13,3) -> 111 | R13: 111 Basic K-3 with ESE Services | T13: =IF($I$111=1,E13,0) -> 0 | V13: 1 | X13: =ROUND(T13*V13,4) -> 0 | Y13: =ROUND(ROUND(ROUND(X13*$E$6,4)*($I$6),2)*(MAX($I$7,1)),2) -> 0
A14: 102 Basic 4-8 | C14: =SUMIFS('Surv2-3'!E:E,'Surv2-3'!$A:$A,$I$2,'Surv2-3'!$B:$B,$O14) -> 2.9 | D14: =SUMIFS('Surv2-3'!L:L,'Surv2-3'!$H:$H,$I$2,'Surv2-3'!$I:$I,$O14) -> 2.56 | E14: =IF($D$28=0,C14*2,C14+D14) -> 5.46 | G14: =Consolidated!$F16 -> 1 | H14: =Consolidated!$H$9 -> 1 | I14: =ROUND(E14*G14,4) -> 5.46 | J14: =ROUND(ROUND(ROUND(I14*$E$6,4)*($I$6),2)*(MAX($I$7,1)),2) -> 30722.25 | O14: =LEFT(R14,3) -> 102 | R14: 102 Basic 4-8 | T14: =IF($I$111=1,E14,0) -> 0 | V14: 1 | X14: =ROUND(T14*V14,4) -> 0 | Y14: =ROUND(ROUND(ROUND(X14*$E$6,4)*($I$6),2)*(MAX($I$7,1)),2) -> 0
A15: 112 Basic 4-8 with ESE Services | C15: =SUMIFS('Surv2-3'!E:E,'Surv2-3'!$A:$A,$I$2,'Surv2-3'!$B:$B,$O15) -> 0.5 | D15: =SUMIFS('Surv2-3'!L:L,'Surv2-3'!$H:$H,$I$2,'Surv2-3'!$I:$I,$O15) -> 0.48 | E15: =IF($D$28=0,C15*2,C15+D15) -> 0.98 | G15: =Consolidated!$F17 -> 1 | H15: =Consolidated!$H$9 -> 1 | I15: =ROUND(E15*G15,4) -> 0.98 | J15: =ROUND(ROUND(ROUND(I15*$E$6,4)*($I$6),2)*(MAX($I$7,1)),2) -> 5514.25 | O15: =LEFT(R15,3) -> 112 | R15: 112 Basic 4-8 with ESE Services | T15: =IF($I$111=1,E15,0) -> 0 | V15: 1 | X15: =ROUND(T15*V15,4) -> 0 | Y15: =ROUND(ROUND(ROUND(X15*$E$6,4)*($I$6),2)*(MAX($I$7,1)),2) -> 0
A16: 103 Basic 9-12 | C16: =SUMIFS('Surv2-3'!F:F,'Surv2-3'!$A:$A,$I$2,'Surv2-3'!$B:$B,$O16) -> 26.72 | D16: =SUMIFS('Surv2-3'!M:M,'Surv2-3'!$H:$H,$I$2,'Surv2-3'!$I:$I,$O16) -> 54.84 | E16: =IF($D$28=0,C16*2,C16+D16) -> 81.56 | G16: =Consolidated!$F18 -> 0.965 | H16: =Consolidated!$H$9 -> 1 | I16: =ROUND(E16*G16,4) -> 78.7054 | J16: =ROUND(ROUND(ROUND(I16*$E$6,4)*($I$6),2)*(MAX($I$7,1)),2) -> 442858.41 | O16: =LEFT(R16,3) -> 103 | R16: 103 Basic 9-12 | T16: =IF($I$111=1,E16,0) -> 0 | V16: 1 | X16: =ROUND(T16*V16,4) -> 0 | Y16: =ROUND(ROUND(ROUND(X16*$E$6,4)*($I$6),2)*(MAX($I$7,1)),2) -> 0
A17: 113 Basic 9-12 with ESE Services | C17: =SUMIFS('Surv2-3'!F:F,'Surv2-3'!$A:$A,$I$2,'Surv2-3'!$B:$B,$O17) -> 9.43 | D17: =SUMIFS('Surv2-3'!M:M,'Surv2-3'!$H:$H,$I$2,'Surv2-3'!$I:$I,$O17) -> 20.6 | E17: =IF($D$28=0,C17*2,C17+D17) -> 30.03 | G17: =Consolidated!$F19 -> 0.965 | H17: =Consolidated!$H$9 -> 1 | I17: =ROUND(E17*G17,4) -> 28.979 | J17: =ROUND(ROUND(ROUND(I17*$E$6,4)*($I$6),2)*(MAX($I$7,1)),2) -> 163058.62 | O17: =LEFT(R17,3) -> 113 | R17: 113 Basic 9-12 with ESE Services | T17: =IF($I$111=1,E17,0) -> 0 | V17: 1 | X17: =ROUND(T17*V17,4) -> 0 | Y17: =ROUND(ROUND(ROUND(X17*$E$6,4)*($I$6),2)*(MAX($I$7,1)),2) -> 0
A18: 254 ESE Level 4 (Grade Level PK-3) | C18: =SUMIFS('Surv2-3'!D:D,'Surv2-3'!$A:$A,$I$2,'Surv2-3'!$B:$B,$O18) -> 0 | D18: =SUMIFS('Surv2-3'!K:K,'Surv2-3'!$H:$H,$I$2,'Surv2-3'!$I:$I,$O18) -> 0 | E18: =IF($D$28=0,C18*2,C18+D18) -> 0 | G18: =Consolidated!$F20 -> 3.515 | H18: =Consolidated!$H$9 -> 1 | I18: =ROUND(E18*G18,4) -> 0 | J18: =ROUND(ROUND(ROUND(I18*$E$6,4)*($I$6),2)*(MAX($I$7,1)),2) -> 0 | O18: =LEFT(R18,3) -> 254 | R18: 254 ESE Level 4 (Grade Level PK-3) | T18: =IF($I$111=1,E18,0) -> 0 | V18: 1 | X18: =ROUND(T18*V18,4) -> 0 | Y18: =ROUND(ROUND(ROUND(X18*$E$6,4)*($I$6),2)*(MAX($I$7,1)),2) -> 0
A19: 254 ESE Level 4 (Grade Level 4-8) | C19: =SUMIFS('Surv2-3'!E:E,'Surv2-3'!$A:$A,$I$2,'Surv2-3'!$B:$B,$O19) -> 0 | D19: =SUMIFS('Surv2-3'!L:L,'Surv2-3'!$H:$H,$I$2,'Surv2-3'!$I:$I,$O19) -> 0 | E19: =IF($D$28=0,C19*2,C19+D19) -> 0 | G19: =Consolidated!$F21 -> 3.515 | H19: =Consolidated!$H$9 -> 1 | I19: =ROUND(E19*G19,4) -> 0 | J19: =ROUND(ROUND(ROUND(I19*$E$6,4)*($I$6),2)*(MAX($I$7,1)),2) -> 0 | O19: =LEFT(R19,3) -> 254 | R19: 254 ESE Level 4 (Grade Level 4-8) | T19: =IF($I$111=1,E19,0) -> 0 | V19: 1 | X19: =ROUND(T19*V19,4) -> 0 | Y19: =ROUND(ROUND(ROUND(X19*$E$6,4)*($I$6),2)*(MAX($I$7,1)),2) -> 0
A20: 254 ESE Level 4 (Grade Level 9-12) | C20: =SUMIFS('Surv2-3'!F:F,'Surv2-3'!$A:$A,$I$2,'Surv2-3'!$B:$B,$O20) -> 0 | D20: =SUMIFS('Surv2-3'!M:M,'Surv2-3'!$H:$H,$I$2,'Surv2-3'!$I:$I,$O20) -> 0 | E20: =IF($D$28=0,C20*2,C20+D20) -> 0 | G20: =Consolidated!$F22 -> 3.515 | H20: =Consolidated!$H$9 -> 1 | I20: =ROUND(E20*G20,4) -> 0 | J20: =ROUND(ROUND(ROUND(I20*$E$6,4)*($I$6),2)*(MAX($I$7,1)),2) -> 0 | O20: =LEFT(R20,3) -> 254 | R20: 254 ESE Level 4 (Grade Level 9-12) | T20: =IF($I$111=1,E20,0) -> 0 | V20: 1 | X20: =ROUND(T20*V20,4) -> 0 | Y20: =ROUND(ROUND(ROUND(X20*$E$6,4)*($I$6),2)*(MAX($I$7,1)),2) -> 0
A21: 255 ESE Level 5 (Grade Level PK-3) | C21: =SUMIFS('Surv2-3'!D:D,'Surv2-3'!$A:$A,$I$2,'Surv2-3'!$B:$B,$O21) -> 0 | D21: =SUMIFS('Surv2-3'!K:K,'Surv2-3'!$H:$H,$I$2,'Surv2-3'!$I:$I,$O21) -> 0 | E21: =IF($D$28=0,C21*2,C21+D21) -> 0 | G21: =Consolidated!$F23 -> 5.906 | H21: =Consolidated!$H$9 -> 1 | I21: =ROUND(E21*G21,4) -> 0 | J21: =ROUND(ROUND(ROUND(I21*$E$6,4)*($I$6),2)*(MAX($I$7,1)),2) -> 0 | O21: =LEFT(R21,3) -> 255 | R21: 255 ESE Level 5 (Grade Level PK-3) | T21: =IF($I$111=1,E21,0) -> 0 | V21: 1 | X21: =ROUND(T21*V21,4) -> 0 | Y21: =ROUND(ROUND(ROUND(X21*$E$6,4)*($I$6),2)*(MAX($I$7,1)),2) -> 0
A22: 255 ESE Level 5 (Grade Level 4-8) | C22: =SUMIFS('Surv2-3'!E:E,'Surv2-3'!$A:$A,$I$2,'Surv2-3'!$B:$B,$O22) -> 0 | D22: =SUMIFS('Surv2-3'!L:L,'Surv2-3'!$H:$H,$I$2,'Surv2-3'!$I:$I,$O22) -> 0 | E22: =IF($D$28=0,C22*2,C22+D22) -> 0 | G22: =Consolidated!$F24 -> 5.906 | H22: =Consolidated!$H$9 -> 1 | I22: =ROUND(E22*G22,4) -> 0 | J22: =ROUND(ROUND(ROUND(I22*$E$6,4)*($I$6),2)*(MAX($I$7,1)),2) -> 0 | O22: =LEFT(R22,3) -> 255 | R22: 255 ESE Level 5 (Grade Level 4-8) | T22: =IF($I$111=1,E22,0) -> 0 | V22: 1 | X22: =ROUND(T22*V22,4) -> 0 | Y22: =ROUND(ROUND(ROUND(X22*$E$6,4)*($I$6),2)*(MAX($I$7,1)),2) -> 0
A23: 255 ESE Level 5 (Grade Level 9-12) | C23: =SUMIFS('Surv2-3'!F:F,'Surv2-3'!$A:$A,$I$2,'Surv2-3'!$B:$B,$O23) -> 0 | D23: =SUMIFS('Surv2-3'!M:M,'Surv2-3'!$H:$H,$I$2,'Surv2-3'!$I:$I,$O23) -> 0 | E23: =IF($D$28=0,C23*2,C23+D23) -> 0 | G23: =Consolidated!$F25 -> 5.906 | H23: =Consolidated!$H$9 -> 1 | I23: =ROUND(E23*G23,4) -> 0 | J23: =ROUND(ROUND(ROUND(I23*$E$6,4)*($I$6),2)*(MAX($I$7,1)),2) -> 0 | O23: =LEFT(R23,3) -> 255 | R23: 255 ESE Level 5 (Grade Level 9-12) | T23: =IF($I$111=1,E23,0) -> 0 | V23: 1 | X23: =ROUND(T23*V23,4) -> 0 | Y23: =ROUND(ROUND(ROUND(X23*$E$6,4)*($I$6),2)*(MAX($I$7,1)),2) -> 0
A24: 130 ESOL (Grade Level PK-3) | C24: =SUMIFS('Surv2-3'!D:D,'Surv2-3'!$A:$A,$I$2,'Surv2-3'!$B:$B,$O24) -> 0 | D24: =SUMIFS('Surv2-3'!K:K,'Surv2-3'!$H:$H,$I$2,'Surv2-3'!$I:$I,$O24) -> 0 | E24: =IF($D$28=0,C24*2,C24+D24) -> 0 | G24: =Consolidated!$F26 -> 1.161 | H24: =Consolidated!$H$9 -> 1 | I24: =ROUND(E24*G24,4) -> 0 | J24: =ROUND(ROUND(ROUND(I24*$E$6,4)*($I$6),2)*(MAX($I$7,1)),2) -> 0 | O24: =LEFT(R24,3) -> 130 | R24: 130 ESOL (Grade Level PK-3) | T24: =IF($I$111=1,E24,0) -> 0 | V24: 1 | X24: =ROUND(T24*V24,4) -> 0 | Y24: =ROUND(ROUND(ROUND(X24*$E$6,4)*($I$6),2)*(MAX($I$7,1)),2) -> 0
A25: 130 ESOL (Grade Level 4-8) | C25: =SUMIFS('Surv2-3'!E:E,'Surv2-3'!$A:$A,$I$2,'Surv2-3'!$B:$B,$O25) -> 0.6 | D25: =SUMIFS('Surv2-3'!L:L,'Surv2-3'!$H:$H,$I$2,'Surv2-3'!$I:$I,$O25) -> 0.4 | E25: =IF($D$28=0,C25*2,C25+D25) -> 1 | G25: =Consolidated!$F27 -> 1.161 | H25: =Consolidated!$H$9 -> 1 | I25: =ROUND(E25*G25,4) -> 1.161 | J25: =ROUND(ROUND(ROUND(I25*$E$6,4)*($I$6),2)*(MAX($I$7,1)),2) -> 6532.7 | O25: =LEFT(R25,3) -> 130 | R25: 130 ESOL (Grade Level 4-8) | T25: =IF($I$111=1,E25,0) -> 0 | V25: 1 | X25: =ROUND(T25*V25,4) -> 0 | Y25: =ROUND(ROUND(ROUND(X25*$E$6,4)*($I$6),2)*(MAX($I$7,1)),2) -> 0
A26: 130 ESOL (Grade Level 9-12) | C26: =SUMIFS('Surv2-3'!F:F,'Surv2-3'!$A:$A,$I$2,'Surv2-3'!$B:$B,$O26) -> 0.9 | D26: =SUMIFS('Surv2-3'!M:M,'Surv2-3'!$H:$H,$I$2,'Surv2-3'!$I:$I,$O26) -> 4.85 | E26: =IF($D$28=0,C26*2,C26+D26) -> 5.75 | G26: =Consolidated!$F28 -> 1.161 | H26: =Consolidated!$H$9 -> 1 | I26: =ROUND(E26*G26,4) -> 6.6758 | J26: =ROUND(ROUND(ROUND(I26*$E$6,4)*($I$6),2)*(MAX($I$7,1)),2) -> 37563.3 | O26: =LEFT(R26,3) -> 130 | R26: 130 ESOL (Grade Level 9-12) | T26: =IF($I$111=1,E26,0) -> 0 | V26: 1 | X26: =ROUND(T26*V26,4) -> 0 | Y26: =ROUND(ROUND(ROUND(X26*$E$6,4)*($I$6),2)*(MAX($I$7,1)),2) -> 0
A27: 300 Career Education (Grades 9-12) | C27: =SUMIFS('Surv2-3'!C:C,'Surv2-3'!$A:$A,$I$2,'Surv2-3'!$B:$B,$O27) -> 0 | D27: =SUMIFS('Surv2-3'!J:J,'Surv2-3'!$H:$H,$I$2,'Surv2-3'!$I:$I,$O27) -> 0.76 | E27: =IF($D$28=0,C27*2,C27+D27) -> 0.76 | G27: =Consolidated!$F29 -> 1.09 | H27: =Consolidated!$H$9 -> 1 | I27: =ROUND(E27*G27,4) -> 0.8284 | J27: =ROUND(ROUND(ROUND(I27*$E$6,4)*($I$6),2)*(MAX($I$7,1)),2) -> 4661.23 | O27: =LEFT(R27,3) -> 300 | R27: 300 Career Education (Grades 9-12) | T27: =IF($I$111=1,E27,0) -> 0 | V27: 1 | X27: =ROUND(T27*V27,4) -> 0 | Y27: =ROUND(ROUND(ROUND(X27*$E$6,4)*($I$6),2)*(MAX($I$7,1)),2) -> 0
A28: Totals | C28: =SUM(C12:C27) -> 41.05 | D28: =SUM(D12:D27) -> 84.49 | E28: =SUM(E12:E27) -> 125.54 | I28: =SUM(I12:I27) -> 122.7896 | J28: =SUM(J12:J27) -> 690910.76 | R28: Totals | T28: =SUM(T12:T27) -> 0 | X28: =SUM(X12:X27) -> 0 | Y28: =SUM(Y12:Y27) -> 0
A29: Letters in Parentheses Refer to Notes at Bottom of Worksheet: | R29: Letters in Parentheses Refer to Notes at Bottom of Worksheet:
A30: Additional FTE | E30: Number of FTE Charter schools should contact their school district sponsor regarding eligible FTE. Please note that “Number of FTE” is NOT equivalent to number of students enrolled in these courses or programs. | J30: 2025-26 Base Funding (WFTE x BSA x CWF x SDF) | R30: Additional FTE | T30: Number of FTE Charter schools should contact their school district sponsor regarding eligible FTE. Please note that “Number of FTE” is NOT equivalent to number of students enrolled in these courses or programs. Please refer to footnote (a) below. | Y30: 2025-26 Base Funding (WFTE x BSA x CWF x SDF)
A31: Small District ESE Supplement | J31: =ROUND(ROUND(ROUND(I31*$E$6,4)*($I$6),0)*(MAX($I$7,1)),0) -> 0 | R31: Small District ESE Supplement | Y31: =J31 -> 0
A32: Total Additional FTE | G32: =SUM(I31:I31) -> 0 | H32: Additional Base Funds | J32: =SUM(J31:J31) -> 0 | R32: Total Additional FTE | V32: =SUM(T31:V31) -> 0 | W32: Additional Base Funds | Y32: =SUM(Y31:Y31) -> 0
A33: Total Funded Weighted FTE | G33: =G32+I28 -> 122.7896 | H33: Total Base Funding | J33: =SUM(J32,J28) -> 690910.76 | R33: Total Funded Weighted FTE | V33: =V32+X28 -> 0 | W33: Total Base Funding | Y33: =SUM(Y32,Y28) -> 0
A35: 1B. Classroom Teacher and Other Instructional Personnel Salary Increase Maintenance and Growth Portions of the Salary Increase funds are part of the total Conference Base Funding and are not treated as a separate allocation. Amounts are split out here for informative purposes and for the purposes of providing a total that may be used for calculating the adminstrative fee. | R35: 1B. Classroom Teacher and Other Instructional Personnel Salary Increase Maintenance and Growth Portions of the Salary Increase funds are part of the total Conference Base Funding and are not treated as a separate allocation. Amounts are split out here for informative purposes and for the purposes of providing a total that may be used for calculating the adminstrative fee.
A36: =Consolidated!B53 -> Maintenance Portion (7.14% of Conference Funding) | F36: (a) | G36: 690910.76 | H36: X | I36: =Consolidated!H53 -> 0.0714 | J36: =ROUND(G36*I36,2) -> 49331.03 | R36: =A36 -> Maintenance Portion (7.14% of Conference Funding) | V36: =Y28 -> 0 | W36: X | X36: =I36 -> 0.0714 | Y36: =ROUND(V36*X36,2) -> 0
A37: =Consolidated!B54 -> Growth Portion (1.06% of Conference Funding) | F37: (a) | G37: 690910.76 | H37: X | I37: =Consolidated!H54 -> 0.0106 | J37: =ROUND(G37*I37,2) -> 7323.65 | R37: =A37 -> Growth Portion (1.06% of Conference Funding) | V37: =Y28 -> 0 | W37: X | X37: =I37 -> 0.0106 | Y37: =ROUND(V37*X37,2) -> 0
A38: Total Salary Increase Allocation | J38: =SUM(J36:J37) -> 56654.68 | R38: Total Salary Increase Allocation | Y38: =Y36+Y37 -> 0
A40: 2. ESE Guaranteed Allocation: | C40: Oct 2025 FTE | D40: Feb 2026 FTE | E40: Total FTE | G40: Grade Level | H40: Matrix Level | I40: Guarantee Per Student | R40: 2. ESE Guaranteed Allocation: | T40: FTE | V40: Grade Level | W40: Matrix Level | X40: Guarantee Per Student
A41: Additional Funding from the ESE Guaranteed Allocation. Enter the FTE from 111,112 and 113 by grade and matrix level. Students who do not have a matrix level should be considered 251. This total should equal all FTE from programs 111, 112 and 113 above, less any 113 gifted FTE. | C41: =SUMIFS('ESE FTE'!F:F,'ESE FTE'!$A:$A,$I$2,'ESE FTE'!$E:$E,6) -> 0 | D41: =SUMIFS('ESE FTE'!G:G,'ESE FTE'!$A:$A,$I$2,'ESE FTE'!$E:$E,6) -> 0 | E41: =IF($D$50=0,C41*2,C41+D41) -> 0 | G41: PK-3 | H41: 251 | I41: =Consolidated!$H59 -> 1047 | J41: =ROUND(E41*I41,2) -> 0 | R41: Additional Funding from the ESE Guaranteed Allocation. Enter the FTE from 111,112, & 113 by grade and matrix level. Students who do not have a matrix level should be considered 251. This total should equal all FTE from programs 111, 112 & 113 above. | V41: PK-3 | W41: 251 | X41: =Consolidated!$H59 -> 1047 | Y41: =ROUND(T41*X41,2) -> 0
C42: =SUMIFS('ESE FTE'!F:F,'ESE FTE'!$A:$A,$I$2,'ESE FTE'!$E:$E,7) -> 0 | D42: =SUMIFS('ESE FTE'!G:G,'ESE FTE'!$A:$A,$I$2,'ESE FTE'!$E:$E,7) -> 0 | E42: =IF($D$50=0,C42*2,C42+D42) -> 0 | G42: PK-3 | H42: 252 | I42: =Consolidated!$H60 -> 3380 | J42: =ROUND(E42*I42,2) -> 0 | V42: PK-3 | W42: 252 | X42: =Consolidated!$H60 -> 3380 | Y42: =ROUND(T42*X42,2) -> 0
C43: =SUMIFS('ESE FTE'!F:F,'ESE FTE'!$A:$A,$I$2,'ESE FTE'!$E:$E,8) -> 0 | D43: =SUMIFS('ESE FTE'!G:G,'ESE FTE'!$A:$A,$I$2,'ESE FTE'!$E:$E,8) -> 0 | E43: =IF($D$50=0,C43*2,C43+D43) -> 0 | G43: PK-3 | H43: 253 | I43: =Consolidated!$H61 -> 6896 | J43: =ROUND(E43*I43,2) -> 0 | V43: PK-3 | W43: 253 | X43: =Consolidated!$H61 -> 6896 | Y43: =ROUND(T43*X43,2) -> 0
C44: =SUMIFS('ESE FTE'!F:F,'ESE FTE'!$A:$A,$I$2,'ESE FTE'!$E:$E,9) -> 0.5 | D44: =SUMIFS('ESE FTE'!G:G,'ESE FTE'!$A:$A,$I$2,'ESE FTE'!$E:$E,9) -> 0.48 | E44: =IF($D$50=0,C44*2,C44+D44) -> 0.98 | G44: 4-8 | H44: 251 | I44: =Consolidated!$H62 -> 1173 | J44: =ROUND(E44*I44,2) -> 1149.54 | V44: 4-8 | W44: 251 | X44: =Consolidated!$H62 -> 1173 | Y44: =ROUND(T44*X44,2) -> 0
C45: =SUMIFS('ESE FTE'!F:F,'ESE FTE'!$A:$A,$I$2,'ESE FTE'!$E:$E,10) -> 0 | D45: =SUMIFS('ESE FTE'!G:G,'ESE FTE'!$A:$A,$I$2,'ESE FTE'!$E:$E,10) -> 0 | E45: =IF($D$50=0,C45*2,C45+D45) -> 0 | G45: 4-8 | H45: 252 | I45: =Consolidated!$H63 -> 3506 | J45: =ROUND(E45*I45,2) -> 0 | V45: 4-8 | W45: 252 | X45: =Consolidated!$H63 -> 3506 | Y45: =ROUND(T45*X45,2) -> 0
C46: =SUMIFS('ESE FTE'!F:F,'ESE FTE'!$A:$A,$I$2,'ESE FTE'!$E:$E,11) -> 0 | D46: =SUMIFS('ESE FTE'!G:G,'ESE FTE'!$A:$A,$I$2,'ESE FTE'!$E:$E,11) -> 0 | E46: =IF($D$50=0,C46*2,C46+D46) -> 0 | G46: 4-8 | H46: 253 | I46: =Consolidated!$H64 -> 7023 | J46: =ROUND(E46*I46,2) -> 0 | V46: 4-8 | W46: 253 | X46: =Consolidated!$H64 -> 7023 | Y46: =ROUND(T46*X46,2) -> 0
C47: =SUMIFS('ESE FTE'!F:F,'ESE FTE'!$A:$A,$I$2,'ESE FTE'!$E:$E,12) -> 8.93 | D47: =SUMIFS('ESE FTE'!G:G,'ESE FTE'!$A:$A,$I$2,'ESE FTE'!$E:$E,12) -> 19.5 | E47: =IF($D$50=0,C47*2,C47+D47) -> 28.43 | G47: 9-12 | H47: 251 | I47: =Consolidated!$H65 -> 835 | J47: =ROUND(E47*I47,2) -> 23739.05 | V47: 9-12 | W47: 251 | X47: =Consolidated!$H65 -> 835 | Y47: =ROUND(T47*X47,2) -> 0
C48: =SUMIFS('ESE FTE'!F:F,'ESE FTE'!$A:$A,$I$2,'ESE FTE'!$E:$E,13) -> 0.5 | D48: =SUMIFS('ESE FTE'!G:G,'ESE FTE'!$A:$A,$I$2,'ESE FTE'!$E:$E,13) -> 1.1 | E48: =IF($D$50=0,C48*2,C48+D48) -> 1.6 | G48: 9-12 | H48: 252 | I48: =Consolidated!$H66 -> 3168 | J48: =ROUND(E48*I48,2) -> 5068.8 | V48: 9-12 | W48: 252 | X48: =Consolidated!$H66 -> 3168 | Y48: =ROUND(T48*X48,2) -> 0
C49: =SUMIFS('ESE FTE'!F:F,'ESE FTE'!$A:$A,$I$2,'ESE FTE'!$E:$E,14) -> 0 | D49: =SUMIFS('ESE FTE'!G:G,'ESE FTE'!$A:$A,$I$2,'ESE FTE'!$E:$E,14) -> 0 | E49: =IF($D$50=0,C49*2,C49+D49) -> 0 | G49: 9-12 | H49: 253 | I49: =Consolidated!$H67 -> 6685 | J49: =ROUND(E49*I49,2) -> 0 | V49: 9-12 | W49: 253 | X49: =Consolidated!$H67 -> 6685 | Y49: =ROUND(T49*X49,2) -> 0
A50: Total FTE with ESE Services | C50: =SUM(C41:C49) -> 9.93 | D50: =SUM(D41:D49) -> 21.08 | E50: =SUM(E41:E49) -> 31.01 | G50: Total ESE Guarantee | J50: =SUM(J41:J49) -> 29957.39 | R50: Total FTE with ESE Services | T50: =SUM(T42:T49) -> 0 | V50: Total ESE Guarantee | Y50: =SUM(Y41:Y49) -> 0
R51: 3A. Divide school's Unweighted FTE (UFTE) total computed in Section 1, cell C28 above by the district's total UFTE to obtain school's
A52: 3A. Divide school's Unweighted FTE (UFTE) total computed in Section 1, cell C28 above by the district's total UFTE to obtain school's | R52: UFTE share. Charter School UFTE: | T52: =T28 -> 0 | U52: ÷ | W52: District's Total UFTE: | X52: =I53 -> 208856.94
A53: UFTE share. Charter School UFTE: | E53: =E$28 -> 125.54 | F53: ÷ | H53: District's Total UFTE: | I53: =Consolidated!H$71 -> 208856.94 | W53: = | X53: =ROUND(T52/X52,6) -> 0
H54: = | I54: =IFERROR(ROUND(E53/I53,6),0) -> 0.000601 | R54: 3B. Divide school's Weighted FTE (WFTE) total computed in Section 1, cell E39 above by the district's total WFTE to obtain school's
A55: 3B. Divide school's Weighted FTE (WFTE) total computed in Section 1, cell E33 above by the district's total WFTE to obtain school's | R55: WFTE share. Charter School WFTE: | T55: =C56 -> 0 | U55: ÷ | W55: District's Total WFTE: | X55: =I56 -> 221542.28
A56: WFTE share. Charter School WFTE: | E56: =$I28 -> 122.7896 | F56: ÷ | H56: District's Total WFTE: | I56: =Consolidated!H$74 -> 221542.28 | W56: = | X56: =ROUND(T55/X55,6) -> 0
H57: = | I57: =IFERROR(ROUND(E56/I56,6),0) -> 0.000554 | R57: 3C. Divide school's Unweighted FTE (UFTE) total computed in Section 1, cell C28 above by the district's total non-scholarship UFTE to obtain school's
A58: 3C. Divide school's Unweighted FTE (UFTE) total computed in Section 1, cell C28 above by the district's total non-scholarship UFTE to obtain school's | R58: UFTE share. Charter School UFTE: | T58: =T28 -> 0 | U58: ÷ | V58: District's Total Non-Scholarship UFTE: | X58: =I59 -> 175905.69
A59: UFTE share. Charter School UFTE: | E59: =E$28 -> 125.54 | F59: ÷ | H59: District's Total Non-Scholarship UFTE: | I59: =Consolidated!H$77 -> 175905.69 | W59: = | X59: =ROUND(T58/X58,6) -> 0
H60: = | I60: =IFERROR(ROUND(E59/I59,6),0) -> 0.000714 | R60: 3D. Divide school's Unweighted FTE (UFTE) total computed in Section 1, cell C28 above by the district's total non-virtual UFTE to obtain school's
A61: 3D. Divide school's Unweighted FTE (UFTE) total computed in Section 1, cell C28 above by the district's total non-virtual UFTE to obtain school's | R61: UFTE share. Charter School UFTE: | T61: =T28 -> 0 | U61: ÷ | V61: District's Total Non-Virtual UFTE: | X61: =I62 -> 208541.94
A62: UFTE share. Charter School UFTE: | E62: =E$28 -> 125.54 | F62: ÷ | H62: District's Total Non-Virtual UFTE: | I62: =Consolidated!H$80 -> 208541.94 | W62: = | X62: =ROUND(T61/X61,6) -> 0
H63: = | I63: =IFERROR(ROUND(E62/I62,6),0) -> 0.000602 | R63: 3E. Divide school's Unweighted FTE (UFTE) total computed in Section 1, cell C28 above by the district's total non-scholarship and non-virtual UFTE to obtain school's
A64: 3E. Divide school's Unweighted FTE (UFTE) total computed in Section 1, cell C28 above by the district's total non-scholarship and non-virtual UFTE to obtain school's | R64: UFTE share. Charter School UFTE: | T64: =T28 -> 0 | U64: ÷ | V64: District's Total Non-Virtual and Non-Scholarship UFTE: | X64: =I65 -> 175590.69
A65: UFTE share. Charter School UFTE: | E65: =E$28 -> 125.54 | F65: ÷ | G65: District's Total Non-Scholarship Non-Virtual UFTE: | I65: =Consolidated!H$83 -> 175590.69 | W65: = | X65: =ROUND(T64/X64,6) -> 0
H66: = | I66: =IFERROR(ROUND(E65/I65,6),0) -> 0.000715
R67: 4. Educational Enrichment Share (Non-Virtual UFTE share) | V67: =G68 -> 45866714 | W67: x | X67: =X62 -> 0 | Y67: =ROUND(V67*X67,2) -> 0
A68: 4. Educational Enrichment Share (Non-Virtual UFTE share) | F68: (e) | G68: =Consolidated!F$86 -> 45866714 | H68: x | I68: =I63 -> 0.000602 | J68: =ROUND(G68*I68,2) -> 27611.76 | R68: 5. Discretionary Millage Compression Allocation
A69: 5. Discretionary Millage Compression Allocation | R69: .748 Mills | V69: =G70 -> 0 | W69: x | X69: =X53 -> 0 | Y69: =ROUND(V69*X69,2) -> 0
A70: .748 Mills (UFTE share) | F70: (b) | G70: =Consolidated!F$89 -> 0 | H70: x | I70: =I54 -> 0.000601 | J70: =ROUND(G70*I70,2) -> 0 | R70: 6. Safe Schools Allocation (Non-Virtual and Scholarship UFTE share) | V70: =G71 -> 18834423 | W70: x | X70: =X65 -> 0 | Y70: =ROUND(V70*X70,2) -> 0
A71: 6. Safe Schools Allocation (Non-Virtual and Non-Scholarship UFTE share) | F71: (f) | G71: =Consolidated!F$91 -> 18834423 | H71: x | I71: =I66 -> 0.000715 | J71: =ROUND(G71*I71,2) -> 13466.61 | R71: 7. Mental Health Assistance Allocation (Non-Scholarship UFTE share) | V71: =G72 -> 11226031 | W71: x | X71: =X59 -> 0 | Y71: =ROUND(V71*X71,2) -> 0
A72: 7. Mental Health Assistance Allocation (Non-Scholarship UFTE share) | F72: (d) | G72: =Consolidated!F$93 -> 11226031 | H72: x | I72: =I60 -> 0.000714 | J72: =ROUND(G72*I72,2) -> 8015.39 | R72: 8. Academic Acceleration Options Supplement (Value share)
A73: 8. Academic Acceleration Options Supplement (Value share) | F73: (g) | R73: Acceleration Value | T73: Acceleration Value Charter schools should contact their school district sponsor regarding eligible value. Please note that “Acceleration Value” is NOT equivalent to number of students enrolled in these courses or programs. Please refer to footnote (a) below.
A74: Acceleration Value | E74: Acceleration Value Charter schools should contact their school district sponsor regarding eligible value. Please note that “Acceleration Value” is NOT equivalent to number of students enrolled in these courses or programs. Please refer to footnote (g) below. | R74: Advanced Placement
A75: Advanced Placement | R75: International Baccalaureate
A76: International Baccalaureate | R76: Advanced International Certificate
A77: Advanced International Certificate | R77: Industry Certified Career Education
A78: Industry Certified Career Education | R78: Early High School Graduation
A79: Early High School Graduation | R79: Dual Enrollment
A80: Dual Enrollment | X80: School total value | Y80: =SUM(Y74:Y79) -> 0
I81: School total value | J81: =SUM(J75:J80) -> 0 | X81: District total value | Y81: =J82 -> 12903.05
I82: District total value | J82: =Consolidated!J$104 -> 12903.05
R83: School Academic Acceleration Option Supplement | V83: =G84 -> 58502790 | W83: x | X83: =IFERROR(ROUND(Y80/Y81,6),0) -> 0 | Y83: =ROUND(V83*X83,2) -> 0
A84: School Academic Acceleration Option Supplement | G84: =Consolidated!F$106 -> 58502790 | H84: x | I84: =IFERROR(ROUND(J81/J82,6),0) -> 0 | J84: =ROUND(G84*I84,2) -> 0 | R84: 9. ESE Guaranteed Allocation
A85: 9. Discretionary Local Effort (WFTE share) | F85: (c) | G85: =Consolidated!F$108 -> 283895192 | H85: x | I85: =I57 -> 0.000554 | J85: =ROUND(G85*I85,2) -> 157277.94 | R85: 10. Discretionary Local Effort (WFTE share) | V85: =G85 -> 283895192 | W85: x | X85: =X56 -> 0 | Y85: =ROUND(V85*X85,2) -> 0
A86: 10. Proration to Funds Available (WFTE share) | F86: (c) | G86: 0 | H86: x | I86: =I57 -> 0.000554 | J86: =ROUND(G86*I86,2) -> 0 | R86: 11. Proration to Funds Available (WFTE share) | V86: =G86 -> 0 | W86: x | X86: =X56 -> 0 | Y86: =ROUND(V86*X86,2) -> 0
A87: 11. Educational Enrollment Stabilization Program (UFTE share) | F87: (b) | G87: 0 | H87: x | I87: =I54 -> 0.000601 | J87: =ROUND(G87*I87,2) -> 0 | R87: 12. Educational Enrollment Stabilization Program (UFTE share) | V87: =G87 -> 0 | W87: x | X87: =X53 -> 0 | Y87: =ROUND(V87*X87,2) -> 0
A88: 12. Class Size Reduction Funds: | R88: 13. Class Size Reduction Funds:
B89: Weighted FTE (not including Add-On) | D89: X CWF X | G89: Allocation factors | R89: Weighted FTE (not including Add-On) | T89: X CWF X | V89: Allocation factors
A90: PK - 3 | B90: =I12+I13+I18+I21+I24 -> 0 | D90: =I6 -> 1.031 | G90: =Consolidated!F$118 -> 961.57 | H90: = | I90: =ROUND(B90*D90*G90,2) -> 0 | R90: PK - 3 | S90: =X12+X13+X18+X21+X24 -> 0 | T90: =X6 -> 1.031 | V90: =G90 -> 961.57 | W90: = | X90: =ROUND(S90*T90*V90,2) -> 0
A91: 4-8 | B91: =I14+I15+I19+I22+I25 -> 7.601 | D91: =I6 -> 1.031 | G91: =Consolidated!F$119 -> 918.1 | H91: = | I91: =ROUND(B91*D91*G91,2) -> 7194.81 | R91: 4-8 | S91: =X14+X15+X19+X22+X25 -> 0 | T91: =X6 -> 1.031 | V91: =G91 -> 918.1 | W91: = | X91: =ROUND(S91*T91*V91,2) -> 0
A92: 9-12 | B92: =I16+I17+I20+I23+I26+I27 -> 115.1886 | D92: =I6 -> 1.031 | G92: =Consolidated!F$120 -> 920.31 | H92: = | I92: =ROUND(B92*D92*G92,2) -> 109295.51 | R92: 9-12 | S92: =X16+X17+X20+X23+X26+X27 -> 0 | T92: =X6 -> 1.031 | V92: =G92 -> 920.31 | W92: = | X92: =ROUND(S92*T92*V92,2) -> 0
A93: Total * | B93: =SUM(B90:B92) -> 122.7896 | E93: Total Class Size Reduction Funds | J93: =IF(A1=75,0,I92+I91+I90) -> 116490.32 | R93: Total * | S93: =SUM(S90:S92) -> 0 | T93: Total Class Size Reduction Funds | Y93: =IF(R1=75,0,X92+X91+X90) -> 0
A94: (*Total FTE should equal total in Section 1, column (4) and should not include any additional FTE from Section 1.) | R94: (*Total FTE should equal total in Section 1, column (4) and should not include any additional FTE from Section 1.)
A95: 13. Student Transportation | F95: (h) | R95: 14. Student Transportation
C96: Oct 2025 FTE | D96: Feb 2026 FTE | E96: Average FTE | R96: Enter All Adjusted Fundable Riders | T96: =IF(I111=1,E97,0) -> 0 | W96: x | X96: =I97 -> 583 | Y96: =ROUND(X96*T96,2) -> 0
A97: Enter All Adjusted Fundable Riders | C97: 20 | D97: 40 | E97: =IF(D97>0,(C97+D97)/2,C97) -> 30 | H97: x | I97: =Consolidated!G$127 -> 583 | J97: =ROUND(I97*E97,2) -> 17490 | R97: Enter All Adjusted ESE Riders | T97: =IF(I112=1,E98,0) -> 0 | W97: x | X97: =I98 -> 1806 | Y97: =ROUND(X97*T97,2) -> 0
A98: Enter All Adjusted ESE Riders | C98: 0 | E98: =(C98+D98)/2 -> 0 | H98: x | I98: =Consolidated!G$128 -> 1806 | J98: =ROUND(I98*E98,2) -> 0
A100: 14. Federally Connected Student Supplement | F100: (i) | R100: 15. Federally Connected Student Supplement
A101: Impact Aid Student Type | D101: Number of Students | G101: Exempt Property Allocation | I101: Impact Aid Student Allocation | J101: Total | R101: Impact Aid Student Type | T101: Number of Students | V101: Exempt Property Allocation | X101: Impact Aid Student Allocation | Y101: Total
A102: Military and Indian Lands | G102: 0 | I102: 0 | J102: =ROUND((I102+G102)*E102,0) -> 0 | R102: Military and Indian Lands | T102: 0 | V102: 0 | X102: 0 | Y102: =ROUND((X102+V102)*T102,0) -> 0
A103: Civilians on Federal Lands | G103: =ROUND(G102/2,2) -> 0 | I103: 0 | J103: =ROUND((I103+G103)*E103,0) -> 0 | R103: Civilians on Federal Lands | T103: 0 | V103: =ROUND(V102/2,2) -> 0 | X103: 0 | Y103: =ROUND((X103+V103)*T103,0) -> 0
...

Sheet 0100
A1: 50 | B1: (Insert district number in cell A1, enter, then strike F9. Your district data then pulls from Calculation Detail Sheets) | R1: 50 | S1: (Insert district number in cell A1, enter, then strike F9. Your district data then pulls from Calculation Detail Sheets)
A2: Revenue Estimate Worksheet: The Learning Center High School 0100 | I2: =RIGHT(A2,4) -> 0100 | R2: =Revenue_Estimate_Worksheet_for___________Charter_School -> Revenue Estimate Worksheet: The Learning Center High School 0100
A3: Based on the 2025-26 Third Calculation Worksheet | R3: Based on the 2025-26 FEFP Second Calculation
A4: School District: | D4: Palm Beach | H4: =Consolidated!H4 -> 46266 | R4: School District: | T4: Palm Beach
A5: 1A. 2025-26 FEFP State and Local Funding | R5: 1A. 2025-26 FEFP State and Local Funding
A6: Base Student Allocation | E6: =Consolidated!$C$8 -> 5457.6 | G6: Comparable Wage Factor: | I6: =Consolidated!$H$8 -> 1.031 | R6: Base Student Allocation | T6: =E6 -> 5457.6 | V6: Comparable Wage Factor: | X6: =I6 -> 1.031
G7: Small District Factor | I7: =Consolidated!$H$9 -> 1 | V7: Small District Factor | X7: 1
J8: 2025-26 | Y8: 2025-26
C9: =Consolidated!C$11 -> Oct 2025 | D9: =Consolidated!D$11 -> Feb 2026 | G9: Program | I9: Weighted FTE | J9: Base Funding | V9: Program | X9: Weighted FTE | Y9: Base Funding
A10: Program | C10: FTE | D10: FTE | E10: Total FTE | G10: Cost Factor | I10: (2) x (3) | J10: (WFTE x BSA x CWF x SDF) | R10: Program | T10: Number of FTE | V10: Cost Factor | X10: (2) x (3) | Y10: (WFTE x BSA x CWF x SDF)
A11: (1) | E11: (2) | G11: (3) | I11: (4) | J11: (5) | R11: (1) | T11: (2) | V11: (3) | X11: (4) | Y11: (5)
A12: 101 Basic K-3 | C12: =SUMIFS('Surv2-3'!D:D,'Surv2-3'!$A:$A,$I$2,'Surv2-3'!$B:$B,$O12) -> 0 | D12: =SUMIFS('Surv2-3'!K:K,'Surv2-3'!$H:$H,$I$2,'Surv2-3'!$I:$I,$O12) -> 0 | E12: =IF($D$28=0,C12*2,C12+D12) -> 0 | G12: =Consolidated!$F14 -> 1.107 | H12: =Consolidated!$H$9 -> 1 | I12: =ROUND(E12*G12,4) -> 0 | J12: =ROUND(ROUND(ROUND(I12*$E$6,4)*($I$6),2)*(MAX($I$7,1)),2) -> 0 | O12: =LEFT(R12,3) -> 101 | R12: 101 Basic K-3 | T12: =IF($I$111=1,E12,0) -> 0 | V12: 1 | X12: =ROUND(T12*V12,4) -> 0 | Y12: =ROUND(ROUND(ROUND(X12*$E$6,4)*($I$6),2)*(MAX($I$7,1)),2) -> 0
A13: 111 Basic K-3 with ESE Services | C13: =SUMIFS('Surv2-3'!D:D,'Surv2-3'!$A:$A,$I$2,'Surv2-3'!$B:$B,$O13) -> 0 | D13: =SUMIFS('Surv2-3'!K:K,'Surv2-3'!$H:$H,$I$2,'Surv2-3'!$I:$I,$O13) -> 0 | E13: =IF($D$28=0,C13*2,C13+D13) -> 0 | G13: =Consolidated!$F15 -> 1.107 | H13: =Consolidated!$H$9 -> 1 | I13: =ROUND(E13*G13,4) -> 0 | J13: =ROUND(ROUND(ROUND(I13*$E$6,4)*($I$6),2)*(MAX($I$7,1)),2) -> 0 | O13: =LEFT(R13,3) -> 111 | R13: 111 Basic K-3 with ESE Services | T13: =IF($I$111=1,E13,0) -> 0 | V13: 1 | X13: =ROUND(T13*V13,4) -> 0 | Y13: =ROUND(ROUND(ROUND(X13*$E$6,4)*($I$6),2)*(MAX($I$7,1)),2) -> 0
A14: 102 Basic 4-8 | C14: =SUMIFS('Surv2-3'!E:E,'Surv2-3'!$A:$A,$I$2,'Surv2-3'!$B:$B,$O14) -> 0 | D14: =SUMIFS('Surv2-3'!L:L,'Surv2-3'!$H:$H,$I$2,'Surv2-3'!$I:$I,$O14) -> 0 | E14: =IF($D$28=0,C14*2,C14+D14) -> 0 | G14: =Consolidated!$F16 -> 1 | H14: =Consolidated!$H$9 -> 1 | I14: =ROUND(E14*G14,4) -> 0 | J14: =ROUND(ROUND(ROUND(I14*$E$6,4)*($I$6),2)*(MAX($I$7,1)),2) -> 0 | O14: =LEFT(R14,3) -> 102 | R14: 102 Basic 4-8 | T14: =IF($I$111=1,E14,0) -> 0 | V14: 1 | X14: =ROUND(T14*V14,4) -> 0 | Y14: =ROUND(ROUND(ROUND(X14*$E$6,4)*($I$6),2)*(MAX($I$7,1)),2) -> 0
A15: 112 Basic 4-8 with ESE Services | C15: =SUMIFS('Surv2-3'!E:E,'Surv2-3'!$A:$A,$I$2,'Surv2-3'!$B:$B,$O15) -> 0 | D15: =SUMIFS('Surv2-3'!L:L,'Surv2-3'!$H:$H,$I$2,'Surv2-3'!$I:$I,$O15) -> 0 | E15: =IF($D$28=0,C15*2,C15+D15) -> 0 | G15: =Consolidated!$F17 -> 1 | H15: =Consolidated!$H$9 -> 1 | I15: =ROUND(E15*G15,4) -> 0 | J15: =ROUND(ROUND(ROUND(I15*$E$6,4)*($I$6),2)*(MAX($I$7,1)),2) -> 0 | O15: =LEFT(R15,3) -> 112 | R15: 112 Basic 4-8 with ESE Services | T15: =IF($I$111=1,E15,0) -> 0 | V15: 1 | X15: =ROUND(T15*V15,4) -> 0 | Y15: =ROUND(ROUND(ROUND(X15*$E$6,4)*($I$6),2)*(MAX($I$7,1)),2) -> 0
A16: 103 Basic 9-12 | C16: =SUMIFS('Surv2-3'!F:F,'Surv2-3'!$A:$A,$I$2,'Surv2-3'!$B:$B,$O16) -> 0 | D16: =SUMIFS('Surv2-3'!M:M,'Surv2-3'!$H:$H,$I$2,'Surv2-3'!$I:$I,$O16) -> 0 | E16: =IF($D$28=0,C16*2,C16+D16) -> 0 | G16: =Consolidated!$F18 -> 0.965 | H16: =Consolidated!$H$9 -> 1 | I16: =ROUND(E16*G16,4) -> 0 | J16: =ROUND(ROUND(ROUND(I16*$E$6,4)*($I$6),2)*(MAX($I$7,1)),2) -> 0 | O16: =LEFT(R16,3) -> 103 | R16: 103 Basic 9-12 | T16: =IF($I$111=1,E16,0) -> 0 | V16: 1 | X16: =ROUND(T16*V16,4) -> 0 | Y16: =ROUND(ROUND(ROUND(X16*$E$6,4)*($I$6),2)*(MAX($I$7,1)),2) -> 0
A17: 113 Basic 9-12 with ESE Services | C17: =SUMIFS('Surv2-3'!F:F,'Surv2-3'!$A:$A,$I$2,'Surv2-3'!$B:$B,$O17) -> 0.5 | D17: =SUMIFS('Surv2-3'!M:M,'Surv2-3'!$H:$H,$I$2,'Surv2-3'!$I:$I,$O17) -> 0 | E17: =IF($D$28=0,C17*2,C17+D17) -> 0.5 | G17: =Consolidated!$F19 -> 0.965 | H17: =Consolidated!$H$9 -> 1 | I17: =ROUND(E17*G17,4) -> 0.4825 | J17: =ROUND(ROUND(ROUND(I17*$E$6,4)*($I$6),2)*(MAX($I$7,1)),2) -> 2714.92 | O17: =LEFT(R17,3) -> 113 | R17: 113 Basic 9-12 with ESE Services | T17: =IF($I$111=1,E17,0) -> 0.5 | V17: 1 | X17: =ROUND(T17*V17,4) -> 0.5 | Y17: =ROUND(ROUND(ROUND(X17*$E$6,4)*($I$6),2)*(MAX($I$7,1)),2) -> 2813.39
A18: 254 ESE Level 4 (Grade Level PK-3) | C18: =SUMIFS('Surv2-3'!D:D,'Surv2-3'!$A:$A,$I$2,'Surv2-3'!$B:$B,$O18) -> 0 | D18: =SUMIFS('Surv2-3'!K:K,'Surv2-3'!$H:$H,$I$2,'Surv2-3'!$I:$I,$O18) -> 0 | E18: =IF($D$28=0,C18*2,C18+D18) -> 0 | G18: =Consolidated!$F20 -> 3.515 | H18: =Consolidated!$H$9 -> 1 | I18: =ROUND(E18*G18,4) -> 0 | J18: =ROUND(ROUND(ROUND(I18*$E$6,4)*($I$6),2)*(MAX($I$7,1)),2) -> 0 | O18: =LEFT(R18,3) -> 254 | R18: 254 ESE Level 4 (Grade Level PK-3) | T18: =IF($I$111=1,E18,0) -> 0 | V18: 1 | X18: =ROUND(T18*V18,4) -> 0 | Y18: =ROUND(ROUND(ROUND(X18*$E$6,4)*($I$6),2)*(MAX($I$7,1)),2) -> 0
A19: 254 ESE Level 4 (Grade Level 4-8) | C19: =SUMIFS('Surv2-3'!E:E,'Surv2-3'!$A:$A,$I$2,'Surv2-3'!$B:$B,$O19) -> 0 | D19: =SUMIFS('Surv2-3'!L:L,'Surv2-3'!$H:$H,$I$2,'Surv2-3'!$I:$I,$O19) -> 0 | E19: =IF($D$28=0,C19*2,C19+D19) -> 0 | G19: =Consolidated!$F21 -> 3.515 | H19: =Consolidated!$H$9 -> 1 | I19: =ROUND(E19*G19,4) -> 0 | J19: =ROUND(ROUND(ROUND(I19*$E$6,4)*($I$6),2)*(MAX($I$7,1)),2) -> 0 | O19: =LEFT(R19,3) -> 254 | R19: 254 ESE Level 4 (Grade Level 4-8) | T19: =IF($I$111=1,E19,0) -> 0 | V19: 1 | X19: =ROUND(T19*V19,4) -> 0 | Y19: =ROUND(ROUND(ROUND(X19*$E$6,4)*($I$6),2)*(MAX($I$7,1)),2) -> 0
A20: 254 ESE Level 4 (Grade Level 9-12) | C20: =SUMIFS('Surv2-3'!F:F,'Surv2-3'!$A:$A,$I$2,'Surv2-3'!$B:$B,$O20) -> 10 | D20: =SUMIFS('Surv2-3'!M:M,'Surv2-3'!$H:$H,$I$2,'Surv2-3'!$I:$I,$O20) -> 9 | E20: =IF($D$28=0,C20*2,C20+D20) -> 19 | G20: =Consolidated!$F22 -> 3.515 | H20: =Consolidated!$H$9 -> 1 | I20: =ROUND(E20*G20,4) -> 66.785 | J20: =ROUND(ROUND(ROUND(I20*$E$6,4)*($I$6),2)*(MAX($I$7,1)),2) -> 375784.88 | O20: =LEFT(R20,3) -> 254 | R20: 254 ESE Level 4 (Grade Level 9-12) | T20: =IF($I$111=1,E20,0) -> 19 | V20: 1 | X20: =ROUND(T20*V20,4) -> 19 | Y20: =ROUND(ROUND(ROUND(X20*$E$6,4)*($I$6),2)*(MAX($I$7,1)),2) -> 106908.93
A21: 255 ESE Level 5 (Grade Level PK-3) | C21: =SUMIFS('Surv2-3'!D:D,'Surv2-3'!$A:$A,$I$2,'Surv2-3'!$B:$B,$O21) -> 0 | D21: =SUMIFS('Surv2-3'!K:K,'Surv2-3'!$H:$H,$I$2,'Surv2-3'!$I:$I,$O21) -> 0 | E21: =IF($D$28=0,C21*2,C21+D21) -> 0 | G21: =Consolidated!$F23 -> 5.906 | H21: =Consolidated!$H$9 -> 1 | I21: =ROUND(E21*G21,4) -> 0 | J21: =ROUND(ROUND(ROUND(I21*$E$6,4)*($I$6),2)*(MAX($I$7,1)),2) -> 0 | O21: =LEFT(R21,3) -> 255 | R21: 255 ESE Level 5 (Grade Level PK-3) | T21: =IF($I$111=1,E21,0) -> 0 | V21: 1 | X21: =ROUND(T21*V21,4) -> 0 | Y21: =ROUND(ROUND(ROUND(X21*$E$6,4)*($I$6),2)*(MAX($I$7,1)),2) -> 0
A22: 255 ESE Level 5 (Grade Level 4-8) | C22: =SUMIFS('Surv2-3'!E:E,'Surv2-3'!$A:$A,$I$2,'Surv2-3'!$B:$B,$O22) -> 0 | D22: =SUMIFS('Surv2-3'!L:L,'Surv2-3'!$H:$H,$I$2,'Surv2-3'!$I:$I,$O22) -> 0 | E22: =IF($D$28=0,C22*2,C22+D22) -> 0 | G22: =Consolidated!$F24 -> 5.906 | H22: =Consolidated!$H$9 -> 1 | I22: =ROUND(E22*G22,4) -> 0 | J22: =ROUND(ROUND(ROUND(I22*$E$6,4)*($I$6),2)*(MAX($I$7,1)),2) -> 0 | O22: =LEFT(R22,3) -> 255 | R22: 255 ESE Level 5 (Grade Level 4-8) | T22: =IF($I$111=1,E22,0) -> 0 | V22: 1 | X22: =ROUND(T22*V22,4) -> 0 | Y22: =ROUND(ROUND(ROUND(X22*$E$6,4)*($I$6),2)*(MAX($I$7,1)),2) -> 0
A23: 255 ESE Level 5 (Grade Level 9-12) | C23: =SUMIFS('Surv2-3'!F:F,'Surv2-3'!$A:$A,$I$2,'Surv2-3'!$B:$B,$O23) -> 3 | D23: =SUMIFS('Surv2-3'!M:M,'Surv2-3'!$H:$H,$I$2,'Surv2-3'!$I:$I,$O23) -> 4.5 | E23: =IF($D$28=0,C23*2,C23+D23) -> 7.5 | G23: =Consolidated!$F25 -> 5.906 | H23: =Consolidated!$H$9 -> 1 | I23: =ROUND(E23*G23,4) -> 44.295 | J23: =ROUND(ROUND(ROUND(I23*$E$6,4)*($I$6),2)*(MAX($I$7,1)),2) -> 249238.47 | O23: =LEFT(R23,3) -> 255 | R23: 255 ESE Level 5 (Grade Level 9-12) | T23: =IF($I$111=1,E23,0) -> 7.5 | V23: 1 | X23: =ROUND(T23*V23,4) -> 7.5 | Y23: =ROUND(ROUND(ROUND(X23*$E$6,4)*($I$6),2)*(MAX($I$7,1)),2) -> 42200.89
A24: 130 ESOL (Grade Level PK-3) | C24: =SUMIFS('Surv2-3'!D:D,'Surv2-3'!$A:$A,$I$2,'Surv2-3'!$B:$B,$O24) -> 0 | D24: =SUMIFS('Surv2-3'!K:K,'Surv2-3'!$H:$H,$I$2,'Surv2-3'!$I:$I,$O24) -> 0 | E24: =IF($D$28=0,C24*2,C24+D24) -> 0 | G24: =Consolidated!$F26 -> 1.161 | H24: =Consolidated!$H$9 -> 1 | I24: =ROUND(E24*G24,4) -> 0 | J24: =ROUND(ROUND(ROUND(I24*$E$6,4)*($I$6),2)*(MAX($I$7,1)),2) -> 0 | O24: =LEFT(R24,3) -> 130 | R24: 130 ESOL (Grade Level PK-3) | T24: =IF($I$111=1,E24,0) -> 0 | V24: 1 | X24: =ROUND(T24*V24,4) -> 0 | Y24: =ROUND(ROUND(ROUND(X24*$E$6,4)*($I$6),2)*(MAX($I$7,1)),2) -> 0
A25: 130 ESOL (Grade Level 4-8) | C25: =SUMIFS('Surv2-3'!E:E,'Surv2-3'!$A:$A,$I$2,'Surv2-3'!$B:$B,$O25) -> 0 | D25: =SUMIFS('Surv2-3'!L:L,'Surv2-3'!$H:$H,$I$2,'Surv2-3'!$I:$I,$O25) -> 0 | E25: =IF($D$28=0,C25*2,C25+D25) -> 0 | G25: =Consolidated!$F27 -> 1.161 | H25: =Consolidated!$H$9 -> 1 | I25: =ROUND(E25*G25,4) -> 0 | J25: =ROUND(ROUND(ROUND(I25*$E$6,4)*($I$6),2)*(MAX($I$7,1)),2) -> 0 | O25: =LEFT(R25,3) -> 130 | R25: 130 ESOL (Grade Level 4-8) | T25: =IF($I$111=1,E25,0) -> 0 | V25: 1 | X25: =ROUND(T25*V25,4) -> 0 | Y25: =ROUND(ROUND(ROUND(X25*$E$6,4)*($I$6),2)*(MAX($I$7,1)),2) -> 0
A26: 130 ESOL (Grade Level 9-12) | C26: =SUMIFS('Surv2-3'!F:F,'Surv2-3'!$A:$A,$I$2,'Surv2-3'!$B:$B,$O26) -> 0 | D26: =SUMIFS('Surv2-3'!M:M,'Surv2-3'!$H:$H,$I$2,'Surv2-3'!$I:$I,$O26) -> 0 | E26: =IF($D$28=0,C26*2,C26+D26) -> 0 | G26: =Consolidated!$F28 -> 1.161 | H26: =Consolidated!$H$9 -> 1 | I26: =ROUND(E26*G26,4) -> 0 | J26: =ROUND(ROUND(ROUND(I26*$E$6,4)*($I$6),2)*(MAX($I$7,1)),2) -> 0 | O26: =LEFT(R26,3) -> 130 | R26: 130 ESOL (Grade Level 9-12) | T26: =IF($I$111=1,E26,0) -> 0 | V26: 1 | X26: =ROUND(T26*V26,4) -> 0 | Y26: =ROUND(ROUND(ROUND(X26*$E$6,4)*($I$6),2)*(MAX($I$7,1)),2) -> 0
A27: 300 Career Education (Grades 9-12) | C27: =SUMIFS('Surv2-3'!C:C,'Surv2-3'!$A:$A,$I$2,'Surv2-3'!$B:$B,$O27) -> 0 | D27: =SUMIFS('Surv2-3'!J:J,'Surv2-3'!$H:$H,$I$2,'Surv2-3'!$I:$I,$O27) -> 0 | E27: =IF($D$28=0,C27*2,C27+D27) -> 0 | G27: =Consolidated!$F29 -> 1.09 | H27: =Consolidated!$H$9 -> 1 | I27: =ROUND(E27*G27,4) -> 0 | J27: =ROUND(ROUND(ROUND(I27*$E$6,4)*($I$6),2)*(MAX($I$7,1)),2) -> 0 | O27: =LEFT(R27,3) -> 300 | R27: 300 Career Education (Grades 9-12) | T27: =IF($I$111=1,E27,0) -> 0 | V27: 1 | X27: =ROUND(T27*V27,4) -> 0 | Y27: =ROUND(ROUND(ROUND(X27*$E$6,4)*($I$6),2)*(MAX($I$7,1)),2) -> 0
A28: Totals | C28: =SUM(C12:C27) -> 13.5 | D28: =SUM(D12:D27) -> 13.5 | E28: =SUM(E12:E27) -> 27 | I28: =SUM(I12:I27) -> 111.5625 | J28: =SUM(J12:J27) -> 627738.27 | R28: Totals | T28: =SUM(T12:T27) -> 27 | X28: =SUM(X12:X27) -> 27 | Y28: =SUM(Y12:Y27) -> 151923.21
A29: Letters in Parentheses Refer to Notes at Bottom of Worksheet: | R29: Letters in Parentheses Refer to Notes at Bottom of Worksheet:
A30: Additional FTE | E30: Number of FTE Charter schools should contact their school district sponsor regarding eligible FTE. Please note that “Number of FTE” is NOT equivalent to number of students enrolled in these courses or programs. | J30: 2025-26 Base Funding (WFTE x BSA x CWF x SDF) | R30: Additional FTE | T30: Number of FTE Charter schools should contact their school district sponsor regarding eligible FTE. Please note that “Number of FTE” is NOT equivalent to number of students enrolled in these courses or programs. Please refer to footnote (a) below. | Y30: 2025-26 Base Funding (WFTE x BSA x CWF x SDF)
A31: Small District ESE Supplement | J31: =ROUND(ROUND(ROUND(I31*$E$6,4)*($I$6),0)*(MAX($I$7,1)),0) -> 0 | R31: Small District ESE Supplement | Y31: =J31 -> 0
A32: Total Additional FTE | G32: =SUM(I31:I31) -> 0 | H32: Additional Base Funds | J32: =SUM(J31:J31) -> 0 | R32: Total Additional FTE | V32: =SUM(T31:V31) -> 0 | W32: Additional Base Funds | Y32: =SUM(Y31:Y31) -> 0
A33: Total Funded Weighted FTE | G33: =G32+I28 -> 111.5625 | H33: Total Base Funding | J33: =SUM(J32,J28) -> 627738.27 | R33: Total Funded Weighted FTE | V33: =V32+X28 -> 27 | W33: Total Base Funding | Y33: =SUM(Y32,Y28) -> 151923.21
A35: 1B. Classroom Teacher and Other Instructional Personnel Salary Increase Maintenance and Growth Portions of the Salary Increase funds are part of the total Conference Base Funding and are not treated as a separate allocation. Amounts are split out here for informative purposes and for the purposes of providing a total that may be used for calculating the adminstrative fee. | R35: 1B. Classroom Teacher and Other Instructional Personnel Salary Increase Maintenance and Growth Portions of the Salary Increase funds are part of the total Conference Base Funding and are not treated as a separate allocation. Amounts are split out here for informative purposes and for the purposes of providing a total that may be used for calculating the adminstrative fee.
A36: =Consolidated!B53 -> Maintenance Portion (7.14% of Conference Funding) | F36: (a) | G36: 627738.27 | H36: X | I36: =Consolidated!H53 -> 0.0714 | J36: =ROUND(G36*I36,2) -> 44820.51 | R36: =A36 -> Maintenance Portion (7.14% of Conference Funding) | V36: =Y28 -> 151923.21 | W36: X | X36: =I36 -> 0.0714 | Y36: =J36 -> 44820.51
A37: =Consolidated!B54 -> Growth Portion (1.06% of Conference Funding) | F37: (a) | G37: 627738.27 | H37: X | I37: =Consolidated!H54 -> 0.0106 | J37: =ROUND(G37*I37,2) -> 6654.03 | R37: =A37 -> Growth Portion (1.06% of Conference Funding) | V37: =Y28 -> 151923.21 | W37: X | X37: =I37 -> 0.0106 | Y37: =J37 -> 6654.03
A38: Total Salary Increase Allocation | J38: =SUM(J36:J37) -> 51474.54 | R38: Total Salary Increase Allocation | Y38: =Y36+Y37 -> 51474.54
A40: 2. ESE Guaranteed Allocation: | C40: Oct 2025 FTE | D40: Feb 2026 FTE | E40: Total FTE | G40: Grade Level | H40: Matrix Level | I40: Guarantee Per Student | R40: 2. ESE Guaranteed Allocation: | T40: FTE | V40: Grade Level | W40: Matrix Level | X40: Guarantee Per Student
A41: Additional Funding from the ESE Guaranteed Allocation. Enter the FTE from 111,112 and 113 by grade and matrix level. Students who do not have a matrix level should be considered 251. This total should equal all FTE from programs 111, 112 and 113 above, less any 113 gifted FTE. | C41: =SUMIFS('ESE FTE'!F:F,'ESE FTE'!$A:$A,$I$2,'ESE FTE'!$E:$E,6) -> 0 | D41: =SUMIFS('ESE FTE'!G:G,'ESE FTE'!$A:$A,$I$2,'ESE FTE'!$E:$E,6) -> 0 | E41: =IF($D$50=0,C41*2,C41+D41) -> 0 | G41: PK-3 | H41: 251 | I41: =Consolidated!$H59 -> 1047 | J41: =ROUND(E41*I41,2) -> 0 | R41: Additional Funding from the ESE Guaranteed Allocation. Enter the FTE from 111,112, & 113 by grade and matrix level. Students who do not have a matrix level should be considered 251. This total should equal all FTE from programs 111, 112 & 113 above. | V41: PK-3 | W41: 251 | X41: =Consolidated!$H59 -> 1047 | Y41: =ROUND(T41*X41,2) -> 0
C42: =SUMIFS('ESE FTE'!F:F,'ESE FTE'!$A:$A,$I$2,'ESE FTE'!$E:$E,7) -> 0 | D42: =SUMIFS('ESE FTE'!G:G,'ESE FTE'!$A:$A,$I$2,'ESE FTE'!$E:$E,7) -> 0 | E42: =IF($D$50=0,C42*2,C42+D42) -> 0 | G42: PK-3 | H42: 252 | I42: =Consolidated!$H60 -> 3380 | J42: =ROUND(E42*I42,2) -> 0 | V42: PK-3 | W42: 252 | X42: =Consolidated!$H60 -> 3380 | Y42: =ROUND(T42*X42,2) -> 0
C43: =SUMIFS('ESE FTE'!F:F,'ESE FTE'!$A:$A,$I$2,'ESE FTE'!$E:$E,8) -> 0 | D43: =SUMIFS('ESE FTE'!G:G,'ESE FTE'!$A:$A,$I$2,'ESE FTE'!$E:$E,8) -> 0 | E43: =IF($D$50=0,C43*2,C43+D43) -> 0 | G43: PK-3 | H43: 253 | I43: =Consolidated!$H61 -> 6896 | J43: =ROUND(E43*I43,2) -> 0 | V43: PK-3 | W43: 253 | X43: =Consolidated!$H61 -> 6896 | Y43: =ROUND(T43*X43,2) -> 0
C44: =SUMIFS('ESE FTE'!F:F,'ESE FTE'!$A:$A,$I$2,'ESE FTE'!$E:$E,9) -> 0 | D44: =SUMIFS('ESE FTE'!G:G,'ESE FTE'!$A:$A,$I$2,'ESE FTE'!$E:$E,9) -> 0 | E44: =IF($D$50=0,C44*2,C44+D44) -> 0 | G44: 4-8 | H44: 251 | I44: =Consolidated!$H62 -> 1173 | J44: =ROUND(E44*I44,2) -> 0 | V44: 4-8 | W44: 251 | X44: =Consolidated!$H62 -> 1173 | Y44: =ROUND(T44*X44,2) -> 0
C45: =SUMIFS('ESE FTE'!F:F,'ESE FTE'!$A:$A,$I$2,'ESE FTE'!$E:$E,10) -> 0 | D45: =SUMIFS('ESE FTE'!G:G,'ESE FTE'!$A:$A,$I$2,'ESE FTE'!$E:$E,10) -> 0 | E45: =IF($D$50=0,C45*2,C45+D45) -> 0 | G45: 4-8 | H45: 252 | I45: =Consolidated!$H63 -> 3506 | J45: =ROUND(E45*I45,2) -> 0 | V45: 4-8 | W45: 252 | X45: =Consolidated!$H63 -> 3506 | Y45: =ROUND(T45*X45,2) -> 0
C46: =SUMIFS('ESE FTE'!F:F,'ESE FTE'!$A:$A,$I$2,'ESE FTE'!$E:$E,11) -> 0 | D46: =SUMIFS('ESE FTE'!G:G,'ESE FTE'!$A:$A,$I$2,'ESE FTE'!$E:$E,11) -> 0 | E46: =IF($D$50=0,C46*2,C46+D46) -> 0 | G46: 4-8 | H46: 253 | I46: =Consolidated!$H64 -> 7023 | J46: =ROUND(E46*I46,2) -> 0 | V46: 4-8 | W46: 253 | X46: =Consolidated!$H64 -> 7023 | Y46: =ROUND(T46*X46,2) -> 0
C47: =SUMIFS('ESE FTE'!F:F,'ESE FTE'!$A:$A,$I$2,'ESE FTE'!$E:$E,12) -> 0.5 | D47: =SUMIFS('ESE FTE'!G:G,'ESE FTE'!$A:$A,$I$2,'ESE FTE'!$E:$E,12) -> 0 | E47: =IF($D$50=0,C47*2,C47+D47) -> 1 | G47: 9-12 | H47: 251 | I47: =Consolidated!$H65 -> 835 | J47: =ROUND(E47*I47,2) -> 835 | V47: 9-12 | W47: 251 | X47: =Consolidated!$H65 -> 835 | Y47: =ROUND(T47*X47,2) -> 0
C48: =SUMIFS('ESE FTE'!F:F,'ESE FTE'!$A:$A,$I$2,'ESE FTE'!$E:$E,13) -> 0 | D48: =SUMIFS('ESE FTE'!G:G,'ESE FTE'!$A:$A,$I$2,'ESE FTE'!$E:$E,13) -> 0 | E48: =IF($D$50=0,C48*2,C48+D48) -> 0 | G48: 9-12 | H48: 252 | I48: =Consolidated!$H66 -> 3168 | J48: =ROUND(E48*I48,2) -> 0 | V48: 9-12 | W48: 252 | X48: =Consolidated!$H66 -> 3168 | Y48: =ROUND(T48*X48,2) -> 0
C49: =SUMIFS('ESE FTE'!F:F,'ESE FTE'!$A:$A,$I$2,'ESE FTE'!$E:$E,14) -> 0 | D49: =SUMIFS('ESE FTE'!G:G,'ESE FTE'!$A:$A,$I$2,'ESE FTE'!$E:$E,14) -> 0 | E49: =IF($D$50=0,C49*2,C49+D49) -> 0 | G49: 9-12 | H49: 253 | I49: =Consolidated!$H67 -> 6685 | J49: =ROUND(E49*I49,2) -> 0 | V49: 9-12 | W49: 253 | X49: =Consolidated!$H67 -> 6685 | Y49: =ROUND(T49*X49,2) -> 0
A50: Total FTE with ESE Services | C50: =SUM(C41:C49) -> 0.5 | D50: =SUM(D41:D49) -> 0 | E50: =SUM(E41:E49) -> 1 | G50: Total ESE Guarantee | J50: =SUM(J41:J49) -> 835 | R50: Total FTE with ESE Services | T50: =SUM(T42:T49) -> 0 | V50: Total ESE Guarantee | Y50: =SUM(Y41:Y49) -> 0
R51: 3A. Divide school's Unweighted FTE (UFTE) total computed in Section 1, cell C28 above by the district's total UFTE to obtain school's
A52: 3A. Divide school's Unweighted FTE (UFTE) total computed in Section 1, cell C28 above by the district's total UFTE to obtain school's | R52: UFTE share. Charter School UFTE: | T52: =T28 -> 27 | U52: ÷ | W52: District's Total UFTE: | X52: =I53 -> 208856.94
A53: UFTE share. Charter School UFTE: | E53: =E$28 -> 27 | H53: District's Total UFTE: | I53: =Consolidated!H$71 -> 208856.94 | W53: = | X53: =ROUND(T52/X52,6) -> 0.000129
H54: = | I54: =IFERROR(ROUND(E53/I53,6),0) -> 0.000129 | R54: 3B. Divide school's Weighted FTE (WFTE) total computed in Section 1, cell E39 above by the district's total WFTE to obtain school's
A55: 3B. Divide school's Weighted FTE (WFTE) total computed in Section 1, cell E33 above by the district's total WFTE to obtain school's | R55: WFTE share. Charter School WFTE: | T55: =X28 -> 27 | U55: ÷ | W55: District's Total WFTE: | X55: =I56 -> 221542.28
A56: WFTE share. Charter School WFTE: | E56: =$I28 -> 111.5625 | H56: District's Total WFTE: | I56: =Consolidated!H$74 -> 221542.28 | W56: = | X56: =ROUND(T55/X55,6) -> 0.000122
H57: = | I57: =IFERROR(ROUND(E56/I56,6),0) -> 0.000504 | R57: 3C. Divide school's Unweighted FTE (UFTE) total computed in Section 1, cell C28 above by the district's total non-scholarship UFTE to obtain school's
A58: 3C. Divide school's Unweighted FTE (UFTE) total computed in Section 1, cell C28 above by the district's total non-scholarship UFTE to obtain school's | R58: UFTE share. Charter School UFTE: | T58: =T28 -> 27 | U58: ÷ | V58: District's Total Non-Scholarship UFTE: | X58: =I59 -> 175905.69
A59: UFTE share. Charter School UFTE: | E59: =E$28 -> 27 | F59: ÷ | H59: District's Total Non-Scholarship UFTE: | I59: =Consolidated!H$77 -> 175905.69 | W59: = | X59: =ROUND(T58/X58,6) -> 0.000153
H60: = | I60: =IFERROR(ROUND(E59/I59,6),0) -> 0.000153 | R60: 3D. Divide school's Unweighted FTE (UFTE) total computed in Section 1, cell C28 above by the district's total non-virtual UFTE to obtain school's
A61: 3D. Divide school's Unweighted FTE (UFTE) total computed in Section 1, cell C28 above by the district's total non-virtual UFTE to obtain school's | R61: UFTE share. Charter School UFTE: | T61: =T28 -> 27 | U61: ÷ | V61: District's Total Non-Virtual UFTE: | X61: =I62 -> 208541.94
A62: UFTE share. Charter School UFTE: | E62: =E$28 -> 27 | F62: ÷ | H62: District's Total Non-Virtual UFTE: | I62: =Consolidated!H$80 -> 208541.94 | W62: = | X62: =ROUND(T61/X61,6) -> 0.000129
H63: = | I63: =IFERROR(ROUND(E62/I62,6),0) -> 0.000129 | R63: 3E. Divide school's Unweighted FTE (UFTE) total computed in Section 1, cell C28 above by the district's total non-scholarship and non-virtual UFTE to obtain school's
A64: 3E. Divide school's Unweighted FTE (UFTE) total computed in Section 1, cell C28 above by the district's total non-scholarship and non-virtual UFTE to obtain school's | R64: UFTE share. Charter School UFTE: | T64: =T28 -> 27 | U64: ÷ | V64: District's Total Non-Virtual and Non-Scholarship UFTE: | X64: =I65 -> 175590.69
A65: UFTE share. Charter School UFTE: | E65: =E$28 -> 27 | F65: ÷ | G65: District's Total Non-Scholarship Non-Virtual UFTE: | I65: =Consolidated!H$83 -> 175590.69 | W65: = | X65: =ROUND(T64/X64,6) -> 0.000154
H66: = | I66: =IFERROR(ROUND(E65/I65,6),0) -> 0.000154
R67: 4. Educational Enrichment Share (Non-Virtual UFTE share) | V67: =G68 -> 45866714 | W67: x | X67: =X62 -> 0.000129 | Y67: =ROUND(V67*X67,2) -> 5916.81
A68: 4. Educational Enrichment Share (Non-Virtual UFTE share) | F68: (e) | G68: =Consolidated!F$86 -> 45866714 | H68: x | I68: =I63 -> 0.000129 | J68: =ROUND(G68*I68,2) -> 5916.81 | R68: 5. Discretionary Millage Compression Allocation
A69: 5. Discretionary Millage Compression Allocation | R69: .748 Mills | V69: =G70 -> 0 | W69: x | X69: =X53 -> 0.000129 | Y69: =ROUND(V69*X69,2) -> 0
A70: .748 Mills (UFTE share) | F70: (b) | G70: =Consolidated!F$89 -> 0 | H70: x | I70: =I54 -> 0.000129 | J70: =ROUND(G70*I70,2) -> 0 | R70: 6. Safe Schools Allocation (Non-Virtual and Scholarship UFTE share) | V70: =G71 -> 18834423 | W70: x | X70: =X65 -> 0.000154 | Y70: =ROUND(V70*X70,2) -> 2900.5
A71: 6. Safe Schools Allocation (Non-Virtual and Non-Scholarship UFTE share) | F71: (f) | G71: =Consolidated!F$91 -> 18834423 | H71: x | I71: =I66 -> 0.000154 | J71: =ROUND(G71*I71,2) -> 2900.5 | R71: 7. Mental Health Assistance Allocation (Non-Scholarship UFTE share) | V71: =G72 -> 11226031 | W71: x | X71: =X59 -> 0.000153 | Y71: =ROUND(V71*X71,2) -> 1717.58
A72: 7. Mental Health Assistance Allocation (Non-Scholarship UFTE share) | F72: (d) | G72: =Consolidated!F$93 -> 11226031 | H72: x | I72: =I60 -> 0.000153 | J72: =ROUND(G72*I72,2) -> 1717.58 | R72: 8. Academic Acceleration Options Supplement (Value share)
A73: 8. Academic Acceleration Options Supplement (Value share) | F73: (g) | R73: Acceleration Value | T73: Acceleration Value Charter schools should contact their school district sponsor regarding eligible value. Please note that “Acceleration Value” is NOT equivalent to number of students enrolled in these courses or programs. Please refer to footnote (a) below.
A74: Acceleration Value | E74: Acceleration Value Charter schools should contact their school district sponsor regarding eligible value. Please note that “Acceleration Value” is NOT equivalent to number of students enrolled in these courses or programs. Please refer to footnote (g) below. | R74: Advanced Placement
A75: Advanced Placement | R75: International Baccalaureate
A76: International Baccalaureate | R76: Advanced International Certificate
A77: Advanced International Certificate | R77: Industry Certified Career Education
A78: Industry Certified Career Education | R78: Early High School Graduation
A79: Early High School Graduation | R79: Dual Enrollment
A80: Dual Enrollment | X80: School total value | Y80: =SUM(Y74:Y79) -> 0
I81: School total value | J81: =SUM(J75:J80) -> 0 | X81: District total value | Y81: =J82 -> 12903.05
I82: District total value | J82: =Consolidated!J$104 -> 12903.05
R83: School Academic Acceleration Option Supplement | V83: =G84 -> 58502790 | W83: x | X83: =IFERROR(ROUND(Y80/Y81,6),0) -> 0 | Y83: =ROUND(V83*X83,2) -> 0
A84: School Academic Acceleration Option Supplement | G84: =Consolidated!F$106 -> 58502790 | H84: x | I84: =IFERROR(ROUND(J81/J82,6),0) -> 0 | J84: =ROUND(G84*I84,2) -> 0 | R84: 9. ESE Guaranteed Allocation
A85: 9. Discretionary Local Effort (WFTE share) | F85: (c) | G85: =Consolidated!F$108 -> 283895192 | H85: x | I85: =I57 -> 0.000504 | J85: =ROUND(G85*I85,2) -> 143083.18 | R85: 10. Discretionary Local Effort (WFTE share) | V85: =G85 -> 283895192 | W85: x | X85: =X56 -> 0.000122 | Y85: =ROUND(V85*X85,2) -> 34635.21
A86: 10. Proration to Funds Available (WFTE share) | F86: (c) | G86: 0 | H86: x | I86: =I57 -> 0.000504 | J86: =ROUND(G86*I86,2) -> 0 | R86: 11. Proration to Funds Available (WFTE share) | V86: =G86 -> 0 | W86: x | X86: =X56 -> 0.000122 | Y86: =ROUND(V86*X86,2) -> 0
A87: 11. Educational Enrollment Stabilization Program (UFTE share) | F87: (b) | G87: 0 | H87: x | I87: =I54 -> 0.000129 | J87: =ROUND(G87*I87,2) -> 0 | R87: 12. Educational Enrollment Stabilization Program (UFTE share) | V87: =G87 -> 0 | W87: x | X87: =X53 -> 0.000129 | Y87: =ROUND(V87*X87,2) -> 0
A88: 12. Class Size Reduction Funds: | R88: 13. Class Size Reduction Funds:
B89: Weighted FTE (not including Add-On) | D89: X CWF X | G89: Allocation factors | R89: Weighted FTE (not including Add-On) | T89: X CWF X | V89: Allocation factors
A90: PK - 3 | B90: =I12+I13+I18+I21+I24 -> 0 | D90: =I6 -> 1.031 | G90: =Consolidated!F$118 -> 961.57 | H90: = | I90: =ROUND(B90*D90*G90,2) -> 0 | R90: PK - 3 | S90: =X12+X13+X18+X21+X24 -> 0 | T90: =X6 -> 1.031 | V90: =G90 -> 961.57 | W90: = | X90: =ROUND(S90*T90*V90,2) -> 0
A91: 4-8 | B91: =I14+I15+I19+I22+I25 -> 0 | D91: =I6 -> 1.031 | G91: =Consolidated!F$119 -> 918.1 | H91: = | I91: =ROUND(B91*D91*G91,2) -> 0 | R91: 4-8 | S91: =X14+X15+X19+X22+X25 -> 0 | T91: =X6 -> 1.031 | V91: =G91 -> 918.1 | W91: = | X91: =ROUND(S91*T91*V91,2) -> 0
A92: 9-12 | B92: =I16+I17+I20+I23+I26+I27 -> 111.5625 | D92: =I6 -> 1.031 | G92: =Consolidated!F$120 -> 920.31 | H92: = | I92: =ROUND(B92*D92*G92,2) -> 105854.92 | R92: 9-12 | S92: =X16+X17+X20+X23+X26+X27 -> 27 | T92: =X6 -> 1.031 | V92: =G92 -> 920.31 | W92: = | X92: =ROUND(S92*T92*V92,2) -> 25618.67
A93: Total * | B93: =SUM(B90:B92) -> 111.5625 | E93: Total Class Size Reduction Funds | J93: =IF(A1=75,0,I92+I91+I90) -> 105854.92 | R93: Total * | S93: =SUM(S90:S92) -> 27 | T93: Total Class Size Reduction Funds | Y93: =IF(R1=75,0,X92+X91+X90) -> 25618.67
A94: (*Total FTE should equal total in Section 1, column (4) and should not include any additional FTE from Section 1.) | R94: (*Total FTE should equal total in Section 1, column (4) and should not include any additional FTE from Section 1.)
A95: 13. Student Transportation | F95: (h) | R95: 14. Student Transportation
C96: Oct 2025 FTE | D96: Feb 2026 FTE | E96: Average FTE | R96: Enter All Adjusted Fundable Riders | T96: =IF(I111=1,E97,0) -> 0 | W96: x | X96: =I97 -> 583 | Y96: =ROUND(X96*T96,2) -> 0
A97: Enter All Adjusted Fundable Riders | C97: 0 | D97: 0 | E97: =IF(D97>0,(C97+D97)/2,C97) -> 0 | H97: x | I97: =Consolidated!G$127 -> 583 | J97: =ROUND(I97*E97,2) -> 0 | R97: Enter All Adjusted ESE Riders | T97: =IF(I112=1,E98,0) -> 0 | W97: x | X97: =I98 -> 1806 | Y97: =ROUND(X97*T97,2) -> 0
A98: Enter All Adjusted ESE Riders | C98: 0 | E98: =(C98+D98)/2 -> 0 | H98: x | I98: =Consolidated!G$128 -> 1806 | J98: =ROUND(I98*E98,2) -> 0
A100: 14. Federally Connected Student Supplement | F100: (i) | R100: 15. Federally Connected Student Supplement
A101: Impact Aid Student Type | D101: Number of Students | G101: Exempt Property Allocation | I101: Impact Aid Student Allocation | J101: Total | R101: Impact Aid Student Type | T101: Number of Students | V101: Exempt Property Allocation | X101: Impact Aid Student Allocation | Y101: Total
A102: Military and Indian Lands | G102: 0 | I102: 0 | J102: =ROUND((I102+G102)*E102,0) -> 0 | R102: Military and Indian Lands | T102: 0 | V102: 0 | X102: 0 | Y102: =ROUND((X102+V102)*T102,0) -> 0
A103: Civilians on Federal Lands | G103: =ROUND(G102/2,2) -> 0 | I103: 0 | J103: =ROUND((I103+G103)*E103,0) -> 0 | R103: Civilians on Federal Lands | T103: 0 | V103: =ROUND(V102/2,2) -> 0 | X103: 0 | Y103: =ROUND((X103+V103)*T103,0) -> 0
...

Sheet 1461
A1: 50 | B1: (Insert district number in cell A1, enter, then strike F9. Your district data then pulls from Calculation Detail Sheets) | R1: 50 | S1: (Insert district number in cell A1, enter, then strike F9. Your district data then pulls from Calculation Detail Sheets)
A2: Revenue Estimate Worksheet: Inlet Grove Community High School - 1461 | I2: =RIGHT(A2,4) -> 1461 | R2: =Revenue_Estimate_Worksheet_for___________Charter_School -> Revenue Estimate Worksheet: Inlet Grove Community High School - 1461
A3: Based on the 2025-26 Third Calculation Worksheet | R3: Based on the 2025-26 FEFP Second Calculation
A4: School District: | D4: Palm Beach | H4: =Consolidated!H4 -> 46266 | R4: School District: | T4: Palm Beach
A5: 1A. 2025-26 FEFP State and Local Funding | R5: 1A. 2025-26 FEFP State and Local Funding
A6: Base Student Allocation | E6: =Consolidated!$C$8 -> 5457.6 | G6: Comparable Wage Factor: | I6: =Consolidated!$H$8 -> 1.031 | R6: Base Student Allocation | T6: =E6 -> 5457.6 | V6: Comparable Wage Factor: | X6: =I6 -> 1.031
G7: Small District Factor | I7: =Consolidated!$H$9 -> 1 | V7: Small District Factor | X7: 1
J8: 2025-26 | Y8: 2025-26
C9: =Consolidated!C$11 -> Oct 2025 | D9: =Consolidated!D$11 -> Feb 2026 | G9: Program | I9: Weighted FTE | J9: Base Funding | V9: Program | X9: Weighted FTE | Y9: Base Funding
A10: Program | C10: FTE | D10: FTE | E10: Total FTE | G10: Cost Factor | I10: (2) x (3) | J10: (WFTE x BSA x CWF x SDF) | R10: Program | T10: Number of FTE | V10: Cost Factor | X10: (2) x (3) | Y10: (WFTE x BSA x CWF x SDF)
A11: (1) | E11: (2) | G11: (3) | I11: (4) | J11: (5) | R11: (1) | T11: (2) | V11: (3) | X11: (4) | Y11: (5)
